Workbook
Name _AFC1: #REF!
Name _AFC3: #REF!
Name _AFC5: #REF!
Name _BGC1: #REF!
Name _BGC3: #REF!
Name _BGC5: #REF!
Name _CAC1: #REF!
Name _CAC3: #REF!
Name _CAC5: #REF!
Name _Cod1: #REF!
Name _Cod1: #REF!
Name _Cod1: #REF!
Name _Cod1: #REF!
Name _Cod1: #REF!
Name _Cod1: #REF!
Name _Cod1: #REF!
Name _Cod1: #REF!
Name _Cod1: #REF!
Name _Cod1: #REF!
Name _Cod1: #REF!
Name _Cod1: #REF!
Name _Cod1: #REF!
Name _Cod1: #REF!
Name _Cod1: #REF!
Name _Cod1: #REF!
Name _Cod1: #REF!
Name _Cod1: #REF!
Name _Cod1: #REF!
Name _Cod1: #REF!
Name _Cod1: #REF!
Name _Cod1: #REF!
Name _Cod1: #REF!
Name _MA2: #REF!
Name _MA2: #REF!
Name _MA2: #REF!
Name _MA2: #REF!
Name _MA2: #REF!
Name _MA2: #REF!
Name _MA2: #REF!
Name _MA2: #REF!
Name _MA2: #REF!
Name _MA2: #REF!
Name _MA2: #REF!
Name _MA2: #REF!
Name _MA2: #REF!
Name _MA2: #REF!
Name _MA2: #REF!
Name _MA2: #REF!
Name _MA2: #REF!
Name _MA2: #REF!
Name _MA2: #REF!
Name _MA2: #REF!
Name _MA2: #REF!
Name _MA2: #REF!
Name _MA2: #REF!
Name _Pa1: #REF!
Name _Pa2: #REF!
Name _Pa3: #REF!
Name _Pa4: #REF!
Name _SBC1: #REF!

Sheet Instructivo
F1: Sistema de Gestión Integral (SGI) Instructivo - Componente Financiero EP Código: F-PGC-21. Versión: 05
F2: Hoja "Instructivo"
A5: Color | B5: Hoja | D5: Color | E5: Celda
A6: Gris | B6: Informativa | D6: Azul | E6: Protegida
A7: Vinotinto | B7: Formatos
A8: Morado | B8: Variables
A10: Para un mejor diligenciamiento de los formatos y uso de las variables y hojas informativas que se encuentran en este libro, se recomienda, antes de empezar a diligenciar, leer el instructivo, que se encuentra consignado en la presente hoja, igualmente, cada hoja contiene un número significativo de comentarios, los cuales, pretenden ayudar al diligenciamiento, se recomienda leerlos y aplicarlos de manera atenta. En caso de requerir apoyo, favor comunicarse con el asesor(a) financiero(a) asignado para el proceso.
A12: HOJAS INFORMATIVAS
A13: Nombre | D13: Descripción
A14: Cuantías de contratación (por pluralidad de oferentes) | D14: En la hoja se encuentran los valores establecidos anualmente, para identificar dentro de la contratación por pluralidad de oferentes, de acuerdo al valor del presupuesto, si se clasifica dentro de una mínima cuantía, menor cuantía o licitación pública, en los casos que aplique.
A15: Documentos de apoyo | D15: En la hoja se encuentran listas enunciativas de documentos de apoyo, que pueden presentar interés, al igual, que guíar el accionar en el ámbito general de la contratación pública y específico de la asesoría financiera a la misma. Se deberá considerar que las listas no son exhaustivas, es decir, no contemplan todos los documentos de cada categoría, al igual, que depende de la actualización constante de la Subdirección Administrativa y Financiera.
A16: Impuestos y garantías | D16: En la hoja se encuentra una lista enunciativa de los impuestos y las garantías en los que puede incurrir el ejecutor, las cuales dependen de la especificidad del proceso. La lista es de carácter informativa en caso que se emitan consultas al respecto.
A17: Información anticipos y pagos anticipados | D17: En la hoja se encuentra una corta explicación sobre la consideración normativa de los anticipos y pagos anticipados, que tiene como objeto orientar respecto a este tema de frecuente consulta e inquietud; tema sobre el cual, se requiere tener claridad para la estipulación de la ejecución física y financiera de los procesos.
A18: Información procesos de obra pública y capacidad residual (K) | D18: En la hoja se encuentra una corta explicación sobre los procesos de obra, y el cálculo de la capacidad residual (K) en los casos que se requiera, que tiene como objeto suministrar información de interés general respecto a este tema de frecuente consulta e inquietud; tener en cuenta que este tema es de competencia tanto jurídica como técnica y financiera.
A19: Información IVA | D19: En la hoja se encuentra una corta explicación sobre las consideraciones respecto al IVA, que tiene como objeto orientar respecto a este tema de frecuente consulta e inquietud.
A20: Notas propuesta económica | D20: En la hoja se encuentra una lista enunciativa de notas, las cuales deberán ser elegidas de acuerdo a la especificidad del proceso contractual, con el fin de incluirlas en el formato de propuesta económica. Las notas tienen como objeto orientar a los oferentes en el diligenciamiento de dicho formato.
A21: Requisitos habilitantes capacidad financiera y organizacional | D21: En la hoja se encuentran los requisitos de capacidad financiera y organizacional vigentes
A23: FORMATOS (PARA DILIGENCIAR) | I23: DILIGENCIAR EN CASO DE:
A24: Nombre | D24: Descripción | I24: Contratos por contratación directa | J24: Contratos por pluralidad de oferentes | K24: Convenios
A25: DILIGENCIAR PARA EVALUACIÓN POR PARTE DEL COMITÉ DE CONTRATACIÓN (Asesor técnico)
A26: Se recomienda que el asesor técnico para la planeación financiera del proceso contractual, empiece con el diligenciamiento paralelo de la memoria de cálculo con su debido estudio de mercado, para seguir con la estipulación de los gastos de administración, si aplican. En un segundo momento, se recomienda diligenciar, el presupuesto de acuerdo a la modalidad del proceso, y el plan de ejecución física y de inversiones. El técnico podrá anexar al presente libro las hojas que considere necesarias con el fin de suportar la estimación de los valores. NOTA: Se recomienda iniciar escribiendo en el formato del Plan de ejecución los datos básicos de modalidad de contratación y objeto a contratar, ya que está información alimenta a las demás hojas.
A27: Plan de ejecución física y de inversiones | D27: Diligenciar la programación física y financiera del proceso, tanto en la étapa inicial, como en el caso de solicitud de Otrosí de adición de recursos o prórroga, o cuando el Otrosí de modificación implique cambios en el presupuesto. | I27: X | J27: X | K27: X
A28: Plan de ejecución física y de inversiones - Prestación de Servicios Personales | D28: Diligenciar exclusivamente para los contratos de Prestación de Servicios Personales que suscribe la Corporación con una persona natural. Este formato simplificado permite la programación física y financiera del proceso, tanto en la étapa inicial, como en el caso de solicitud de Otrosí de adición de recursos o prórroga, o cuando el Otrosí de modificación implique cambios en el presupuesto. | I28: X
A29: Presupuesto - Modalidad contrato | D29: Diligenciar en caso que el proceso se tipifique dentro de las modalidades de contratos. El presupuesto es un documento donde se plasman los recursos económicos requeridos para llevar a cabo de manera exitosa el proceso contractual. | I29: X | J29: X
A30: Presupuesto - Modalidad contrato - Prestación de Servicios Personales | D30: Diligenciar exclusivamente para los contratos de Prestación de Servicios Personales que suscribe la Corporación con una persona natural. En este formato simplificado se plasma el presupuesto, donde se relacionan los recursos económicos requeridos para llevar a cabo de manera exitosa el proceso contractual. | I30: X
A31: Presupuesto - Modalidad convenio | D31: Diligenciar en caso que el proceso se tipifique dentro de las modalidades de convenios. El presupuesto es un documento donde se plasman los recursos económicos requeridos para llevar a cabo de manera exitosa el proceso contractual. | K31: X
A32: Memoria de cálculo - Opción 1 | D32: Diligenciar de acuerdo a las características del proceso, alcance y/o actividad. La memoria de cálculo es un documento descriptivo donde se refleja de manera exhaustiva y detallada, todos y cada uno de los elementos que intervienen en el proceso, alcance y/o actividad que se está valorando. Esta memoria de cálculo es útil para la compra de productos terminados, bienes con características homogéneas, o bienes y servicios que se valoren a todo costo, entre otras opciones, por ejemplo: compra de equipos o insumos. Nota: Tener en cuenta que para valorar una variable o ítem se utiliza una sola memoria de cálculo y no las tres opciones, por ejemplo, si se quiere valorar la adquisición de 1 equipo de cómputo, dicha adquisición se deja consignada en solo una de las memorias de cálculo, no se tiene que utilizar las tres opciones para este mismo ítem. | I32: Se seleccionará el formato de memoria de cálculo que mejor se adapte a las características del proceso, alcance y/o actividad a valorar.
A33: Memoria de cálculo - Opción 2 | D33: Diligenciar de acuerdo a las características del proceso, alcance y/o actividad. La memoria de cálculo es un documento descriptivo donde se refleja de manera exhaustiva y detallada, todos y cada uno de los elementos que intervienen en el proceso, alcance y/o actividad que se está valorando. Esta memoria de cálculo es útil para los procesos de obra. Nota: Tener en cuenta que para valorar una variable o ítem se utiliza una sola memoria de cálculo y no las tres opciones, por ejemplo, si se quiere valorar la adquisición de 1 equipo de cómputo, dicha adquisición se deja consignada en solo una de las memorias de cálculo, no se tiene que utilizar las tres opciones para este mismo ítem. | I33: Se seleccionará el formato de memoria de cálculo que mejor se adapte a las características del proceso, alcance y/o actividad a valorar.
A34: Memoria de cálculo - Opción 3 | D34: Diligenciar de acuerdo a las características del proceso, alcance y/o actividad. La memoria de cálculo es un documento descriptivo donde se refleja de manera exhaustiva y detallada, todos y cada uno de los elementos que intervienen en el proceso, alcance y/o actividad que se está valorando. Esta memoria de cálculo es útil para procesos que requieran detallar todos los elementos del costo, por ejemplo, realización de talleres, donde se debe considerar los materiales, los refrigerios, alquiler de equipos, entre otros. Nota: Tener en cuenta que para valorar una variable o ítem se utiliza una sola memoria de cálculo y no las tres opciones, por ejemplo, si se quiere valorar la adquisición de 1 equipo de cómputo, dicha adquisición se deja consignada en solo una de las memorias de cálculo, no se tiene que utilizar las tres opciones para este mismo ítem. | I34: Se seleccionará el formato de memoria de cálculo que mejor se adapte a las características del proceso, alcance y/o actividad a valorar.
A35: Estudio de mercado | D35: Un estudio de mercado es el proceso mediante el cual, se recoge y análiza información que sirve para identificar las características, valores y condiciones del bien o servicio a adquirir, con el fin de obtenerlos acuerdo a las estipulaciones del mercado, bajo el principio de plena competencia. En la corporación el estudio de mercado se realiza mediante la identificación de valores por medio de cotizaciones debidamente radicadas, valores históricos de los bienes y servicios de interés, recolección de información de sitios de internet soportados con los debidos pantallazos, y demás información de diferentes fuentes con sus correspondientes medios de verificación. El estudio de mercado no se puede confundir con el estudio de sector, este último, requerido solo para algunos procesos contractuales. En el estudio de mercado, pueden hacer parte, debidamente soportados o en todo caso que permita realizar la trazabilidad, los valores establecidos en otros procesos contractuales para los mismos bienes y servicios, de la misma vigencia o de anteriores vigencias, en caso de utilizar valores de vigencias anteriores se deberá realizar la respectiva actualización con la inflación anual de la o las vigencias pasadas. | I35: X | J35: X | K35: X
A36: Determinación de gastos de administración | D36: Diligenciar para determinar el porcentaje de los gastos de administración o administración del proceso, de acuerdo a las características del mismo, considerando no tener duplicidad en ítems ya contemplados en el presupuesto general del proceso. | I36: X | J36: X | K36: X
A37: Identificación de bienes nacionales relevantes | D37: Diligenciar para identificar los bienes nacionales relevantes en los procesos que apliquen. | J37: X
A38: DILIGENCIAR COMO PARTE DE LOS DOCUMENTOS A SUBIR A LA PLATAFORMA SECOP (Asesor financiero)
A39: Propuesta económica - Opción 1 | D39: Diligenciar con el objeto de suministrarle a los oferentes la estructura y condiciones de la presentación de las respectivas propuestas económicas, se recomienda su uso para procesos que se hayan planeado en el formato memoria de cálculo - opción 1. | J39: X
A40: Propuesta económica - Opción 2 | D40: Diligenciar con el objeto de suministrarle a los oferentes la estructura y condiciones de la presentación de las respectivas propuestas económicas, se recomienda su uso para procesos que se hayan planeado en el formato memoria de cálculo - opción 2. | J40: X
A41: Propuesta económica - Opción 3 | D41: Diligenciar con el objeto de suministrarle a los oferentes la estructura y condiciones de la presentación de las respectivas propuestas económicas, se recomienda su uso para procesos que se hayan planeado en el formato memoria de cálculo - opción 3. | J41: X
A42: Estimación PAB comparación absoluta | D42: Diligenciar con el objeto realizar el acta del Precio Artificialmente Bajo (PAB). La cual, se elabora paralelamente con el formato de propuesta económica para el proceso. | J42: X
A43: DILIGENCIAR PARA EVALUACIÓN FINANCIERA DE OFERENTES (Asesor financiero)
A44: Verificación de requisitos habilitantes de los proponentes sobre capacidad financiera y organizacional | D44: Diligenciar con el fin de consignar la verificación de los requisitos habilitantes de los proponentes, sobre capacidad financiera y organizacional, en los casos que apliquen. | J44: X
A45: Estimación PAB comparación relativa | D45: Diligenciar solamente en el caso que sea necesario aplicar la metodología de comparación relativa, es decir, cuando se hayan presentado más de 5 ofertas, con el fin de evaluar los PAB de los oferentes. | J45: X
A46: DILIGENCIAR EN CASO DE PROCESOS DE SELECCIÓN ABREVIADA POR SUBASTA INVERSA (Asesor financiero)
A47: Subasta inversa - Análisis de habilitados | D47: Diligenciar (de manera física o virtual) en caso de realizarse una subasta inversa | J47: X
A48: Subasta inversa presencial - Análisis de lances | D48: Diligenciar (de manera física o virtual) en caso de realizarse una subasta inversa presencial | J48: X
A49: Subasta inversa presencial - Lances de precios | D49: Imprimir para diligenciar de manera física por parte de los oferentes, en caso de realizarse una subasta inversa presencial | J49: X
A50: Subasta inversa presencial - Declinación de lances | D50: Imprimir para diligenciar de manera física por parte de los oferentes, en caso de realizarse una subasta inversa presencial | J50: X
A52: VARIABLES (ESTIPULACIÓN DE VALORES DE CARÁCTER CORPORATIVO)
A53: Nombre | D53: Descripción
A54: Valores de gastos de desplazamiento y manutención | D54: Determinación de los valores de los gastos de desplazamiento (transporte) y manutención (alimentación y/o alojamiento) a reconocer en las comisiones que se requieran realizar en la ejecución del proceso contractual.
A55: Valores de honorarios (prestadores de servicios) | D55: Determinación de los valores para el reconocimiento de los honorarios a pagar en el caso de vinculación por contrato de prestación de servicios personales (contrato civil).
A56: Valores de jornales | D56: Determinación de los valores para el reconocimiento del pago, cuando el mismo se realiza de manera diaria al trabajador.
A57: Valores de salarios | D57: Determinación de los valores de los salarios percibidos por el personal con vinculación laboral a la corporación, estos valores se utilizan únicamente para cuantificar el aporte en especie corporativo de su personal, en los casos que aplique.
A58: Valores de alimentación | D58: Determinación de los valores a reconocer por el suministro de alimentación, tales como refrigerios y almuerzos, entre otros.
A59: Valores de distintivos corporativos | D59: Determinación de los valores a reconocer por el suministro de distintivos corporativos, tales como gorras, pavas, camisetas, chalecos, entre otros.
A61: Nota 1: El presente libro en excel contiene los formatos y variables de frecuente y general uso para la planeación financiera de los procesos contractuales de la entidad, los mismos se diligenciarán y utilizarán de acuerdo a la especificidad del proceso, el diligenciamiento es de responsabilidad del técnico del proceso (a excepción de los formatos donde expresamente se señale que el diligenciamiento es por el asesor financiero), el cual, tendrá acompañamiento por parte del respectivo asesor financiero del proceso. En caso de no requerir una o varias hojas del presente libro, favor ocultarlas (no eliminarlas).
A62: Nota 2: En los contratos por pluralidad de oferentes al momento de subir el presente libro a la plataforma SECOP, el asesor jurídico y el asesor técnico deberán coordinar con el asesor financiero las hojas del presente libro a publicar y su debida protección, considerando que se recomienda dejar visibles las hojas que hayan sido diligenciadas o se hayan utilizado para el diligenciamiento del presupuesto y el soporte de las estimaciones del mismo, en los casos que se puedan, lo que implica que las demás hojas se deben ocultar, y el libro proteger, con el fin de evitar confusiones innecesarias a los posibles oferentes. Así mismo, con el fin de proporcionarles claridades a las oferentes, se publicará la hoja de propuesta económica que estos deben diligenciar aparte del libro con las hojas de la planeación del proceso, y se debe ocultar la hoja de la estimación del PAB por comparación absoluta. En todo caso, para la publicación de la información, se debe considerar lo dispuesto en el Decreto 1510 de 2013 artículos 19 y 20.
A63: Nota 3: La actualización del presente libro es responsabilidad de la Subdirección Administrativa y Financiera, quien actualizará los formatos en caso de alguna novedad, y actualizará las variables a inicio de cada año con la expedición del respectivo memorando, en caso de las variables que se actualicen por parte de otras dependencias, por ejemplo, costos de alimentación por parte de la Subdirección de Cultura y Participación, o Distintivos por parte de la Subdirección de Comunicaciones, la Subdirección Administrativa y Financiera actualizará la variable posterior a que la subdirección encargada emita el memorando, para estos casos, si hay cambio de vigencia (de un año a otro), se utilizará el valor que actualmente esté establecido por memorando, actualizado con la inflación anual de la o las vigencias pasadas, cifra a expresar redondeada a la centena más cercana.

Sheet Plan Ejecución
F1: =Instructivo!F1 -> Sistema de Gestión Integral (SGI) Instructivo - Componente Financiero EP Código: F-PGC-21. Versión: 05 | M1: Instructivo
F2: Hoja "Plan Ejecución física y de inversiones"
A4: MODALIDAD DE CONTRATACIÓN: | AE4: =C4 -> 0
A5: OBJETO A CONTRATAR: | AE5: =C5 -> 0
A7: CONTRATISTA/CONVENIANTE:
A8: NOMBRE DEL TÉCNICO (A):
A9: DURACIÓN Y/O PLAZO DEL CONTRATO (MESES):
A10: PERIODO DE PROGRAMACIÓN Y SEGUIMIENTO:
A12: PROGRAMACIÓN FÍSICA
B13: Descripción | C13: % de importancia | D13: % de importancia subactividades | E13: Unidad de medida | F13: Cantidad Programada | G13: Distribución física
G14: Período 1 | H14: Período 2 | I14: Período 3 | J14: Período 4 | K14: Período 5 | L14: Período 6 | M14: Período 7 | N14: Período 8 | O14: Período 9 | P14: Período 10 | Q14: Período 11 | R14: Período 12 | S14: Período 13 | T14: Período 14 | U14: Período 15 | V14: Período 16 | W14: Período 17 | X14: Período 18 | Y14: Período 19 | Z14: Período 20 | AA14: Período 21 | AB14: Período 22 | AC14: Período 23 | AD14: Período 24
A15: META/ PRODUCTO A OBTENER: | D15: =SUM(D16:D210) -> 0 | F15: =F16+F56+F87+F118+F149+F180 -> 0 | AE15: =F15-SUM(G15:AD15) -> 0
A16: Alcance 1 | F16: =F17+F25+F32+F38+F44+F50 -> 0 | G16: =G17+G25+G32+G38+G44+G50 -> 0 | H16: =H17+H25+H32+H38+H44+H50 -> 0 | I16: =I17+I25+I32+I38+I44+I50 -> 0 | J16: =J17+J25+J32+J38+J44+J50 -> 0 | K16: =K17+K25+K32+K38+K44+K50 -> 0 | L16: =L17+L25+L32+L38+L44+L50 -> 0 | M16: =M17+M25+M32+M38+M44+M50 -> 0 | ... R16: =R17+R25+R32+R38+R44+R50 -> 0 | S16: =S17+S25+S32+S38+S44 -> 0 | T16: =T17+T25+T32+T38+T44 -> 0 | U16: =U17+U25+U32+U38+U44 -> 0 | V16: =V17+V25+V32+V38+V44 -> 0 | W16: =W17+W25+W32+W38+W44 -> 0 | X16: =X17+X25+X32+X38+X44 -> 0 | Y16: =Y17+Y25+Y32+Y38+Y44 -> 0 | Z16: =Z17+Z25+Z32+Z38+Z44 -> 0 | ... AD16: =AD17+AD25+AD32+AD38+AD44 -> 0 | AE16: =F16-SUM(G16:AD16) -> 0
A17: Actividad 1.1 | F17: =SUM(F18:F24) -> 0 | G17: =SUM(G18:G24) -> 0 | H17: =SUM(H18:H24) -> 0 | I17: =SUM(I18:I24) -> 0 | J17: =SUM(J18:J24) -> 0 | K17: =SUM(K18:K24) -> 0 | L17: =SUM(L18:L24) -> 0 | M17: =SUM(M18:M24) -> 0 | ... AD17: =SUM(AD18:AD24) -> 0 | AE17: =F17-SUM(G17:AD17) -> 0
A18: Subactividad 1.1.1 | D18: =C18*$C$17*$C$16 -> 0 | F18: =SUM(G18:AD18) -> 0 | AE18: =F18-SUM(G18:AD18) -> 0
A19: Subactividad 1.1.2 | D19: =C19*$C$17*$C$16 -> 0 | F19: =SUM(G19:AD19) -> 0 | AE19: =F19-SUM(G19:AD19) -> 0
A20: Subactividad 1.1.3 | D20: =C20*$C$17*$C$16 -> 0 | F20: =SUM(G20:AD20) -> 0 | AE20: =F20-SUM(G20:AD20) -> 0
A21: Subactividad 1.1.4 | D21: =C21*$C$17*$C$16 -> 0 | F21: =SUM(G21:AD21) -> 0 | AE21: =F21-SUM(G21:AD21) -> 0
A22: Subactividad 1.1.5 | D22: =C22*$C$17*$C$16 -> 0 | F22: =SUM(G22:AD22) -> 0 | AE22: =F22-SUM(G22:AD22) -> 0
A23: Subactividad 1.1.6 | D23: =C23*$C$17*$C$16 -> 0 | F23: =SUM(G23:AD23) -> 0 | AE23: =F23-SUM(G23:AD23) -> 0
A24: Subactividad 1.1.7 | D24: =C24*$C$17*$C$16 -> 0 | F24: =SUM(G24:AD24) -> 0 | AE24: =F24-SUM(G24:AD24) -> 0
A25: Actividad 1.2 | F25: =SUM(F26:F31) -> 0 | G25: =SUM(G26:G31) -> 0 | H25: =SUM(H26:H31) -> 0 | I25: =SUM(I26:I31) -> 0 | J25: =SUM(J26:J31) -> 0 | K25: =SUM(K26:K31) -> 0 | L25: =SUM(L26:L31) -> 0 | M25: =SUM(M26:M31) -> 0 | ... AD25: =SUM(AD26:AD31) -> 0 | AE25: =F25-SUM(G25:AD25) -> 0
A26: Subactividad 1.2.1 | D26: =C26*$C$25*$C$16 -> 0 | F26: =SUM(G26:AD26) -> 0 | AE26: =F26-SUM(G26:AD26) -> 0
A27: Subactividad 1.2.2 | D27: =C27*$C$25*$C$16 -> 0 | F27: =SUM(G27:AD27) -> 0 | AE27: =F27-SUM(G27:AD27) -> 0
A28: Subactividad 1.2.3 | D28: =C28*$C$25*$C$16 -> 0 | F28: =SUM(G28:AD28) -> 0 | AE28: =F28-SUM(G28:AD28) -> 0
A29: Subactividad 1.2.4 | D29: =C29*$C$25*$C$16 -> 0 | F29: =SUM(G29:AD29) -> 0 | AE29: =F29-SUM(G29:AD29) -> 0
A30: Subactividad 1.2.5 | D30: =C30*$C$25*$C$16 -> 0 | F30: =SUM(G30:AD30) -> 0 | AE30: =F30-SUM(G30:AD30) -> 0
A31: Subactividad 1.2.6 | D31: =C31*$C$25*$C$16 -> 0 | F31: =SUM(G31:AD31) -> 0 | AE31: =F31-SUM(G31:AD31) -> 0
A32: Actividad 1.3 | F32: =SUM(F33:F37) -> 0 | G32: =SUM(G33:G37) -> 0 | H32: =SUM(H33:H37) -> 0 | I32: =SUM(I33:I37) -> 0 | J32: =SUM(J33:J37) -> 0 | K32: =SUM(K33:K37) -> 0 | L32: =SUM(L33:L37) -> 0 | M32: =SUM(M33:M37) -> 0 | ... AD32: =SUM(AD33:AD37) -> 0 | AE32: =F32-SUM(G32:AD32) -> 0
A33: Subactividad 1.3.1 | D33: =C33*$C$32*$C$16 -> 0 | F33: =SUM(G33:AD33) -> 0 | AE33: =F33-SUM(G33:AD33) -> 0
A34: Subactividad 1.3.2 | D34: =C34*$C$32*$C$16 -> 0 | F34: =SUM(G34:AD34) -> 0 | AE34: =F34-SUM(G34:AD34) -> 0
A35: Subactividad 1.3.3 | D35: =C35*$C$32*$C$16 -> 0 | F35: =SUM(G35:AD35) -> 0 | AE35: =F35-SUM(G35:AD35) -> 0
A36: Subactividad 1.3.4 | D36: =C36*$C$32*$C$16 -> 0 | F36: =SUM(G36:AD36) -> 0 | AE36: =F36-SUM(G36:AD36) -> 0
A37: Subactividad 1.3.5 | D37: =C37*$C$32*$C$16 -> 0 | F37: =SUM(G37:AD37) -> 0 | AE37: =F37-SUM(G37:AD37) -> 0
A38: Actividad 1.4 | F38: =SUM(F39:F43) -> 0 | G38: =SUM(G39:G43) -> 0 | H38: =SUM(H39:H43) -> 0 | I38: =SUM(I39:I43) -> 0 | J38: =SUM(J39:J43) -> 0 | K38: =SUM(K39:K43) -> 0 | L38: =SUM(L39:L43) -> 0 | M38: =SUM(M39:M43) -> 0 | ... AD38: =SUM(AD39:AD43) -> 0 | AE38: =F38-SUM(G38:AD38) -> 0
A39: Subactividad 1.4.1 | D39: =C39*$C$38*$C$16 -> 0 | F39: =SUM(G39:AD39) -> 0 | AE39: =F39-SUM(G39:AD39) -> 0
A40: Subactividad 1.4.2 | D40: =C40*$C$38*$C$16 -> 0 | F40: =SUM(G40:AD40) -> 0 | AE40: =F40-SUM(G40:AD40) -> 0
A41: Subactividad 1.4.3 | D41: =C41*$C$38*$C$16 -> 0 | F41: =SUM(G41:AD41) -> 0 | AE41: =F41-SUM(G41:AD41) -> 0
A42: Subactividad 1.4.4 | D42: =C42*$C$38*$C$16 -> 0 | F42: =SUM(G42:AD42) -> 0 | AE42: =F42-SUM(G42:AD42) -> 0
A43: Subactividad 1.4.5 | D43: =C43*$C$38*$C$16 -> 0 | F43: =SUM(G43:AD43) -> 0 | AE43: =F43-SUM(G43:AD43) -> 0
A44: Actividad 1.5 | F44: =SUM(F45:F49) -> 0 | G44: =SUM(G45:G49) -> 0 | H44: =SUM(H45:H49) -> 0 | I44: =SUM(I45:I49) -> 0 | J44: =SUM(J45:J49) -> 0 | K44: =SUM(K45:K49) -> 0 | L44: =SUM(L45:L49) -> 0 | M44: =SUM(M45:M49) -> 0 | ... AD44: =SUM(AD45:AD49) -> 0 | AE44: =F44-SUM(G44:AD44) -> 0
A45: Subactividad 1.5.1 | D45: =C45*$C$44*$C$16 -> 0 | F45: =SUM(G45:AD45) -> 0 | AE45: =F45-SUM(G45:AD45) -> 0
A46: Subactividad 1.5.2 | D46: =C46*$C$44*$C$16 -> 0 | F46: =SUM(G46:AD46) -> 0 | AE46: =F46-SUM(G46:AD46) -> 0
A47: Subactividad 1.5.3 | D47: =C47*$C$44*$C$16 -> 0 | F47: =SUM(G47:AD47) -> 0 | AE47: =F47-SUM(G47:AD47) -> 0
A48: Subactividad 1.5.4 | D48: =C48*$C$44*$C$16 -> 0 | F48: =SUM(G48:AD48) -> 0 | AE48: =F48-SUM(G48:AD48) -> 0
A49: Subactividad 1.5.5 | D49: =C49*$C$44*$C$16 -> 0 | F49: =SUM(G49:AD49) -> 0 | AE49: =F49-SUM(G49:AD49) -> 0
A50: Actividad 1.6 | F50: =SUM(F51:F55) -> 0 | G50: =SUM(G51:G55) -> 0 | H50: =SUM(H51:H55) -> 0 | I50: =SUM(I51:I55) -> 0 | J50: =SUM(J51:J55) -> 0 | K50: =SUM(K51:K55) -> 0 | L50: =SUM(L51:L55) -> 0 | M50: =SUM(M51:M55) -> 0 | ... AD50: =SUM(AD51:AD55) -> 0 | AE50: =F50-SUM(G50:AD50) -> 0
A51: Subactividad 1.6.1 | D51: =C51*$C$44*$C$16 -> 0 | F51: =SUM(G51:AD51) -> 0 | AE51: =F51-SUM(G51:AD51) -> 0
A52: Subactividad 1.6.2 | D52: =C52*$C$44*$C$16 -> 0 | F52: =SUM(G52:AD52) -> 0 | AE52: =F52-SUM(G52:AD52) -> 0
A53: Subactividad 1.6.3 | D53: =C53*$C$44*$C$16 -> 0 | F53: =SUM(G53:AD53) -> 0 | AE53: =F53-SUM(G53:AD53) -> 0
A54: Subactividad 1.6.4 | D54: =C54*$C$44*$C$16 -> 0 | F54: =SUM(G54:AD54) -> 0 | AE54: =F54-SUM(G54:AD54) -> 0
A55: Subactividad 1.6.5 | D55: =C55*$C$44*$C$16 -> 0 | F55: =SUM(G55:AD55) -> 0 | AE55: =F55-SUM(G55:AD55) -> 0
A56: Alcance 2 | F56: =F57+F63+F69+F75+F81 -> 0 | G56: =G57+G63+G69+G75+G81 -> 0 | H56: =H57+H63+H69+H75+H81 -> 0 | I56: =I57+I63+I69+I75+I81 -> 0 | J56: =J57+J63+J69+J75+J81 -> 0 | K56: =K57+K63+K69+K75+K81 -> 0 | L56: =L57+L63+L69+L75+L81 -> 0 | M56: =M57+M63+M69+M75+M81 -> 0 | ... AD56: =AD57+AD63+AD69+AD75+AD81 -> 0 | AE56: =F56-SUM(G56:AD56) -> 0
A57: Actividad 2.1 | F57: =SUM(F58:F62) -> 0 | G57: =SUM(G58:G62) -> 0 | H57: =SUM(H58:H62) -> 0 | I57: =SUM(I58:I62) -> 0 | J57: =SUM(J58:J62) -> 0 | K57: =SUM(K58:K62) -> 0 | L57: =SUM(L58:L62) -> 0 | M57: =SUM(M58:M62) -> 0 | ... AD57: =SUM(AD58:AD62) -> 0 | AE57: =F57-SUM(G57:AD57) -> 0
A58: Subactividad 2.1.1 | D58: =C58*$C$57*$C$56 -> 0 | F58: =SUM(G58:AD58) -> 0 | AE58: =F58-SUM(G58:AD58) -> 0
A59: Subactividad 2.1.2 | D59: =C59*$C$57*$C$56 -> 0 | F59: =SUM(G59:AD59) -> 0 | AE59: =F59-SUM(G59:AD59) -> 0
A60: Subactividad 2.1.3 | D60: =C60*$C$57*$C$56 -> 0 | F60: =SUM(G60:AD60) -> 0 | AE60: =F60-SUM(G60:AD60) -> 0
A61: Subactividad 2.1.4 | D61: =C61*$C$57*$C$56 -> 0 | F61: =SUM(G61:AD61) -> 0 | AE61: =F61-SUM(G61:AD61) -> 0
A62: Subactividad 2.1.5 | D62: =C62*$C$57*$C$56 -> 0 | F62: =SUM(G62:AD62) -> 0 | AE62: =F62-SUM(G62:AD62) -> 0
A63: Actividad 2.2 | F63: =SUM(F64:F68) -> 0 | G63: =SUM(G64:G68) -> 0 | H63: =SUM(H64:H68) -> 0 | I63: =SUM(I64:I68) -> 0 | J63: =SUM(J64:J68) -> 0 | K63: =SUM(K64:K68) -> 0 | L63: =SUM(L64:L68) -> 0 | M63: =SUM(M64:M68) -> 0 | ... AD63: =SUM(AD64:AD68) -> 0 | AE63: =F63-SUM(G63:AD63) -> 0
A64: Subactividad 2.2.1 | D64: =C64*$C$63*$C$56 -> 0 | F64: =SUM(G64:AD64) -> 0 | AE64: =F64-SUM(G64:AD64) -> 0
A65: Subactividad 2.2.2 | D65: =C65*$C$63*$C$56 -> 0 | F65: =SUM(G65:AD65) -> 0 | AE65: =F65-SUM(G65:AD65) -> 0
A66: Subactividad 2.2.3 | D66: =C66*$C$63*$C$56 -> 0 | F66: =SUM(G66:AD66) -> 0 | AE66: =F66-SUM(G66:AD66) -> 0
A67: Subactividad 2.2.4 | D67: =C67*$C$63*$C$56 -> 0 | F67: =SUM(G67:AD67) -> 0 | AE67: =F67-SUM(G67:AD67) -> 0
A68: Subactividad 2.2.5 | D68: =C68*$C$63*$C$56 -> 0 | F68: =SUM(G68:AD68) -> 0 | AE68: =F68-SUM(G68:AD68) -> 0
A69: Actividad 2.3 | F69: =SUM(F70:F74) -> 0 | G69: =SUM(G70:G74) -> 0 | H69: =SUM(H70:H74) -> 0 | I69: =SUM(I70:I74) -> 0 | J69: =SUM(J70:J74) -> 0 | K69: =SUM(K70:K74) -> 0 | L69: =SUM(L70:L74) -> 0 | M69: =SUM(M70:M74) -> 0 | ... AD69: =SUM(AD70:AD74) -> 0 | AE69: =F69-SUM(G69:AD69) -> 0
A70: Subactividad 2.3.1 | D70: =C70*$C$69*$C$56 -> 0 | F70: =SUM(G70:AD70) -> 0 | AE70: =F70-SUM(G70:AD70) -> 0
A71: Subactividad 2.3.2 | D71: =C71*$C$69*$C$56 -> 0 | F71: =SUM(G71:AD71) -> 0 | AE71: =F71-SUM(G71:AD71) -> 0
A72: Subactividad 2.3.3 | D72: =C72*$C$69*$C$56 -> 0 | F72: =SUM(G72:AD72) -> 0 | AE72: =F72-SUM(G72:AD72) -> 0
A73: Subactividad 2.3.4 | D73: =C73*$C$69*$C$56 -> 0 | F73: =SUM(G73:AD73) -> 0 | AE73: =F73-SUM(G73:AD73) -> 0
A74: Subactividad 2.3.5 | D74: =C74*$C$69*$C$56 -> 0 | F74: =SUM(G74:AD74) -> 0 | AE74: =F74-SUM(G74:AD74) -> 0
A75: Actividad 2.4 | F75: =SUM(F76:F80) -> 0 | G75: =SUM(G76:G80) -> 0 | H75: =SUM(H76:H80) -> 0 | I75: =SUM(I76:I80) -> 0 | J75: =SUM(J76:J80) -> 0 | K75: =SUM(K76:K80) -> 0 | L75: =SUM(L76:L80) -> 0 | M75: =SUM(M76:M80) -> 0 | ... AD75: =SUM(AD76:AD80) -> 0 | AE75: =F75-SUM(G75:AD75) -> 0
A76: Subactividad 2.4.1 | D76: =C76*$C$75*$C$56 -> 0 | F76: =SUM(G76:AD76) -> 0 | AE76: =F76-SUM(G76:AD76) -> 0
A77: Subactividad 2.4.2 | D77: =C77*$C$75*$C$56 -> 0 | F77: =SUM(G77:AD77) -> 0 | AE77: =F77-SUM(G77:AD77) -> 0
A78: Subactividad 2.4.3 | D78: =C78*$C$75*$C$56 -> 0 | F78: =SUM(G78:AD78) -> 0 | AE78: =F78-SUM(G78:AD78) -> 0
A79: Subactividad 2.4.4 | D79: =C79*$C$75*$C$56 -> 0 | F79: =SUM(G79:AD79) -> 0 | AE79: =F79-SUM(G79:AD79) -> 0
A80: Subactividad 2.4.5 | D80: =C80*$C$75*$C$56 -> 0 | F80: =SUM(G80:AD80) -> 0 | AE80: =F80-SUM(G80:AD80) -> 0
A81: Actividad 2.5 | F81: =SUM(F82:F86) -> 0 | G81: =SUM(G82:G86) -> 0 | H81: =SUM(H82:H86) -> 0 | I81: =SUM(I82:I86) -> 0 | J81: =SUM(J82:J86) -> 0 | K81: =SUM(K82:K86) -> 0 | L81: =SUM(L82:L86) -> 0 | M81: =SUM(M82:M86) -> 0 | ... AD81: =SUM(AD82:AD86) -> 0 | AE81: =F81-SUM(G81:AD81) -> 0
A82: Subactividad 2.5.1 | D82: =C82*$C$81*$C$56 -> 0 | F82: =SUM(G82:AD82) -> 0 | AE82: =F82-SUM(G82:AD82) -> 0
A83: Subactividad 2.5.2 | D83: =C83*$C$81*$C$56 -> 0 | F83: =SUM(G83:AD83) -> 0 | AE83: =F83-SUM(G83:AD83) -> 0
A84: Subactividad 2.5.3 | D84: =C84*$C$81*$C$56 -> 0 | F84: =SUM(G84:AD84) -> 0 | AE84: =F84-SUM(G84:AD84) -> 0
A85: Subactividad 2.5.4 | D85: =C85*$C$81*$C$56 -> 0 | F85: =SUM(G85:AD85) -> 0 | AE85: =F85-SUM(G85:AD85) -> 0
A86: Subactividad 2.5.5 | D86: =C86*$C$81*$C$56 -> 0 | F86: =SUM(G86:AD86) -> 0 | AE86: =F86-SUM(G86:AD86) -> 0
A87: Alcance 3 | F87: =F88+F94+F100+F106+F112 -> 0 | G87: =G88+G94+G100+G106+G112 -> 0 | H87: =H88+H94+H100+H106+H112 -> 0 | I87: =I88+I94+I100+I106+I112 -> 0 | J87: =J88+J94+J100+J106+J112 -> 0 | K87: =K88+K94+K100+K106+K112 -> 0 | L87: =L88+L94+L100+L106+L112 -> 0 | M87: =M88+M94+M100+M106+M112 -> 0 | ... AD87: =AD88+AD94+AD100+AD106+AD112 -> 0 | AE87: =F87-SUM(G87:AD87) -> 0
A88: Actividad 3.1 | F88: =SUM(F89:F93) -> 0 | G88: =SUM(G89:G93) -> 0 | H88: =SUM(H89:H93) -> 0 | I88: =SUM(I89:I93) -> 0 | J88: =SUM(J89:J93) -> 0 | K88: =SUM(K89:K93) -> 0 | L88: =SUM(L89:L93) -> 0 | M88: =SUM(M89:M93) -> 0 | ... AD88: =SUM(AD89:AD93) -> 0 | AE88: =F88-SUM(G88:AD88) -> 0
A89: Subactividad 3.1.1 | D89: =C89*$C$88*$C$87 -> 0 | F89: =SUM(G89:AD89) -> 0 | AE89: =F89-SUM(G89:AD89) -> 0
A90: Subactividad 3.1.2 | D90: =C90*$C$88*$C$87 -> 0 | F90: =SUM(G90:AD90) -> 0 | AE90: =F90-SUM(G90:AD90) -> 0
A91: Subactividad 3.1.3 | D91: =C91*$C$88*$C$87 -> 0 | F91: =SUM(G91:AD91) -> 0 | AE91: =F91-SUM(G91:AD91) -> 0
A92: Subactividad 3.1.4 | D92: =C92*$C$88*$C$87 -> 0 | F92: =SUM(G92:AD92) -> 0 | AE92: =F92-SUM(G92:AD92) -> 0
A93: Subactividad 3.1.5 | D93: =C93*$C$88*$C$87 -> 0 | F93: =SUM(G93:AD93) -> 0 | AE93: =F93-SUM(G93:AD93) -> 0
A94: Actividad 3.2 | F94: =SUM(F95:F99) -> 0 | G94: =SUM(G95:G99) -> 0 | H94: =SUM(H95:H99) -> 0 | I94: =SUM(I95:I99) -> 0 | J94: =SUM(J95:J99) -> 0 | K94: =SUM(K95:K99) -> 0 | L94: =SUM(L95:L99) -> 0 | M94: =SUM(M95:M99) -> 0 | ... AD94: =SUM(AD95:AD99) -> 0 | AE94: =F94-SUM(G94:AD94) -> 0
A95: Subactividad 3.2.1 | D95: =C95*$C$94*$C$87 -> 0 | F95: =SUM(G95:AD95) -> 0 | AE95: =F95-SUM(G95:AD95) -> 0
A96: Subactividad 3.2.2 | D96: =C96*$C$94*$C$87 -> 0 | F96: =SUM(G96:AD96) -> 0 | AE96: =F96-SUM(G96:AD96) -> 0
A97: Subactividad 3.2.3 | D97: =C97*$C$94*$C$87 -> 0 | F97: =SUM(G97:AD97) -> 0 | AE97: =F97-SUM(G97:AD97) -> 0
A98: Subactividad 3.2.4 | D98: =C98*$C$94*$C$87 -> 0 | F98: =SUM(G98:AD98) -> 0 | AE98: =F98-SUM(G98:AD98) -> 0
A99: Subactividad 3.2.5 | D99: =C99*$C$94*$C$87 -> 0 | F99: =SUM(G99:AD99) -> 0 | AE99: =F99-SUM(G99:AD99) -> 0
A100: Actividad 3.3 | F100: =SUM(F101:F105) -> 0 | G100: =SUM(G101:G105) -> 0 | H100: =SUM(H101:H105) -> 0 | I100: =SUM(I101:I105) -> 0 | J100: =SUM(J101:J105) -> 0 | K100: =SUM(K101:K105) -> 0 | L100: =SUM(L101:L105) -> 0 | M100: =SUM(M101:M105) -> 0 | ... AD100: =SUM(AD101:AD105) -> 0 | AE100: =F100-SUM(G100:AD100) -> 0
A101: Subactividad 3.3.1 | D101: =C101*$C$100*$C$87 -> 0 | F101: =SUM(G101:AD101) -> 0 | AE101: =F101-SUM(G101:AD101) -> 0
A102: Subactividad 3.3.2 | D102: =C102*$C$100*$C$87 -> 0 | F102: =SUM(G102:AD102) -> 0 | AE102: =F102-SUM(G102:AD102) -> 0
A103: Subactividad 3.3.3 | D103: =C103*$C$100*$C$87 -> 0 | F103: =SUM(G103:AD103) -> 0 | AE103: =F103-SUM(G103:AD103) -> 0
...

Sheet PE PSP
F1: =Instructivo!F1 -> Sistema de Gestión Integral (SGI) Instructivo - Componente Financiero EP Código: F-PGC-21. Versión: 05 | M1: Instructivo
F2: Hoja "Prestación de servicios personales" | M2: Presupuesto - modalidad contrato - prestación de servicios personales
A4: MODALIDAD DE CONTRATACIÓN: | C4: Directa | R4: =C4 -> Directa
A5: OBJETO A CONTRATAR: | C5: Prestar los servicios profesionales para apoyar las actividades técnicas y administrativas, requeridas en el desarrollo del grupo Gestión Integral del Recurso Hídrico en la Subdirección de Gestión Ambiental | R5: =C5 -> Prestar los servicios profesionales para apoyar las actividades técnicas y administrativas, requeridas en el desarrollo del grupo Gestión Integral del Recurso Hídrico en la Subdirección de Gestión Ambiental
A7: CONTRATISTA: | C7: Daniel Alveiro Rodríguez Vanegas
A8: NOMBRE SUPERVISOR O INTERVENTOR: | C8: Juan Fernando Gaviria Suárez
A9: DURACIÓN Y/O PLAZO DEL CONTRATO (MESES): | C9: 4 meses y 15 días
A10: PERIODO DE PROGRAMACIÓN Y SEGUIMIENTO: | C10: Mensual
A12: PROGRAMACIÓN FÍSICA
B13: Descripción | C13: % de importancia | D13: Unidad de medida | E13: Cantidad Programada | F13: Distribución física
F14: Período 1 | G14: Período 2 | H14: Período 3 | I14: Período 4 | J14: Período 5 | K14: Período 6 | L14: Período 7 | M14: Período 8 | N14: Período 9 | O14: Período 10 | P14: Período 11 | Q14: Período 12
A15: META/ PRODUCTO A OBTENER: | B15: =(C5) -> Prestar los servicios profesionales para apoyar las actividades técnicas y administrativas, requeridas en el desarrollo del grupo Gestión Integral del Recurso Hídrico en la Subdirección de Gestión Ambiental | C15: 1 | D15: Meses | F15: Agosto | G15: Septiembre | H15: Octubre | I15: Noviembre | J15: Diciembre | R15: =E15-SUM(F15:Q15) -> 0
A16: Alcance 1 | B16: =(C5) -> Prestar los servicios profesionales para apoyar las actividades técnicas y administrativas, requeridas en el desarrollo del grupo Gestión Integral del Recurso Hídrico en la Subdirección de Gestión Ambiental | C16: 1 | D16: Meses | E16: 4.5 | F16: 1 | G16: 1 | H16: 1 | I16: 1 | J16: 0.5 | R16: =E16-SUM(F16:Q16) -> 0
A17: TOTAL | F17: =IFERROR(F16/$E$16,0) -> 0.22222222 | G17: =IFERROR(G16/$E$16,0) -> 0.22222222 | H17: =IFERROR(H16/$E$16,0) -> 0.22222222 | I17: =IFERROR(I16/$E$16,0) -> 0.22222222 | J17: =IFERROR(J16/$E$16,0) -> 0.11111111 | K17: =IFERROR(K16/$E$16,0) -> 0 | L17: =IFERROR(L16/$E$16,0) -> 0 | M17: =IFERROR(M16/$E$16,0) -> 0 | ... Q17: =IFERROR(Q16/$E$16,0) -> 0
A18: ACUMULADO | F18: =F17 -> 0.22222222 | G18: =G17+F18 -> 0.44444444 | H18: =H17+G18 -> 0.66666667 | I18: =I17+H18 -> 0.88888889 | J18: =J17+I18 -> 1 | K18: =K17+J18 -> 1 | L18: =L17+K18 -> 1 | M18: =M17+L18 -> 1 | N18: =N17+M18 -> 1 | ... Q18: =Q17+P18 -> 1
E20: La programación financiera debe ser coherente con la programación física, todo pago que no sea soportado en la ejecución física efectiva y certificada es un anticipo o pago anticipado, de acuerdo al caso; para tener más información sobre anticipos y pagos anticipados remitirse a la hoja | Q20: Información anticipos
E21: PROGRAMACIÓN FINANCIERA INICIAL
F22: Distribución de recursos del valor aportado por Corantioquia
E23: Valor del contrato | F23: Período 1 | G23: Período 2 | H23: Período 3 | I23: Período 4 | J23: Período 5 | K23: Período 6 | L23: Período 7 | M23: Período 8 | N23: Período 9 | O23: Período 10 | P23: Período 11 | Q23: Período 12
E24: =+'Ppto PSP'!F13 -> 36154138 | F24: =$E$24*F25 -> 8034253 | G24: =$E$24*G25 -> 8034253 | H24: =$E$24*H25 -> 8034253 | I24: =$E$24*I25 -> 8034253 | J24: =$E$24*J25 -> 4017126.5 | K24: =$E$24*K25 -> 0 | L24: =$E$24*L25 -> 0 | M24: =$E$24*M25 -> 0 | ... Q24: =$E$24*Q25 -> 0
E25: Porcentaje (%) | F25: =F17 -> 0.22222222 | G25: =G17 -> 0.22222222 | H25: =H17 -> 0.22222222 | I25: =I17 -> 0.22222222 | J25: =J17 -> 0.11111111 | K25: =K17 -> 0 | L25: =L17 -> 0 | M25: =M17 -> 0 | ... Q25: =Q17 -> 0
E26: Porcentaje Acumulado (%) | F26: =+F25 -> 0.22222222 | G26: =+F26+G25 -> 0.44444444 | H26: =+G26+H25 -> 0.66666667 | I26: =+H26+I25 -> 0.88888889 | J26: =+I26+J25 -> 1 | K26: =+J26+K25 -> 1 | L26: =+K26+L25 -> 1 | M26: =+L26+M25 -> 1 | N26: =+M26+N25 -> 1 | ... Q26: =+P26+Q25 -> 1
C27: Diligenciar esta información solo en caso de solicitud de Otrosí de adición de recursos o prórroga, o cuando el Otrosí de modificación implique cambios en el presupuesto. | E27: Valores ya ejecutados | F27: 0 | G27: 0 | H27: 0 | I27: 0 | J27: 0 | K27: 0 | L27: 0 | M27: 0 | N27: 0 | O27: 0 | P27: 0 | Q27: 0
E28: Porcentaje (%) PGAR | F28: =IFERROR(F27/$E$24,0) -> 0 | G28: =IFERROR(G27/$E$24,0) -> 0 | H28: =IFERROR(H27/$E$24,0) -> 0 | I28: =IFERROR(I27/$E$24,0) -> 0 | J28: =IFERROR(J27/$E$24,0) -> 0 | K28: =IFERROR(K27/$E$24,0) -> 0 | L28: =IFERROR(L27/$E$24,0) -> 0 | M28: =IFERROR(M27/$E$24,0) -> 0 | ... Q28: =IFERROR(Q27/$E$24,0) -> 0
E29: Porcentaje Acumulado (%) PGAR | F29: =F28 -> 0 | G29: =F29+G28 -> 0 | H29: =G29+H28 -> 0 | I29: =H29+I28 -> 0 | J29: =I29+J28 -> 0 | K29: =J29+K28 -> 0 | L29: =K29+L28 -> 0 | M29: =L29+M28 -> 0 | N29: =M29+N28 -> 0 | ... Q29: =P29+Q28 -> 0
C31: PROGRAMACIÓN FINANCIERA EN CASO DE ADICIÓN DE RECURSOS O PRÓRROGA
C32: Valor de la adición | D32: Valor total del contrato (incluida la adición) | E32: Distribución de recursos del valor aportado por Corantioquia
F33: Período 1 | G33: Período 2 | H33: Período 3 | I33: Período 4 | J33: Período 5 | K33: Período 6 | L33: Período 7 | M33: Período 8 | N33: Período 9 | O33: Período 10 | P33: Período 11 | Q33: Período 12 | R33: Total Valores
C34: 0 | D34: =E24+C34 -> 36154138 | E34: Valores ya ejecutados | F34: =F27 -> 0 | G34: =G27 -> 0 | H34: =H27 -> 0 | I34: =I27 -> 0 | J34: =J27 -> 0 | K34: =K27 -> 0 | L34: =L27 -> 0 | M34: =M27 -> 0 | ... Q34: =Q27 -> 0 | R34: =SUM(F34:Q34) -> 0
E35: Porcentaje (%) | F35: =IFERROR(F34/$D$34,0) -> 0 | G35: =IFERROR(G34/$D$34,0) -> 0 | H35: =IFERROR(H34/$D$34,0) -> 0 | I35: =IFERROR(I34/$D$34,0) -> 0 | J35: =IFERROR(J34/$D$34,0) -> 0 | K35: =IFERROR(K34/$D$34,0) -> 0 | L35: =IFERROR(L34/$D$34,0) -> 0 | M35: =IFERROR(M34/$D$34,0) -> 0 | ... Q35: =IFERROR(Q34/$D$34,0) -> 0
E36: Porcentaje Acumulado (%) | F36: =+F35 -> 0 | G36: =+F36+G35 -> 0 | H36: =+G36+H35 -> 0 | I36: =+H36+I35 -> 0 | J36: =+I36+J35 -> 0 | K36: =+J36+K35 -> 0 | L36: =+K36+L35 -> 0 | M36: =+L36+M35 -> 0 | N36: =+M36+N35 -> 0 | ... Q36: =+P36+Q35 -> 0
E37: Valores por ejecutar | F37: 0 | G37: 0 | H37: 0 | I37: 0 | J37: 0 | K37: 0 | L37: 0 | M37: 0 | N37: 0 | O37: 0 | P37: 0 | Q37: 0 | R37: =SUM(F37:Q37) -> 0
E38: Porcentaje (%) | F38: =IFERROR(F37/$D$34,0) -> 0 | G38: =IFERROR(G37/$D$34,0) -> 0 | H38: =IFERROR(H37/$D$34,0) -> 0 | I38: =IFERROR(I37/$D$34,0) -> 0 | J38: =IFERROR(J37/$D$34,0) -> 0 | K38: =IFERROR(K37/$D$34,0) -> 0 | L38: =IFERROR(L37/$D$34,0) -> 0 | M38: =IFERROR(M37/$D$34,0) -> 0 | ... Q38: =IFERROR(Q37/$D$34,0) -> 0
E39: Porcentaje Acumulado (%) | F39: =+F38 -> 0 | G39: =+F39+G38 -> 0 | H39: =+G39+H38 -> 0 | I39: =+H39+I38 -> 0 | J39: =+I39+J38 -> 0 | K39: =+J39+K38 -> 0 | L39: =+K39+L38 -> 0 | M39: =+L39+M38 -> 0 | N39: =+M39+N38 -> 0 | ... Q39: =+P39+Q38 -> 0
C40: PORCENTAJE ACUMULADO (%) TOTAL | F40: =F36+F39 -> 0 | G40: =G36+G39 -> 0 | H40: =H36+H39 -> 0 | I40: =I36+I39 -> 0 | J40: =J36+J39 -> 0 | K40: =K36+K39 -> 0 | L40: =L36+L39 -> 0 | M40: =M36+M39 -> 0 | ... Q40: =Q36+Q39 -> 0 | R40: =IFERROR((R34+R37)/D34,0) -> 0
B48: GERENTE PROGRAMA | G48: COORDINADOR GIT

Sheet Presupuesto Contrato
F1: =Instructivo!F1 -> Sistema de Gestión Integral (SGI) Instructivo - Componente Financiero EP Código: F-PGC-21. Versión: 05 | M1: Instructivo
F2: Hoja "Modalidad y presupuesto del contrato"
A5: MODALIDAD DE CONTRATACIÓN: | C5: ='Plan Ejecución'!C4:AD4 -> 0
A6: OBJETO A CONTRATAR: | C6: ='Plan Ejecución'!C5:AD5 -> 0
A8: COSTOS DE PERSONAL | I8: Recursos por alcance, actividad o subactividad
A9: Ítem | B9: Cantidad personal | C9: (%) Dedicación | D9: Unidad de medida | E9: Cantidad | F9: Valor unitario base | G9: Valor total | H9: (%) PP | I9: Alcance 1 | J9: Alcance 2 | K9: Alcance 3 | L9: Alcance 4 | M9: Alcance 5 | N9: Alcance 6
A10: Mano de Obra Calificada
F11: =IFERROR(VLOOKUP(A11,Honorarios!$A$8:$C$14,2,FALSE()),"") | G11: =IFERROR(B11*C11*E11*F11,0) -> 0 | H11: =IFERROR(G11/$G$80,0) -> 0 | O11: =G11-SUM(I11:N11) -> 0
F12: =IFERROR(VLOOKUP(A12,Honorarios!$A$8:$C$14,2,FALSE()),"") | G12: =IFERROR(B12*C12*E12*F12,0) -> 0 | H12: =IFERROR(G12/$G$80,0) -> 0 | O12: =G12-SUM(I12:N12) -> 0
F13: =IFERROR(VLOOKUP(A13,Honorarios!$A$8:$C$14,2,FALSE()),"") | G13: =IFERROR(B13*C13*E13*F13,0) -> 0 | H13: =IFERROR(G13/$G$80,0) -> 0 | O13: =G13-SUM(I13:N13) -> 0
F14: =IFERROR(VLOOKUP(A14,Honorarios!$A$8:$C$14,2,FALSE()),"") | G14: =IFERROR(B14*C14*E14*F14,0) -> 0 | H14: =IFERROR(G14/$G$80,0) -> 0 | O14: =G14-SUM(I14:N14) -> 0
F15: =IFERROR(VLOOKUP(A15,Honorarios!$A$8:$C$14,2,FALSE()),"") | G15: =IFERROR(B15*C15*E15*F15,0) -> 0 | H15: =IFERROR(G15/$G$80,0) -> 0 | O15: =G15-SUM(I15:N15) -> 0
F16: =IFERROR(VLOOKUP(A16,Honorarios!$A$8:$C$14,2,FALSE()),"") | G16: =IFERROR(B16*C16*E16*F16*#REF!,0) -> 0 | H16: =IFERROR(G16/$G$80,0) -> 0 | O16: =G16-SUM(I16:N16) -> 0
F17: =IFERROR(VLOOKUP(A17,Honorarios!$A$8:$C$14,2,FALSE()),"") | G17: =IFERROR(B17*C17*E17*F17*#REF!,0) -> 0 | H17: =IFERROR(G17/$G$80,0) -> 0 | O17: =G17-SUM(I17:N17) -> 0
F18: =IFERROR(VLOOKUP(A18,Honorarios!$A$8:$C$14,2,FALSE()),"") | G18: =IFERROR(B18*C18*E18*F18*#REF!,0) -> 0 | H18: =IFERROR(G18/$G$80,0) -> 0 | O18: =G18-SUM(I18:N18) -> 0
F19: =IFERROR(VLOOKUP(A19,Honorarios!$A$8:$C$14,2,FALSE()),"") | G19: =IFERROR(B19*C19*E19*F19*#REF!,0) -> 0 | H19: =IFERROR(G19/$G$80,0) -> 0 | O19: =G19-SUM(I19:N19) -> 0
F20: =IFERROR(VLOOKUP(A20,Honorarios!$A$8:$C$14,2,FALSE()),"") | G20: =IFERROR(B20*C20*E20*F20*#REF!,0) -> 0 | H20: =IFERROR(G20/$G$80,0) -> 0 | O20: =G20-SUM(I20:N20) -> 0
F21: =IFERROR(VLOOKUP(A21,Honorarios!$A$8:$C$14,2,FALSE()),"") | G21: =IFERROR(B21*C21*E21*F21*#REF!,0) -> 0 | H21: =IFERROR(G21/$G$80,0) -> 0 | O21: =G21-SUM(I21:N21) -> 0
F22: =IFERROR(VLOOKUP(A22,Honorarios!$A$8:$C$14,2,FALSE()),"") | G22: =IFERROR(B22*C22*E22*F22*#REF!,0) -> 0 | H22: =IFERROR(G22/$G$80,0) -> 0 | O22: =G22-SUM(I22:N22) -> 0
F23: =IFERROR(VLOOKUP(A23,Honorarios!$A$8:$C$14,2,FALSE()),"") | G23: =IFERROR(B23*C23*E23*F23*#REF!,0) -> 0 | H23: =IFERROR(G23/$G$80,0) -> 0 | O23: =G23-SUM(I23:N23) -> 0
F24: =IFERROR(VLOOKUP(A24,Honorarios!$A$8:$C$14,2,FALSE()),"") | G24: =IFERROR(B24*C24*E24*F24*#REF!,0) -> 0 | H24: =IFERROR(G24/$G$80,0) -> 0 | O24: =G24-SUM(I24:N24) -> 0
F25: =IFERROR(VLOOKUP(A25,Honorarios!$A$8:$C$14,2,FALSE()),"") | G25: =IFERROR(B25*C25*E25*F25*#REF!,0) -> 0 | H25: =IFERROR(G25/$G$80,0) -> 0 | O25: =G25-SUM(I25:N25) -> 0
F26: =IFERROR(VLOOKUP(A26,Honorarios!$A$8:$C$14,2,FALSE()),"") | G26: =IFERROR(B26*C26*E26*F26*#REF!,0) -> 0 | H26: =IFERROR(G26/$G$80,0) -> 0 | O26: =G26-SUM(I26:N26) -> 0
F27: =IFERROR(VLOOKUP(A27,Honorarios!$A$8:$C$14,2,FALSE()),"") | G27: =IFERROR(B27*C27*E27*F27*#REF!,0) -> 0 | H27: =IFERROR(G27/$G$80,0) -> 0 | O27: =G27-SUM(I27:N27) -> 0
... F51: =IFERROR(VLOOKUP(A51,Honorarios!$A$8:$C$14,2,FALSE()),"") | G51: =IFERROR(B51*C51*E51*F51*#REF!,0) -> 0 | H51: =IFERROR(G51/$G$80,0) -> 0 | O51: =G51-SUM(I51:N51) -> 0
A52: Subtotal Mano de Obra calificada | G52: =SUM(G11:G51) -> 0 | H52: =SUM(H11:H51) -> 0
A53: Mano de Obra No Calificada
G54: =B54*C54*E54*F54 -> 0 | H54: =IFERROR(G54/$G$80,0) -> 0 | O54: =G54-SUM(I54:N54) -> 0
G55: =B55*C55*E55*F55 -> 0 | H55: =IFERROR(G55/$G$80,0) -> 0 | O55: =G55-SUM(I55:N55) -> 0
G56: =B56*C56*E56*F56 -> 0 | H56: =IFERROR(G56/$G$80,0) -> 0 | O56: =G56-SUM(I56:N56) -> 0
G57: =B57*C57*E57*F57 -> 0 | H57: =IFERROR(G57/$G$80,0) -> 0 | O57: =G57-SUM(I57:N57) -> 0
G58: =B58*C58*E58*F58 -> 0 | H58: =IFERROR(G58/$G$80,0) -> 0 | O58: =G58-SUM(I58:N58) -> 0
G59: =B59*C59*E59*F59 -> 0 | H59: =IFERROR(G59/$G$80,0) -> 0 | O59: =G59-SUM(I59:N59) -> 0
G60: =B60*C60*E60*F60 -> 0 | H60: =IFERROR(G60/$G$80,0) -> 0 | O60: =G60-SUM(I60:N60) -> 0
G61: =B61*C61*E61*F61 -> 0 | H61: =IFERROR(G61/$G$80,0) -> 0 | O61: =G61-SUM(I61:N61) -> 0
G62: =B62*C62*E62*F62 -> 0 | H62: =IFERROR(G62/$G$80,0) -> 0 | O62: =G62-SUM(I62:N62) -> 0
G63: =B63*C63*E63*F63 -> 0 | H63: =IFERROR(G63/$G$80,0) -> 0 | O63: =G63-SUM(I63:N63) -> 0
G64: =B64*C64*E64*F64 -> 0 | H64: =IFERROR(G64/$G$80,0) -> 0 | O64: =G64-SUM(I64:N64) -> 0
G65: =B65*C65*E65*F65 -> 0 | H65: =IFERROR(G65/$G$80,0) -> 0 | O65: =G65-SUM(I65:N65) -> 0
... G78: =B78*C78*E78*F78 -> 0 | H78: =IFERROR(G78/$G$80,0) -> 0 | O78: =G78-SUM(I78:N78) -> 0
A79: Subtotal Mano de Obra no Calificada | G79: =SUM(G54:G78) -> 0 | H79: =SUM(H54:H78) -> 0
A80: SUBTOTAL PERSONAL (Mano de Obra Calificada + Mano de Obra no Calificada) | G80: =G52+G79 -> 0 | H80: =H52+H79 -> 0
A82: COSTOS (Diferentes a los costos del personal)
A83: Ítem | D83: Unidad de medida | E83: Cantidad | F83: Valor unitario | G83: Valor total | H83: (%) PP
G84: =+F84*E84 -> 0 | H84: =IFERROR(G84/$G$126,0) -> 0 | O84: =G84-SUM(I84:N84) -> 0
G85: =+F85*E85 -> 0 | H85: =IFERROR(G85/$G$126,0) -> 0 | O85: =G85-SUM(I85:N85) -> 0
G86: =+F86*E86 -> 0 | H86: =IFERROR(G86/$G$126,0) -> 0 | O86: =G86-SUM(I86:N86) -> 0
G87: =+F87*E87 -> 0 | H87: =IFERROR(G87/$G$126,0) -> 0 | O87: =G87-SUM(I87:N87) -> 0
G88: =+F88*E88 -> 0 | H88: =IFERROR(G88/$G$126,0) -> 0 | O88: =G88-SUM(I88:N88) -> 0
G89: =+F89*E89 -> 0 | H89: =IFERROR(G89/$G$126,0) -> 0 | O89: =G89-SUM(I89:N89) -> 0
G90: =+F90*E90 -> 0 | H90: =IFERROR(G90/$G$126,0) -> 0 | O90: =G90-SUM(I90:N90) -> 0
G91: =+F91*E91 -> 0 | H91: =IFERROR(G91/$G$126,0) -> 0 | O91: =G91-SUM(I91:N91) -> 0
G92: =+F92*E92 -> 0 | H92: =IFERROR(G92/$G$126,0) -> 0 | O92: =G92-SUM(I92:N92) -> 0
G93: =+F93*E93 -> 0 | H93: =IFERROR(G93/$G$126,0) -> 0 | O93: =G93-SUM(I93:N93) -> 0
G94: =+F94*E94 -> 0 | H94: =IFERROR(G94/$G$126,0) -> 0 | O94: =G94-SUM(I94:N94) -> 0
G95: =+F95*E95 -> 0 | H95: =IFERROR(G95/$G$126,0) -> 0 | O95: =G95-SUM(I95:N95) -> 0
... G125: =+F125*E125 -> 0 | H125: =IFERROR(G125/$G$126,0) -> 0 | O125: =G125-SUM(I125:N125) -> 0
A126: SUBTOTAL COSTOS (Diferentes a los costos del personal) | G126: =SUM(G84:G125) -> 0 | H126: =SUM(H84:H125) -> 0
I127: =SUM(I10:I126) -> 0 | J127: =SUM(J10:J126) -> 0 | K127: =SUM(K10:K126) -> 0 | L127: =SUM(L10:L126) -> 0 | M127: =SUM(M10:M126) -> 0 | N127: =SUM(N10:N126) -> 0
A129: SUBTOTAL (antes de AU e IVA) | H129: =G80+G126 -> 0
A130: Administración | G130: 0.15 | H130: =H129*G130 -> 0 | I130: Gastos de administración
A131: Utilidad | G131: 0 | H131: =G131*H130 -> 0
A132: IVA | G132: 0.19 | H132: =(H129+H130+H131)*G132 -> 0 | I132: Info IVA
A133: TOTAL (incluido AU e IVA) | H133: =SUM(H129:H132) -> 0
A135: RESUMEN POR CONCEPTO
A136: Ítem | D136: Valor total | E136: (%) PP (SUBTOTAL) | F136: (%) PP (TOTAL)
A137: =A80 -> SUBTOTAL PERSONAL (Mano de Obra Calificada + Mano de Obra no Calificada) | D137: =G80 -> 0 | E137: =IFERROR(D137/$H$129,0) -> 0 | F137: =IFERROR(D137/$H$133,0) -> 0
A138: =A82 -> COSTOS (Diferentes a los costos del personal) | D138: =G126 -> 0 | E138: =IFERROR(D138/$H$129,0) -> 0 | F138: =IFERROR(D138/$H$133,0) -> 0
A139: =A130 -> Administración | D139: =H130 -> 0 | E139: NA | F139: =IFERROR(D139/$H$133,0) -> 0
A140: =A131 -> Utilidad | D140: =H131 -> 0 | E140: NA | F140: =IFERROR(D140/$H$133,0) -> 0
A141: =A132 -> IVA | D141: =H132 -> 0 | E141: NA | F141: =IFERROR(D141/$H$133,0) -> 0
E142: =SUM(E137:E138) -> 0 | F142: =SUM(F137:F141) -> 0
A144: RESUMEN POR ALCANCES, ACTIVIDADES O SUBACTIVIDADES
A145: Alcance, actividad o subactividad | B145: Subtotal (Costos de personal y diferentes de personal) | C145: Costos de administración Y/O utilidad si aplican | D145: IVA (Si aplica) | E145: TOTAL | F145: ¿Es alcance de obra? (Si, No) | G145: (%) PP (TOTAL)
E146: =SUM(B146:D146) -> 0 | G146: =IFERROR(E146/$H$133,0) -> 0
E147: =SUM(B147:D147) -> 0 | G147: =IFERROR(E147/$H$133,0) -> 0
E148: =SUM(B148:D148) -> 0 | G148: =IFERROR(E148/$H$133,0) -> 0
E149: =SUM(B149:D149) -> 0 | G149: =IFERROR(E149/$H$133,0) -> 0
E150: =SUM(B150:D150) -> 0 | G150: =IFERROR(E150/$H$133,0) -> 0
E151: =SUM(B151:D151) -> 0 | G151: =IFERROR(E151/$H$133,0) -> 0
E152: =SUM(B152:D152) -> 0 | G152: =IFERROR(E152/$H$133,0) -> 0
E153: =SUM(B153:D153) -> 0 | G153: =IFERROR(E153/$H$133,0) -> 0
E154: =SUM(B154:D154) -> 0 | G154: =IFERROR(E154/$H$133,0) -> 0
E155: =SUM(B155:D155) -> 0 | G155: =IFERROR(E155/$H$133,0) -> 0
E156: =SUM(B156:D156) -> 0 | G156: =IFERROR(E156/$H$133,0) -> 0
E157: =SUM(B157:D157) -> 0 | G157: =IFERROR(E157/$H$133,0) -> 0
... E165: =SUM(B165:D165) -> 0 | G165: =IFERROR(E165/$H$133,0) -> 0
B166: =SUM(B146:B165) -> 0 | C166: =SUM(C146:C165) -> 0 | D166: =SUM(D146:D165) -> 0 | E166: =SUM(E146:E165) -> 0 | G166: =SUM(G146:G165) -> 0
B167: =B166-H129 -> 0 | C167: =C166-(H130+H131) -> 0 | D167: =D166-H132 -> 0 | E167: =E166-H133 -> 0

Sheet Ppto PSP
F1: =Instructivo!F1 -> Sistema de Gestión Integral (SGI) Instructivo - Componente Financiero EP Código: F-PGC-21. Versión: 05 | M1: Instructivo
F2: Hoja "Presupuesto - modalidad contrato - prestación de servicios personales" | M2: Plan de ejecución física y de inversiones - prestación de servicios personales
A5: MODALIDAD DE CONTRATACIÓN: | B5: ='PE PSP'!R4 -> Directa
A6: OBJETO A CONTRATAR: | B6: ='PE PSP'!R5 -> Prestar los servicios profesionales para apoyar las actividades técnicas y administrativas, requeridas en el desarrollo del grupo Gestión Integral del Recurso Hídrico en la Subdirección de Gestión Ambiental
A8: Ítem | B8: Unidad de medida | C8: Cantidad | D8: Valor unitario base | E8: Factor prestacional | F8: Valor total
A9: Profesional especializado con experiencia | B9: Mes | C9: 4.5 | D9: =IFERROR(VLOOKUP(A9,Honorarios!$A$8:$C$14,2,FALSE()),"") -> 8034253 | E9: 1 | F9: =IFERROR(C9*D9,0) -> 36154138 | G9: Tabla de honorarios
F10: =IFERROR(C10*D10,0) -> 0
A11: SUBTOTAL | F11: =F9+F10 -> 36154138
A12: IVA | F12: 0 | G12: Solo aplica en caso que la persona natural sea responsable de IVA
A13: TOTAL | F13: =F11+F12 -> 36154138

Sheet Presupuesto Convenio
F1: =Instructivo!F1 -> Sistema de Gestión Integral (SGI) Instructivo - Componente Financiero EP Código: F-PGC-21. Versión: 05 | M1: Instructivo
F2: Hoja "Presupuesto - Modalidad convenio"
A5: MODALIDAD DE CONTRATACIÓN: | C5: ='Plan Ejecución'!AE4 -> 0
A6: OBJETO A CONTRATAR: | C6: ='Plan Ejecución'!AE5 -> 0
A8: COSTOS DE PERSONAL | I8: FUENTES DE COFINANCIACIÓN | N8: Recursos en dinero de CORANTIOQUIA por alcance, actividad o subactividad
A9: Ítem | B9: Cantidad personal | C9: (%) Dedicación | D9: Unidad de medida | E9: Cantidad | F9: Valor unitario base | G9: Valor total | H9: (%) PP | I9: CORANTIOQUIA | K9: Entidad 1:
I10: DINERO | J10: ESPECIE | K10: DINERO | L10: ESPECIE | N10: Alcance 1 | O10: Alcance 2 | P10: Alcance 3 | Q10: Alcance 4 | R10: Alcance 5 | S10: Alcance 6
A11: Mano de Obra Calificada
F12: =IFERROR(VLOOKUP(A12,Honorarios!$A$8:$C$14,2,FALSE()),"") | G12: =IFERROR(B12*C12*E12*F12*#REF!,0) -> 0 | H12: =IFERROR(G12/$G$100,0) -> 0 | M12: =IFERROR(G12-SUM(I12:L12),"") -> 0 | T12: =I12-SUM(N12:S12) -> 0
F13: =IFERROR(VLOOKUP(A13,Honorarios!$A$8:$C$14,2,FALSE()),"") | G13: =IFERROR(B13*C13*E13*F13*#REF!,0) -> 0 | H13: =IFERROR(G13/$G$100,0) -> 0 | M13: =IFERROR(G13-SUM(I13:L13),"") -> 0 | T13: =I13-SUM(N13:S13) -> 0
F14: =IFERROR(VLOOKUP(A14,Honorarios!$A$8:$C$14,2,FALSE()),"") | G14: =IFERROR(B14*C14*E14*F14*#REF!,0) -> 0 | H14: =IFERROR(G14/$G$100,0) -> 0 | M14: =IFERROR(G14-SUM(I14:L14),"") -> 0 | T14: =I14-SUM(N14:S14) -> 0
F15: =IFERROR(VLOOKUP(A15,Honorarios!$A$8:$C$14,2,FALSE()),"") | G15: =IFERROR(B15*C15*E15*F15*#REF!,0) -> 0 | H15: =IFERROR(G15/$G$100,0) -> 0 | M15: =IFERROR(G15-SUM(I15:L15),"") -> 0 | T15: =I15-SUM(N15:S15) -> 0
F16: =IFERROR(VLOOKUP(A16,Honorarios!$A$8:$C$14,2,FALSE()),"") | G16: =IFERROR(B16*C16*E16*F16*#REF!,0) -> 0 | H16: =IFERROR(G16/$G$100,0) -> 0 | M16: =IFERROR(G16-SUM(I16:L16),"") -> 0 | T16: =I16-SUM(N16:S16) -> 0
F17: =IFERROR(VLOOKUP(A17,Honorarios!$A$8:$C$14,2,FALSE()),"") | G17: =IFERROR(B17*C17*E17*F17*#REF!,0) -> 0 | H17: =IFERROR(G17/$G$100,0) -> 0 | M17: =IFERROR(G17-SUM(I17:L17),"") -> 0 | T17: =I17-SUM(N17:S17) -> 0
F18: =IFERROR(VLOOKUP(A18,Honorarios!$A$8:$C$14,2,FALSE()),"") | G18: =IFERROR(B18*C18*E18*F18*#REF!,0) -> 0 | H18: =IFERROR(G18/$G$100,0) -> 0 | M18: =IFERROR(G18-SUM(I18:L18),"") -> 0 | T18: =I18-SUM(N18:S18) -> 0
F19: =IFERROR(VLOOKUP(A19,Honorarios!$A$8:$C$14,2,FALSE()),"") | G19: =IFERROR(B19*C19*E19*F19*#REF!,0) -> 0 | H19: =IFERROR(G19/$G$100,0) -> 0 | M19: =IFERROR(G19-SUM(I19:L19),"") -> 0 | T19: =I19-SUM(N19:S19) -> 0
F20: =IFERROR(VLOOKUP(A20,Honorarios!$A$8:$C$14,2,FALSE()),"") | G20: =IFERROR(B20*C20*E20*F20*#REF!,0) -> 0 | H20: =IFERROR(G20/$G$100,0) -> 0 | M20: =IFERROR(G20-SUM(I20:L20),"") -> 0 | T20: =I20-SUM(N20:S20) -> 0
F21: =IFERROR(VLOOKUP(A21,Honorarios!$A$8:$C$14,2,FALSE()),"") | G21: =IFERROR(B21*C21*E21*F21*#REF!,0) -> 0 | H21: =IFERROR(G21/$G$100,0) -> 0 | M21: =IFERROR(G21-SUM(I21:L21),"") -> 0 | T21: =I21-SUM(N21:S21) -> 0
F22: =IFERROR(VLOOKUP(A22,Honorarios!$A$8:$C$14,2,FALSE()),"") | G22: =IFERROR(B22*C22*E22*F22*#REF!,0) -> 0 | H22: =IFERROR(G22/$G$100,0) -> 0 | M22: =IFERROR(G22-SUM(I22:L22),"") -> 0 | T22: =I22-SUM(N22:S22) -> 0
F23: =IFERROR(VLOOKUP(A23,Honorarios!$A$8:$C$14,2,FALSE()),"") | G23: =IFERROR(B23*C23*E23*F23*#REF!,0) -> 0 | H23: =IFERROR(G23/$G$100,0) -> 0 | M23: =IFERROR(G23-SUM(I23:L23),"") -> 0 | T23: =I23-SUM(N23:S23) -> 0
... F60: =IFERROR(VLOOKUP(A60,Honorarios!$A$8:$C$14,2,FALSE()),"") | G60: =IFERROR(B60*C60*E60*F60*#REF!,0) -> 0 | H60: =IFERROR(G60/$G$100,0) -> 0 | M60: =IFERROR(G60-SUM(I60:L60),"") -> 0 | T60: =I60-SUM(N60:S60) -> 0
A61: Subtotal Mano de Obra calificada | G61: =SUM(G12:G60) -> 0 | H61: =SUM(H12:H60) -> 0 | I61: =SUM(I12:I60) -> 0 | J61: =SUM(J12:J60) -> 0 | K61: =SUM(K12:K60) -> 0 | L61: =SUM(L12:L60) -> 0 | M61: =G61-SUM(I61:L61) -> 0
A62: Mano de Obra No Calificada
G63: =IFERROR(B63*C63*E63*F63*#REF!,0) -> 0 | H63: =IFERROR(G63/$G$100,0) -> 0 | M63: =G63-SUM(I63:L63) -> 0 | T63: =I63-SUM(N63:S63) -> 0
G64: =IFERROR(B64*C64*E64*F64*#REF!,0) -> 0 | H64: =IFERROR(G64/$G$100,0) -> 0 | M64: =G64-SUM(I64:L64) -> 0 | T64: =I64-SUM(N64:S64) -> 0
G65: =IFERROR(B65*C65*E65*F65*#REF!,0) -> 0 | H65: =IFERROR(G65/$G$100,0) -> 0 | M65: =G65-SUM(I65:L65) -> 0 | T65: =I65-SUM(N65:S65) -> 0
G66: =IFERROR(B66*C66*E66*F66*#REF!,0) -> 0 | H66: =IFERROR(G66/$G$100,0) -> 0 | M66: =G66-SUM(I66:L66) -> 0 | T66: =I66-SUM(N66:S66) -> 0
G67: =IFERROR(B67*C67*E67*F67*#REF!,0) -> 0 | H67: =IFERROR(G67/$G$100,0) -> 0 | M67: =G67-SUM(I67:L67) -> 0 | T67: =I67-SUM(N67:S67) -> 0
G68: =IFERROR(B68*C68*E68*F68*#REF!,0) -> 0 | H68: =IFERROR(G68/$G$100,0) -> 0 | M68: =G68-SUM(I68:L68) -> 0 | T68: =I68-SUM(N68:S68) -> 0
G69: =IFERROR(B69*C69*E69*F69*#REF!,0) -> 0 | H69: =IFERROR(G69/$G$100,0) -> 0 | M69: =G69-SUM(I69:L69) -> 0 | T69: =I69-SUM(N69:S69) -> 0
G70: =IFERROR(B70*C70*E70*F70*#REF!,0) -> 0 | H70: =IFERROR(G70/$G$100,0) -> 0 | M70: =G70-SUM(I70:L70) -> 0 | T70: =I70-SUM(N70:S70) -> 0
G71: =IFERROR(B71*C71*E71*F71*#REF!,0) -> 0 | H71: =IFERROR(G71/$G$100,0) -> 0 | M71: =G71-SUM(I71:L71) -> 0 | T71: =I71-SUM(N71:S71) -> 0
G72: =IFERROR(B72*C72*E72*F72*#REF!,0) -> 0 | H72: =IFERROR(G72/$G$100,0) -> 0 | M72: =G72-SUM(I72:L72) -> 0 | T72: =I72-SUM(N72:S72) -> 0
G73: =IFERROR(B73*C73*E73*F73*#REF!,0) -> 0 | H73: =IFERROR(G73/$G$100,0) -> 0 | M73: =G73-SUM(I73:L73) -> 0 | T73: =I73-SUM(N73:S73) -> 0
G74: =IFERROR(B74*C74*E74*F74*#REF!,0) -> 0 | H74: =IFERROR(G74/$G$100,0) -> 0 | M74: =G74-SUM(I74:L74) -> 0 | T74: =I74-SUM(N74:S74) -> 0
... G98: =IFERROR(B98*C98*E98*F98*#REF!,0) -> 0 | H98: =IFERROR(G98/$G$100,0) -> 0 | M98: =G98-SUM(I98:L98) -> 0 | T98: =I98-SUM(N98:S98) -> 0
A99: Subtotal Mano de Obra no Calificada | G99: =SUM(G63:G98) -> 0 | H99: =SUM(H63:H98) -> 0 | I99: =SUM(I63:I98) -> 0 | J99: =SUM(J63:J98) -> 0 | K99: =SUM(K63:K98) -> 0 | L99: =SUM(L63:L98) -> 0 | M99: =G99-SUM(I99:L99) -> 0
A100: SUBTOTAL PERSONAL (Mano de Obra Calificada + Mano de Obra no Calificada) | G100: =G61+G99 -> 0 | H100: =H61+H99 -> 0 | I100: =I61+I99 -> 0 | J100: =J61+J99 -> 0 | K100: =K61+K99 -> 0 | L100: =L61+L99 -> 0 | M100: =G100-SUM(I100:L100) -> 0
A102: COSTOS (Diferentes a los costos del personal) | I102: FUENTES DE COFINANCIACIÓN
A103: Ítem | D103: Unidad de medida | E103: Cantidad | F103: Valor unitario | G103: Valor total | H103: (%) PP | I103: CORANTIOQUIA | K103: Entidad 1:
I104: DINERO | J104: ESPECIE | K104: DINERO | L104: ESPECIE
G105: =+F105*E105 -> 0 | H105: =IFERROR(G105/$G$150,0) -> 0 | M105: =G105-SUM(I105:L105) -> 0 | T105: =I105-SUM(N105:S105) -> 0
G106: =+F106*E106 -> 0 | H106: =IFERROR(G106/$G$150,0) -> 0 | M106: =G106-SUM(I106:L106) -> 0 | T106: =I106-SUM(N106:S106) -> 0
G107: =+F107*E107 -> 0 | H107: =IFERROR(G107/$G$150,0) -> 0 | M107: =G107-SUM(I107:L107) -> 0 | T107: =I107-SUM(N107:S107) -> 0
G108: =+F108*E108 -> 0 | H108: =IFERROR(G108/$G$150,0) -> 0 | M108: =G108-SUM(I108:L108) -> 0 | T108: =I108-SUM(N108:S108) -> 0
G109: =+F109*E109 -> 0 | H109: =IFERROR(G109/$G$150,0) -> 0 | M109: =G109-SUM(I109:L109) -> 0 | T109: =I109-SUM(N109:S109) -> 0
G110: =+F110*E110 -> 0 | H110: =IFERROR(G110/$G$150,0) -> 0 | M110: =G110-SUM(I110:L110) -> 0 | T110: =I110-SUM(N110:S110) -> 0
G111: =+F111*E111 -> 0 | H111: =IFERROR(G111/$G$150,0) -> 0 | M111: =G111-SUM(I111:L111) -> 0 | T111: =I111-SUM(N111:S111) -> 0
G112: =+F112*E112 -> 0 | H112: =IFERROR(G112/$G$150,0) -> 0 | M112: =G112-SUM(I112:L112) -> 0 | T112: =I112-SUM(N112:S112) -> 0
G113: =+F113*E113 -> 0 | H113: =IFERROR(G113/$G$150,0) -> 0 | M113: =G113-SUM(I113:L113) -> 0 | T113: =I113-SUM(N113:S113) -> 0
G114: =+F114*E114 -> 0 | H114: =IFERROR(G114/$G$150,0) -> 0 | M114: =G114-SUM(I114:L114) -> 0 | T114: =I114-SUM(N114:S114) -> 0
G115: =+F115*E115 -> 0 | H115: =IFERROR(G115/$G$150,0) -> 0 | M115: =G115-SUM(I115:L115) -> 0 | T115: =I115-SUM(N115:S115) -> 0
G116: =+F116*E116 -> 0 | H116: =IFERROR(G116/$G$150,0) -> 0 | M116: =G116-SUM(I116:L116) -> 0 | T116: =I116-SUM(N116:S116) -> 0
... G149: =+F149*E149 -> 0 | H149: =IFERROR(G149/$G$150,0) -> 0 | M149: =G149-SUM(I149:L149) -> 0 | T149: =I149-SUM(N149:S149) -> 0
A150: SUBTOTAL COSTOS (Diferentes a los costos del personal) | G150: =SUM(G105:G149) -> 0 | H150: =SUM(H105:H149) -> 0 | I150: =SUM(I105:I149) -> 0 | J150: =SUM(J105:J149) -> 0 | K150: =SUM(K105:K149) -> 0 | L150: =SUM(L105:L149) -> 0 | M150: =G150-SUM(I150:L150) -> 0
N151: =SUM(N11:N150) -> 0 | O151: =SUM(O11:O150) -> 0 | P151: =SUM(P11:P150) -> 0 | Q151: =SUM(Q11:Q150) -> 0 | R151: =SUM(R11:R150) -> 0 | S151: =SUM(S11:S150) -> 0
I153: FUENTES DE COFINANCIACIÓN
I154: CORANTIOQUIA | K154: Entidad 1:
I155: DINERO | J155: ESPECIE | K155: DINERO | L155: ESPECIE
A156: SUBTOTAL (antes de administración) | G156: =G100+G150 -> 0 | I156: =I100+I150 -> 0 | J156: =J100+J150 -> 0 | K156: =K100+K150 -> 0 | L156: =L100+L150 -> 0 | M156: =G156-SUM(I156:L156) -> 0
A157: TOTAL APORTES EN DINERO (antes de administración) | G157: =I157 -> 0 | I157: =I156 -> 0 | K157: =IF(G155="Si",K156,0) -> 0 | M157: =G157-SUM(I157:L157) -> 0
A158: Gastos de administración u operativos | G158: =F158*G157 -> 0 | I158: =I157*F158 -> 0 | K158: =IF($G$155="Si",K157*#REF!,0) -> 0 | M158: =G158-SUM(I158:L158) -> 0
A159: TOTAL (incluido administración) | G159: =G156+G158 -> 0 | I159: =SUM(I157:I158) -> 0 | J159: =J156 -> 0 | K159: =IF(G155="Si",SUM(K157:K158),K156) -> 0 | L159: =L156 -> 0 | M159: =G159-SUM(I159:L159) -> 0
I160: =I159+J159 -> 0 | K160: =K159+L159 -> 0 | M160: Total | N160: =G159-I160-K160 -> 0
I161: =IFERROR(I160/G159,0) -> 0 | K161: =IFERROR(K160/G159,0) -> 0 | M161: %
A162: RESUMEN POR CONCEPTO
A163: Ítem | D163: Valor total | E163: (%) PP (SUBTOTAL) | F163: (%) PP (TOTAL)
A164: =A100 -> SUBTOTAL PERSONAL (Mano de Obra Calificada + Mano de Obra no Calificada) | D164: =G100 -> 0 | E164: =IFERROR(D164/$G$156,0) -> 0 | F164: =IFERROR(D164/$G$159,0) -> 0
A165: =A102 -> COSTOS (Diferentes a los costos del personal) | D165: =G150 -> 0 | E165: =IFERROR(D165/$G$156,0) -> 0 | F165: =IFERROR(D165/$G$159,0) -> 0
A166: =A158 -> Gastos de administración u operativos | D166: =G158 -> 0 | E166: NA | F166: =IFERROR(D166/$G$159,0) -> 0
E167: =SUM(E164:E165) -> 0 | F167: =SUM(F164:F166) -> 0
A169: Realizar el análisis respectivo en caso que el conveniante - ejecutor vaya a realizar un contrato derivado, con la claridad que en este momento se está planeando la relación del convenio CAR - 3ro conveniante, y en caso de una subcontratación por parte del 3ro conveniante ejecutor, este debe considerar las implicaciones financieras de dicho contrato derivado, y realizar la respectiva planeación del mismo. Como se está planeando el convenio, el mismo solo lleva gastos de administración u operativos, ahora bien, para efectos de planeación, se puede hacer el análisis del contrato derivado que en vez de gastos de administración puede acarrear AU e IVA, los cuales en caso de que procedan se deberán considerar dentro de los gastos administrativos u operativos del convenio en la proporción que corresponda a los aportes en dinero de la entidad. Teniendo en cuenta que nuestra competencia se circunscribe al convenio a celebrar, y la forma de ejecución del mismo por parte del conveniante ejecutor, sea directamente o por intermedio de un tercero, es discrecional a él.
A170: Ir a estimar gastos de administración | C170: Info IVA
A172: RESUMEN POR ALCANCES, ACTIVIDADES O SUBACTIVIDADES - RECURSOS EN DINERO CORANTIOQUIA
A173: Alcance, actividad o subactividad | B173: Subtotal en dinero (Costos de personal y diferentes de personal) | C173: Costos de administración u operativos, si aplica | D173: TOTAL | E173: ¿Es alcance de obra? (Si, No) | F173: (%) PP (TOTAL)
D174: =SUM(B174:C174) -> 0 | F174: =IFERROR(D174/$I$159,0) -> 0
D175: =SUM(B175:C175) -> 0 | F175: =IFERROR(D175/$I$159,0) -> 0
D176: =SUM(B176:C176) -> 0 | F176: =IFERROR(D176/$I$159,0) -> 0
D177: =SUM(B177:C177) -> 0 | F177: =IFERROR(D177/$I$159,0) -> 0
D178: =SUM(B178:C178) -> 0 | F178: =IFERROR(D178/$I$159,0) -> 0
D179: =SUM(B179:C179) -> 0 | F179: =IFERROR(D179/$I$159,0) -> 0
D180: =SUM(B180:C180) -> 0 | F180: =IFERROR(D180/$I$159,0) -> 0
D181: =SUM(B181:C181) -> 0 | F181: =IFERROR(D181/$I$159,0) -> 0
D182: =SUM(B182:C182) -> 0 | F182: =IFERROR(D182/$I$159,0) -> 0
D183: =SUM(B183:C183) -> 0 | F183: =IFERROR(D183/$I$159,0) -> 0
D184: =SUM(B184:C184) -> 0 | F184: =IFERROR(D184/$I$159,0) -> 0
D185: =SUM(B185:C185) -> 0 | F185: =IFERROR(D185/$I$159,0) -> 0
... D193: =SUM(B193:C193) -> 0 | F193: =IFERROR(D193/$I$159,0) -> 0
B194: =SUM(B174:B193) -> 0 | C194: =SUM(C174:C193) -> 0 | D194: =SUM(D174:D193) -> 0 | F194: =SUM(F174:F193) -> 0
B195: =B194-I157 -> 0 | C195: =C194-I158 -> 0 | D195: =D194-I159 -> 0

Sheet Memoria de cálculo O1
B1: =Instructivo!F1 -> Sistema de Gestión Integral (SGI) Instructivo - Componente Financiero EP Código: F-PGC-21. Versión: 05 | H1: Instructivo
B2: Hoja "Memoria de cálculo - opción 1"
A5: MODALIDAD DE CONTRATACIÓN: | B5: ='Plan Ejecución'!AE4 -> 0
A6: OBJETO A CONTRATAR: | B6: ='Plan Ejecución'!AE5 -> 0
A8: PROCESO/ ALCANCE / ACTIVIDAD:
A9: UNIDAD DE MEDIDA PARA EL PRECIO UNITARIO:
A10: ESPECIFICACIÓN TÉCNICA PARA EL PRECIO UNITARIO:
A12: Ítem | B12: Unidad de medida | C12: Cantidad | D12: Valor unitario | E12: Valor total
E13: =C13*D13 -> 0
E14: =C14*D14 -> 0
E15: =C15*D15 -> 0
E16: =C16*D16 -> 0
E17: =C17*D17 -> 0
E18: =C18*D18 -> 0
E19: =C19*D19 -> 0
E20: =C20*D20 -> 0
E21: =C21*D21 -> 0
E22: =C22*D22 -> 0
E23: =C23*D23 -> 0
E24: =C24*D24 -> 0
... E185: =C185*D185 -> 0
A186: SUBTOTAL (antes de IVA) | E186: =SUM(E13:E185) -> 0
A187: IVA | D187: 0.19 | E187: =E186*19% -> 0 | F187: Info IVA
A188: TOTAL (incluido IVA) | E188: =E186+E187 -> 0

Sheet Memoria de cálculo O2
B1: =Instructivo!F1 -> Sistema de Gestión Integral (SGI) Instructivo - Componente Financiero EP Código: F-PGC-21. Versión: 05 | H1: Instructivo
B2: Hoja "Memoria de cálculo - opción 2"
A5: MODALIDAD DE CONTRATACIÓN: | F5: ='Plan Ejecución'!AE4 -> 0
A6: OBJETO A CONTRATAR: | F6: ='Plan Ejecución'!AE5 -> 0
A8: PROCESO/ ALCANCE / ACTIVIDAD:
A9: UNIDAD DE MEDIDA PARA EL PRECIO UNITARIO:
A10: ESPECIFICACIÓN TÉCNICA PARA EL PRECIO UNITARIO:
A12: DISCRIMINACIÓN DE COSTOS | H12: FUENTES DE COFINANCIACIÓN
H13: CORANTIOQUIA | J13: Entidad 1:
A14: Ítem | B14: Cantidad personal | C14: (%) Dedicación | D14: Unidad de medida | E14: Cantidad | F14: Valor unitario base | G14: Valor total | H14: DINERO | I14: ESPECIE | J14: DINERO | K14: ESPECIE
A15: COSTOS DE PERSONAL
G16: =B16*C16*E16*F16 -> 0
G17: =B17*C17*E17*F17 -> 0
G18: =B18*C18*E18*F18 -> 0
G19: =B19*C19*E19*F19 -> 0
G20: =B20*C20*E20*F20 -> 0
G21: =B21*C21*E21*F21 -> 0
G22: =B22*C22*E22*F22 -> 0
G23: =B23*C23*E23*F23 -> 0
G24: =B24*C24*E24*F24 -> 0
G25: =B25*C25*E25*F25 -> 0
G26: =B26*C26*E26*F26 -> 0
G27: =B27*C27*E27*F27 -> 0
... G40: =B40*C40*E40*F40 -> 0
A41: SUBTOTAL COSTOS DE PERSONAL | G41: =SUM(G16:G40) -> 0 | H41: =SUM(H16:H40) -> 0 | I41: =SUM(I16:I40) -> 0 | J41: =SUM(J16:J40) -> 0 | K41: =SUM(K16:K40) -> 0
A42: Ítem | D42: Unidad de medida | E42: Cantidad | F42: Valor unitario | G42: Valor total oferente | H42: DINERO | I42: ESPECIE | J42: DINERO | K42: ESPECIE
A43: COSTOS DE MATERIALES Y SUMINISTROS
G44: =E44*F44 -> 0
G45: =E45*F45 -> 0
G46: =E46*F46 -> 0
G47: =E47*F47 -> 0
G48: =E48*F48 -> 0
G49: =E49*F49 -> 0
G50: =E50*F50 -> 0
G51: =E51*F51 -> 0
G52: =E52*F52 -> 0
G53: =E53*F53 -> 0
G54: =E54*F54 -> 0
G55: =E55*F55 -> 0
... G119: =E119*F119 -> 0
A120: SUBTOTAL COSTOS DE MATERIALES Y SUMINISTROS | G120: =SUM(G44:G119) -> 0 | H120: =SUM(H44:H119) -> 0 | I120: =SUM(I44:I119) -> 0 | J120: =SUM(J44:J119) -> 0 | K120: =SUM(K44:K119) -> 0
A121: COSTOS DE MAQUINARIA Y EQUIPO
G122: =E122*F122 -> 0
G123: =E123*F123 -> 0
G124: =E124*F124 -> 0
G125: =E125*F125 -> 0
G126: =E126*F126 -> 0
G127: =E127*F127 -> 0
G128: =E128*F128 -> 0
G129: =E129*F129 -> 0
G130: =E130*F130 -> 0
G131: =E131*F131 -> 0
G132: =E132*F132 -> 0
G133: =E133*F133 -> 0
... G176: =E176*F176 -> 0
A177: SUBTOTAL COSTOS DE MAQUINARIA Y EQUIPO | G177: =SUM(G122:G176) -> 0 | H177: =SUM(H122:H176) -> 0 | I177: =SUM(I122:I176) -> 0 | J177: =SUM(J122:J176) -> 0 | K177: =SUM(K122:K176) -> 0
A178: OTROS COSTOS
G179: =E179*F179 -> 0
G180: =E180*F180 -> 0
G181: =E181*F181 -> 0
G182: =E182*F182 -> 0
G183: =E183*F183 -> 0
G184: =E184*F184 -> 0
G185: =E185*F185 -> 0
G186: =E186*F186 -> 0
G187: =E187*F187 -> 0
G188: =E188*F188 -> 0
G189: =E189*F189 -> 0
G190: =E190*F190 -> 0
... G232: =E232*F232 -> 0
A233: SUBTOTAL OTROS COSTOS | G233: =SUM(G179:G232) -> 0 | H233: =SUM(H179:H232) -> 0 | I233: =SUM(I179:I232) -> 0 | J233: =SUM(J179:J232) -> 0 | K233: =SUM(K179:K232) -> 0
A235: ¿ES UN CONTRATO O REQUIERE CONTRATO DERIVADO? | G235: No
A236: =IF(G235="Si","SUBTOTAL (antes de AU e IVA)", "SUBTOTAL (antes de administración)") -> SUBTOTAL (antes de administración) | G236: =G41+G120+G177+G233 -> 0 | H236: =H41+H120+H177+H233 -> 0 | I236: =I41+I120+I177+I233 -> 0 | J236: =J41+J120+J177+J233 -> 0 | K236: =K41+K120+K177+K233 -> 0
A237: =IF(G235="Si","Administración","Gastos de administración") -> Gastos de administración | G237: =G236*F237 -> 0 | L237: Gastos de administración
A238: =IF(G235="Si","Utilidad","") | G238: =G236*F238 -> 0
A239: =IF(G235="Si","IVA","") | G239: =F239*(G236+G237+G238) -> 0 | L239: Info IVA
A240: =IF(G235="Si","TOTAL (incluido AU e IVA)", "TOTAL (incluido administración)") -> TOTAL (incluido administración) | G240: =SUM(G236:G239) -> 0 | H240: =SUM(H236:H239) -> 0 | I240: =SUM(I236:I239) -> 0 | J240: =SUM(J236:J239) -> 0 | K240: =SUM(K236:K239) -> 0
A241: Unidades | C241: Unidad de medida | E241: =IF(G235="Si","Costo unitario (antes de AU e IVA)", "Costo unitario (antes de administración)") -> Costo unitario (antes de administración) | F241: =IFERROR(G236/B241,0) -> 0 | G241: Observaciones:
A242: Unidades | C242: Unidad de medida | E242: =IF(G235="Si","Costo unitario (AU e IVA incluido)", "Costo unitario (administración incluida)") -> Costo unitario (administración incluida) | F242: =IFERROR(G240/B242,0) -> 0
A244: Unidades | C244: Unidad de medida | E244: =IF(G235="Si","Costo unitario sin MO (antes de AU e IVA)", "Costo unitario sin MO (antes de administración)") -> Costo unitario sin MO (antes de administración) | F244: =IFERROR((G236-G41)/B244,0) -> 0 | G244: Observaciones:
A245: Unidades | C245: Unidad de medida | E245: =IF(G235="Si","Costo unitario sin MO (AU e IVA incluido)", "Costo unitario sin MO(administración incluida)") -> Costo unitario sin MO(administración incluida) | F245: =IFERROR((G240-G41)/B245,0) -> 0

Sheet Memoria de cálculo O3
E1: =Instructivo!F1 -> Sistema de Gestión Integral (SGI) Instructivo - Componente Financiero EP Código: F-PGC-21. Versión: 05 | J1: Instructivo
E2: Hoja "Memoria de cálculo - opción 3"
A5: MODALIDAD DE CONTRATACIÓN: | F5: ='Plan Ejecución'!AE4 -> 0
A6: OBJETO A CONTRATAR: | F6: ='Plan Ejecución'!AE5 -> 0
A8: PROCESO/ ALCANCE / ACTIVIDAD:
A9: UNIDAD DE MEDIDA PARA EL PRECIO UNITARIO:
A10: ESPECIFICACIÓN TÉCNICA PARA EL PRECIO UNITARIO:
A12: DISCRIMINACIÓN DE COSTOS | H12: FUENTES DE COFINANCIACIÓN
H13: CORANTIOQUIA | J13: Entidad 1:
A14: ACTIVIDAD 1
A15: Ítem | B15: Cantidad personal | C15: (%) Dedicación | D15: Unidad de medida | E15: Cantidad | F15: Valor unitario base | G15: Valor total | H15: DINERO | I15: ESPECIE | J15: DINERO | K15: ESPECIE
A16: COSTOS DE PERSONAL
G17: =B17*C17*E17*F17 -> 0
G18: =B18*C18*E18*F18 -> 0
G19: =B19*C19*E19*F19 -> 0
G20: =B20*C20*E20*F20 -> 0
G21: =B21*C21*E21*F21 -> 0
G22: =B22*C22*E22*F22 -> 0
G23: =B23*C23*E23*F23 -> 0
G24: =B24*C24*E24*F24 -> 0
G25: =B25*C25*E25*F25 -> 0
G26: =B26*C26*E26*F26 -> 0
G27: =B27*C27*E27*F27 -> 0
A28: SUBTOTAL COSTOS DE PERSONAL | G28: =SUM(G17:G27) -> 0 | H28: =SUM(H17:H27) -> 0 | I28: =SUM(I17:I27) -> 0 | J28: =SUM(J17:J27) -> 0 | K28: =SUM(K17:K27) -> 0
A29: Ítem | D29: Unidad de medida | E29: Cantidad | F29: Valor unitario | G29: Valor total | H29: DINERO | I29: ESPECIE | J29: DINERO | K29: ESPECIE
A30: OTROS COSTOS (Diferentes a los costos de personal)
G31: =E31*F31 -> 0
G32: =E32*F32 -> 0
G33: =E33*F33 -> 0
G34: =E34*F34 -> 0
G35: =E35*F35 -> 0
G36: =E36*F36 -> 0
G37: =E37*F37 -> 0
G38: =E38*F38 -> 0
G39: =E39*F39 -> 0
G40: =E40*F40 -> 0
G41: =E41*F41 -> 0
G42: =E42*F42 -> 0
... G44: =E44*F44 -> 0
A45: SUBTOTAL OTROS COSTOS | G45: =SUM(G31:G44) -> 0 | H45: =SUM(H31:H44) -> 0 | I45: =SUM(I31:I44) -> 0 | J45: =SUM(J31:J44) -> 0 | K45: =SUM(K31:K44) -> 0
A46: SUBTOTAL ACTIVIDAD | G46: =G28+G45 -> 0 | H46: =H28+H45 -> 0 | I46: =I28+I45 -> 0 | J46: =J28+J45 -> 0 | K46: =K28+K45 -> 0
A47: ¿ES UN CONTRATO O REQUIERE CONTRATO DERIVADO? | G47: Si
A48: =IF(G47="Si","Administración","Gastos de administración") -> Administración | G48: 0 | H48: =G48 -> 0 | L48: Gastos de administración
A49: =IF(G47="Si","Utilidad","") -> Utilidad | G49: 0
A50: =IF(G47="Si","IVA","") -> IVA | G50: 0 | L50: Info IVA
A51: =IF(G47="Si","TOTAL (después de AU e IVA)", "TOTAL (después de administración)") -> TOTAL (después de AU e IVA) | G51: =SUM(G48:G50)+G46 -> 0 | H51: =SUM(H48:H50)+H46 -> 0 | I51: =SUM(I48:I50)+I46 -> 0 | J51: =SUM(J48:J50)+J46 -> 0 | K51: =SUM(K48:K50)+K46 -> 0
A52: Unidades | C52: Unidad de medida | E52: Costo unitario (antes de administración, utilidad e IVA si aplican) | F52: =IFERROR(G46/B52,0) -> 0 | G52: Descripción:
A54: Unidades | C54: Unidad de medida | E54: Costo unitario sin MO (antes de administración, utilidad e IVA si aplican) | F54: =IFERROR((G46-G28)/B54,0) -> 0 | G54: Descripción:
A56: ACTIVIDAD 2
A57: Ítem | B57: Cantidad personal | C57: (%) Dedicación | D57: Unidad de medida | E57: Cantidad | F57: Valor unitario base | G57: Valor total | H57: DINERO | I57: ESPECIE | J57: DINERO | K57: ESPECIE
A58: COSTOS DE PERSONAL
G59: =B59*C59*E59*F59 -> 0
G60: =B60*C60*E60*F60 -> 0
G61: =B61*C61*E61*F61 -> 0
G62: =B62*C62*E62*F62 -> 0
G63: =B63*C63*E63*F63 -> 0
G64: =B64*C64*E64*F64 -> 0
G65: =B65*C65*E65*F65 -> 0
G66: =B66*C66*E66*F66 -> 0
G67: =B67*C67*E67*F67 -> 0
G68: =B68*C68*E68*F68 -> 0
G69: =B69*C69*E69*F69 -> 0
A70: SUBTOTAL COSTOS DE PERSONAL | G70: =SUM(G59:G69) -> 0 | H70: =SUM(H59:H69) -> 0 | I70: =SUM(I59:I69) -> 0 | J70: =SUM(J59:J69) -> 0 | K70: =SUM(K59:K69) -> 0
A71: Ítem | D71: Unidad de medida | E71: Cantidad | F71: Valor unitario | G71: Valor total | H71: DINERO | I71: ESPECIE | J71: DINERO | K71: ESPECIE
A72: OTROS COSTOS (Diferentes a los costos de personal)
G73: =E73*F73 -> 0
G74: =E74*F74 -> 0
G75: =E75*F75 -> 0
G76: =E76*F76 -> 0
G77: =E77*F77 -> 0
G78: =E78*F78 -> 0
G79: =E79*F79 -> 0
G80: =E80*F80 -> 0
G81: =E81*F81 -> 0
G82: =E82*F82 -> 0
G83: =E83*F83 -> 0
G84: =E84*F84 -> 0
... G86: =E86*F86 -> 0
A87: SUBTOTAL OTROS COSTOS | G87: =SUM(G73:G86) -> 0 | H87: =SUM(H73:H86) -> 0 | I87: =SUM(I73:I86) -> 0 | J87: =SUM(J73:J86) -> 0 | K87: =SUM(K73:K86) -> 0
A88: SUBTOTAL ACTIVIDAD | G88: =G70+G87 -> 0 | H88: =H70+H87 -> 0 | I88: =I70+I87 -> 0 | J88: =J70+J87 -> 0 | K88: =K70+K87 -> 0
A89: ¿ES UN CONTRATO O REQUIERE CONTRATO DERIVADO? | G89: No
A90: =IF(G89="Si","Administración","Gastos de administración") -> Gastos de administración | G90: 0 | H90: =G90 -> 0 | L90: Gastos de administración
A91: =IF(G89="Si","Utilidad","") | G91: 0
A92: =IF(G89="Si","IVA","") | G92: 0 | L92: Info IVA
A93: =IF(G89="Si","TOTAL (después de AU e IVA)", "TOTAL (después de administración)") -> TOTAL (después de administración) | G93: =SUM(G90:G92)+G88 -> 0 | H93: =SUM(H90:H92)+H88 -> 0 | I93: =SUM(I90:I92)+I88 -> 0 | J93: =SUM(J90:J92)+J88 -> 0 | K93: =SUM(K90:K92)+K88 -> 0
A94: Unidades | C94: Unidad de medida | E94: Costo unitario (antes de administración, utilidad e IVA si aplican) | F94: =IFERROR(G88/B94,0) -> 0 | G94: Descripción:
A96: Unidades | C96: Unidad de medida | E96: Costo unitario sin MO (antes de administración, utilidad e IVA si aplican) | F96: =IFERROR((G88-G70)/B96,0) -> 0 | G96: Descripción:
A98: ACTIVIDAD 3
A99: Ítem | B99: Cantidad personal | C99: (%) Dedicación | D99: Unidad de medida | E99: Cantidad | F99: Valor unitario base | G99: Valor total | H99: DINERO | I99: ESPECIE | J99: DINERO | K99: ESPECIE
A100: COSTOS DE PERSONAL
G101: =B101*C101*E101*F101 -> 0
G102: =B102*C102*E102*F102 -> 0
G103: =B103*C103*E103*F103 -> 0
G104: =B104*C104*E104*F104 -> 0
G105: =B105*C105*E105*F105 -> 0
G106: =B106*C106*E106*F106 -> 0
G107: =B107*C107*E107*F107 -> 0
G108: =B108*C108*E108*F108 -> 0
G109: =B109*C109*E109*F109 -> 0
G110: =B110*C110*E110*F110 -> 0
...

Sheet Estudio de mercado
E1: =Instructivo!F1 -> Sistema de Gestión Integral (SGI) Instructivo - Componente Financiero EP Código: F-PGC-21. Versión: 05 | J1: Instructivo
E2: Hoja "Estudio de mercado"
A5: MODALIDAD DE CONTRATACIÓN: | D5: ='Plan Ejecución'!AE4 -> 0
A6: OBJETO A CONTRATAR: | D6: ='Plan Ejecución'!AE5 -> 0
D8: 1 | E8: 2 | F8: 3 | G8: 4 | H8: 5 | I8: 6 | J8: 7 | K8: 8 | L8: 9 | M8: 10 | N8: 11 | O8: 12 | P8: 13 | Q8: 14 | R8: 15 | S8: 16 | T8: 17
A9: NÚMERO DE RADICADO:
A10: PROVEEDOR:
A11: Ítem | B11: Unidad de medida | C11: Cantidad | D11: Valor unitario antes de IVA | E11: Valor unitario antes de IVA | F11: Valor unitario antes de IVA | G11: Valor unitario antes de IVA | H11: Valor unitario antes de IVA | I11: Valor unitario antes de IVA | J11: Valor unitario antes de IVA | K11: Valor unitario antes de IVA | L11: Valor unitario antes de IVA | M11: Valor unitario antes de IVA | N11: Valor unitario antes de IVA | O11: Valor unitario antes de IVA | P11: Valor unitario antes de IVA | Q11: Valor unitario antes de IVA | R11: Valor unitario antes de IVA | S11: Valor unitario antes de IVA | T11: Valor unitario antes de IVA | U11: PROMEDIO Valor unitario antes de IVA | W11: MEDIANA Valor unitario antes de IVA
U12: =IFERROR(AVERAGEIF(D12:T12,">0",D12:T12),"") | W12: =IFERROR(MEDIAN(D12:J12),"")
U13: =IFERROR(AVERAGEIF(D13:T13,">0",D13:T13),"") | W13: =IFERROR(MEDIAN(D13:J13),"")
U14: =IFERROR(AVERAGEIF(D14:T14,">0",D14:T14),"") | W14: =IFERROR(MEDIAN(D14:J14),"")
U15: =IFERROR(AVERAGEIF(D15:T15,">0",D15:T15),"") | W15: =IFERROR(MEDIAN(D15:J15),"")
U16: =IFERROR(AVERAGEIF(D16:T16,">0",D16:T16),"") | W16: =IFERROR(MEDIAN(D16:J16),"")
U17: =IFERROR(AVERAGEIF(D17:T17,">0",D17:T17),"") | W17: =IFERROR(MEDIAN(D17:J17),"")
U18: =IFERROR(AVERAGEIF(D18:T18,">0",D18:T18),"") | W18: =IFERROR(MEDIAN(D18:J18),"")
U19: =IFERROR(AVERAGEIF(D19:T19,">0",D19:T19),"") | W19: =IFERROR(MEDIAN(D19:J19),"")
U20: =IFERROR(AVERAGEIF(D20:T20,">0",D20:T20),"") | W20: =IFERROR(MEDIAN(D20:J20),"")
U21: =IFERROR(AVERAGEIF(D21:T21,">0",D21:T21),"") | W21: =IFERROR(MEDIAN(D21:J21),"")
U22: =IFERROR(AVERAGEIF(D22:T22,">0",D22:T22),"") | W22: =IFERROR(MEDIAN(D22:J22),"")
U23: =IFERROR(AVERAGEIF(D23:T23,">0",D23:T23),"") | W23: =IFERROR(MEDIAN(D23:J23),"")
... U354: =IFERROR(AVERAGEIF(D354:T354,">0",D354:T354),"") | W354: =IFERROR(MEDIAN(D354:J354),"")
A356: NOTA: A la hora de solicitar la cotización se deberá considerar que la misma esté expresada en los términos y unidades del presupuesto, igualmente, que en la medida de lo posible se encuentre en pesos colombianos, en caso de usar otra moneda explicitar la tasa de cambio utilizada, y la fecha y fuente de consulta de la misma.

Sheet Gastos de adm
E1: =Instructivo!F1 -> Sistema de Gestión Integral (SGI) Instructivo - Componente Financiero EP Código: F-PGC-21. Versión: 05 | J1: Instructivo
E2: Hoja "Determinación de gastos de administración" | J2: Impuestos y garantías
A5: MODALIDAD DE CONTRATACIÓN: | B5: ='Plan Ejecución'!AE4 -> 0
A6: OBJETO A CONTRATAR: | B6: ='Plan Ejecución'!AE5 -> 0
A8: COSTOS DIRECTOS EN DINERO NO EJECUTOR | D8: MESES
A10: GASTOS DE ADMINISTRACIÓN
A11: Ítem | B11: Unidad de medida | C11: Cantidad | D11: Valor unitario | E11: Valor total | F11: (%) PP
E12: =C12*D12 -> 0 | F12: =IFERROR(E12/$B$8,0) -> 0
E13: =C13*D13 -> 0 | F13: =IFERROR(E13/$B$8,0) -> 0
E14: =C14*D14 -> 0 | F14: =IFERROR(E14/$B$8,0) -> 0
E15: =C15*D15 -> 0 | F15: =IFERROR(E15/$B$8,0) -> 0
E16: =C16*D16 -> 0 | F16: =IFERROR(E16/$B$8,0) -> 0
E17: =C17*D17 -> 0 | F17: =IFERROR(E17/$B$8,0) -> 0
E18: =C18*D18 -> 0 | F18: =IFERROR(E18/$B$8,0) -> 0
E19: =C19*D19 -> 0 | F19: =IFERROR(E19/$B$8,0) -> 0
E20: =C20*D20 -> 0 | F20: =IFERROR(E20/$B$8,0) -> 0
E21: =C21*D21 -> 0 | F21: =IFERROR(E21/$B$8,0) -> 0
E22: =C22*D22 -> 0 | F22: =IFERROR(E22/$B$8,0) -> 0
E23: =C23*D23 -> 0 | F23: =IFERROR(E23/$B$8,0) -> 0
... E59: =C59*D59 -> 0 | F59: =IFERROR(E59/$B$8,0) -> 0
A60: TOTAL GASTOS DE ADMINISTRACIÓN | E60: =SUM(E12:E59) -> 0 | F60: =SUM(F12:F59) -> 0
A62: En caso de convenios, si el conveniante ejecutor va a realizar un contrato derivado, considerar para el análisis:
A63: TOTAL APORTES EN DINERO NO EJECUTOR (antes de AU e IVA) | E63: =B8 -> 0
A64: Administración | D64: =F60 -> 0 | E64: =D64*E63 -> 0
A65: Utilidad | D65: 0 | E65: =E63*D65 -> 0
A66: IVA | D66: 0 | E66: =(E63+E64+E65)*D66 -> 0 | F66: Info IVA
A67: TOTAL (incluido AU e IVA) | E67: =SUM(E63:E66) -> 0
A69: TOTAL Porcentaje de gastos de administración a reconocer por análisis de contrato derivado (Sobre los costos directos en dinero del no ejecutor) | E69: =E64+E65+E66 -> 0 | F69: =IFERROR(E69/E63,0) -> 0

Sheet Bienes relevantes
E1: =Instructivo!F1 -> Sistema de Gestión Integral (SGI) Instructivo - Componente Financiero EP Código: F-PGC-21. Versión: 05 | J1: Instructivo
E2: Hoja "Identificación de bienes nacionales relevantes"
C5: MODALIDAD DE CONTRATACIÓN: | E5: ='Plan Ejecución'!AE4 -> 0
C6: OBJETO A CONTRATAR: | E6: ='Plan Ejecución'!AE5 -> 0
C8: El artículo 2 del Decreto 680 de 2021 adicionó el artículo 2.2.1.2.4.2.9 al Decreto 1082 de 2015, en cuanto a que, en la contratación de servicios, la entidad deberá otorgar el puntaje establecido en el artículo 2 de la Ley 816 de 2003 al proponente que oferte servicios nacionales o servicios extranjeros con trato nacional de acuerdo a la regla de origen aplicable y menciona que: “En los contratos que deban cumplirse en Colombia, la Entidad Estatal definirá de manera razonable y proporcionada los bienes colombianos relevantes teniendo en cuenta: 1. El análisis del sector económico y de los oferentes, y, toda aquella información adicional con la que cuente la Entidad Estatal en la etapa de planeación del Proceso de Contratación; 2. El porcentaje de participación de los bienes en el presupuesto del Proceso de Contratación; y 3. La existencia de los bienes en el Registro de Productores de Bienes Nacionales, en los términos del Decreto 2680 de 2009 o las normas que lo modifiquen, aclaren, adicionen o sustituyan. En aquellos casos en que, de acuerdo con el objeto contractual, no existan bienes colombianos relevantes o no exista oferta nacional de los mismos en el Registro de Productores de Bienes Nacionales, la Entidad Estatal otorgará el puntaje de que trata el inciso primero del artículo 2° de la Ley 816 de 2003 al proponente que vincule el porcentaje mínimo establecido por la Entidad Estatal de empleados o contratistas por prestación de servicios colombianos, que no podrá ser inferior al 40% del total de empleados y contratistas asociados al cumplimiento del contrato. La Entidad Estatal documentará este análisis y dejará constancia en los Documentos del Proceso”
C9: Teniendo en cuenta lo anterior, la Corporación determina la siguiente metodología, considerando la información y herramientas dispuestas para ello por Colombia Compra Eficiente (https://bienesrelevantes.colombiacompra.gov.co/), para identificar los “Bienes Colombianos Relevantes” para cada proceso de selección, que le aplique, aclarando que hay 2 opciones para otorgar puntaje por Estímulo A La Industria Nacional Colombiana, los cuales son, por Bienes Nacionales Relevantes, o por porcentaje de personal colombiano vinculado, y esto dependerá del resultado del siguiente análisis.
C11: 1. El análisis del sector económico y de los oferentes, y, toda aquella información adicional con la que cuente la Entidad Estatal en la etapa de planeación del Proceso de Contratación. Se parte de la identificación de los bienes dentro del presupuesto oficial (o sus memorias de cálculos), para ello el técnico debe diligenciar, el cuadro 1. Lista de bienes. Entendiendo por bien cualquier elemento tangible o material que para el presente proceso se compre o adquiera de manera definitiva, considerar que en todo caso el valor unitario debe de ser antes de IVA, si hay un ítem igual en varias actividades consolidar las cantidades requeridas del mismo para todo el proceso.
C13: CUADRO 1. LISTA DE BIENES
B14: PP | C14: N. | D14: Ítem | G14: Unidad de medida | H14: Cantidad | I14: Valor unitario | K14: Valor total
B15: =IFERROR(K15/$K$265,0) -> 0 | C15: 1 | K15: =H15*I15 -> 0
B16: =IFERROR(K16/$K$265,0) -> 0 | C16: 2 | K16: =H16*I16 -> 0
B17: =IFERROR(K17/$K$265,0) -> 0 | C17: 3 | K17: =H17*I17 -> 0
B18: =IFERROR(K18/$K$265,0) -> 0 | C18: 4 | K18: =H18*I18 -> 0
B19: =IFERROR(K19/$K$265,0) -> 0 | C19: 5 | K19: =H19*I19 -> 0
B20: =IFERROR(K20/$K$265,0) -> 0 | C20: 6 | K20: =H20*I20 -> 0
B21: =IFERROR(K21/$K$265,0) -> 0 | C21: 7 | K21: =H21*I21 -> 0
B22: =IFERROR(K22/$K$265,0) -> 0 | C22: 8 | K22: =H22*I22 -> 0
B23: =IFERROR(K23/$K$265,0) -> 0 | C23: 9 | K23: =H23*I23 -> 0
B24: =IFERROR(K24/$K$265,0) -> 0 | C24: 10 | K24: =H24*I24 -> 0
B25: =IFERROR(K25/$K$265,0) -> 0 | C25: 11 | K25: =H25*I25 -> 0
B26: =IFERROR(K26/$K$265,0) -> 0 | C26: 12 | K26: =H26*I26 -> 0
... B264: =IFERROR(K264/$K$265,0) -> 0 | C264: 250 | K264: =H264*I264 -> 0
C265: VALOR TOTAL DE LOS BIENES | K265: =SUM(K15:K264) -> 0
C267: 2. El porcentaje de participación de los bienes en el presupuesto del Proceso de Contratación En un segundo momento, se determina el porcentaje de participación de los bienes en el presupuesto según la metología dispuesta por Colombia Compra Eficiente (https://bienesrelevantes.colombiacompra.gov.co/), para elllo el cuadro 2. Porcentaje de participación de los bienes, se rellena automáticamente de acuerdo con la información diligenciada en el cuadro 1. Lista de bienes. De acuerdo al porcentaje de participación se identifica si es una un bien relevante.
C269: CUADRO 2. PORCENTAJE DE PARTICIPACIÓN DE LOS BIENES
A270: Bien relevante | B270: Ubicación | C270: N. | D270: Ítem | G270: Unidad de medida | H270: Cantidad | I270: Valor unitario | K270: Valor total | M270: Porcentaje de participación | N270: Porcentaje de participación acumulado | O270: ¿Está dentro del 80% del porcentaje acumulado? | P270: ¿Es un bien relevante?
A271: =P271 | B271: =LARGE($B$15:$B$264,1) -> 0 | C271: =IFERROR(IF(B271=0,"",VLOOKUP(B271,$B$15:$J$264,2,FALSE())),"") | D271: =IFERROR(IF(B271=0,"",VLOOKUP(B271,$B$15:$J$264,3,FALSE())),"") | G271: =IFERROR(IF(B271=0,"",VLOOKUP(B271,$B$15:$J$264,6,FALSE())),"") | H271: =IFERROR(IF(B271=0,"",VLOOKUP(B271,$B$15:$J$264,7,FALSE())),"") | I271: =IF(B271=0,"",VLOOKUP(B271,$B$15:$J$264,8,FALSE())) | K271: =IF(B271=0,"",H271*I271) | L271: =O271 | M271: =IF(B271=0,"",B271) | N271: =IF(B271=0,"",M271) | O271: =IF(B271=0,"",(IF(N271<80%,"Si","No"))) | P271: =IF(B271=0,"",(IF(M271=$M$521,"Si",(IF(M271>$M$521,"Si","No")))))
A272: =P272 | B272: =LARGE($B$15:$B$264,2) -> 0 | C272: =IFERROR(IF(B272=0,"",VLOOKUP(B272,$B$15:$J$264,2,FALSE())),"") | D272: =IFERROR(IF(B272=0,"",VLOOKUP(B272,$B$15:$J$264,3,FALSE())),"") | G272: =IFERROR(IF(B272=0,"",VLOOKUP(B272,$B$15:$J$264,6,FALSE())),"") | H272: =IFERROR(IF(B272=0,"",VLOOKUP(B272,$B$15:$J$264,7,FALSE())),"") | I272: =IF(B272=0,"",VLOOKUP(B272,$B$15:$J$264,8,FALSE())) | K272: =IF(B272=0,"",H272*I272) | L272: =O272 | M272: =IF(B272=0,"",B272) | N272: =IF(B272=0,"",M272+N271) | O272: =IF(B272=0,"",(IF(N272<80%,"Si","No"))) | P272: =IF(B272=0,"",(IF(M272=$M$521,"Si",(IF(M272>$M$521,"Si","No")))))
A273: =P273 | B273: =LARGE($B$15:$B$264,3) -> 0 | C273: =IFERROR(IF(B273=0,"",VLOOKUP(B273,$B$15:$J$264,2,FALSE())),"") | D273: =IFERROR(IF(B273=0,"",VLOOKUP(B273,$B$15:$J$264,3,FALSE())),"") | G273: =IFERROR(IF(B273=0,"",VLOOKUP(B273,$B$15:$J$264,6,FALSE())),"") | H273: =IFERROR(IF(B273=0,"",VLOOKUP(B273,$B$15:$J$264,7,FALSE())),"") | I273: =IF(B273=0,"",VLOOKUP(B273,$B$15:$J$264,8,FALSE())) | K273: =IF(B273=0,"",H273*I273) | L273: =O273 | M273: =IF(B273=0,"",B273) | N273: =IF(B273=0,"",M273+N272) | O273: =IF(B273=0,"",(IF(N273<80%,"Si","No"))) | P273: =IF(B273=0,"",(IF(M273=$M$521,"Si",(IF(M273>$M$521,"Si","No")))))
A274: =P274 | B274: =LARGE($B$15:$B$264,4) -> 0 | C274: =IFERROR(IF(B274=0,"",VLOOKUP(B274,$B$15:$J$264,2,FALSE())),"") | D274: =IFERROR(IF(B274=0,"",VLOOKUP(B274,$B$15:$J$264,3,FALSE())),"") | G274: =IFERROR(IF(B274=0,"",VLOOKUP(B274,$B$15:$J$264,6,FALSE())),"") | H274: =IFERROR(IF(B274=0,"",VLOOKUP(B274,$B$15:$J$264,7,FALSE())),"") | I274: =IF(B274=0,"",VLOOKUP(B274,$B$15:$J$264,8,FALSE())) | K274: =IF(B274=0,"",H274*I274) | L274: =O274 | M274: =IF(B274=0,"",B274) | N274: =IF(B274=0,"",M274+N273) | O274: =IF(B274=0,"",(IF(N274<80%,"Si","No"))) | P274: =IF(B274=0,"",(IF(M274=$M$521,"Si",(IF(M274>$M$521,"Si","No")))))
A275: =P275 | B275: =LARGE($B$15:$B$264,5) -> 0 | C275: =IFERROR(IF(B275=0,"",VLOOKUP(B275,$B$15:$J$264,2,FALSE())),"") | D275: =IFERROR(IF(B275=0,"",VLOOKUP(B275,$B$15:$J$264,3,FALSE())),"") | G275: =IFERROR(IF(B275=0,"",VLOOKUP(B275,$B$15:$J$264,6,FALSE())),"") | H275: =IFERROR(IF(B275=0,"",VLOOKUP(B275,$B$15:$J$264,7,FALSE())),"") | I275: =IF(B275=0,"",VLOOKUP(B275,$B$15:$J$264,8,FALSE())) | K275: =IF(B275=0,"",H275*I275) | L275: =O275 | M275: =IF(B275=0,"",B275) | N275: =IF(B275=0,"",M275+N274) | O275: =IF(B275=0,"",(IF(N275<80%,"Si","No"))) | P275: =IF(B275=0,"",(IF(M275=$M$521,"Si",(IF(M275>$M$521,"Si","No")))))
A276: =P276 | B276: =LARGE($B$15:$B$264,6) -> 0 | C276: =IFERROR(IF(B276=0,"",VLOOKUP(B276,$B$15:$J$264,2,FALSE())),"") | D276: =IFERROR(IF(B276=0,"",VLOOKUP(B276,$B$15:$J$264,3,FALSE())),"") | G276: =IFERROR(IF(B276=0,"",VLOOKUP(B276,$B$15:$J$264,6,FALSE())),"") | H276: =IFERROR(IF(B276=0,"",VLOOKUP(B276,$B$15:$J$264,7,FALSE())),"") | I276: =IF(B276=0,"",VLOOKUP(B276,$B$15:$J$264,8,FALSE())) | K276: =IF(B276=0,"",H276*I276) | L276: =O276 | M276: =IF(B276=0,"",B276) | N276: =IF(B276=0,"",M276+N275) | O276: =IF(B276=0,"",(IF(N276<80%,"Si","No"))) | P276: =IF(B276=0,"",(IF(M276=$M$521,"Si",(IF(M276>$M$521,"Si","No")))))
A277: =P277 | B277: =LARGE($B$15:$B$264,7) -> 0 | C277: =IFERROR(IF(B277=0,"",VLOOKUP(B277,$B$15:$J$264,2,FALSE())),"") | D277: =IFERROR(IF(B277=0,"",VLOOKUP(B277,$B$15:$J$264,3,FALSE())),"") | G277: =IFERROR(IF(B277=0,"",VLOOKUP(B277,$B$15:$J$264,6,FALSE())),"") | H277: =IFERROR(IF(B277=0,"",VLOOKUP(B277,$B$15:$J$264,7,FALSE())),"") | I277: =IF(B277=0,"",VLOOKUP(B277,$B$15:$J$264,8,FALSE())) | K277: =IF(B277=0,"",H277*I277) | L277: =O277 | M277: =IF(B277=0,"",B277) | N277: =IF(B277=0,"",M277+N276) | O277: =IF(B277=0,"",(IF(N277<80%,"Si","No"))) | P277: =IF(B277=0,"",(IF(M277=$M$521,"Si",(IF(M277>$M$521,"Si","No")))))
A278: =P278 | B278: =LARGE($B$15:$B$264,8) -> 0 | C278: =IFERROR(IF(B278=0,"",VLOOKUP(B278,$B$15:$J$264,2,FALSE())),"") | D278: =IFERROR(IF(B278=0,"",VLOOKUP(B278,$B$15:$J$264,3,FALSE())),"") | G278: =IFERROR(IF(B278=0,"",VLOOKUP(B278,$B$15:$J$264,6,FALSE())),"") | H278: =IFERROR(IF(B278=0,"",VLOOKUP(B278,$B$15:$J$264,7,FALSE())),"") | I278: =IF(B278=0,"",VLOOKUP(B278,$B$15:$J$264,8,FALSE())) | K278: =IF(B278=0,"",H278*I278) | L278: =O278 | M278: =IF(B278=0,"",B278) | N278: =IF(B278=0,"",M278+N277) | O278: =IF(B278=0,"",(IF(N278<80%,"Si","No"))) | P278: =IF(B278=0,"",(IF(M278=$M$521,"Si",(IF(M278>$M$521,"Si","No")))))
A279: =P279 | B279: =LARGE($B$15:$B$264,9) -> 0 | C279: =IFERROR(IF(B279=0,"",VLOOKUP(B279,$B$15:$J$264,2,FALSE())),"") | D279: =IFERROR(IF(B279=0,"",VLOOKUP(B279,$B$15:$J$264,3,FALSE())),"") | G279: =IFERROR(IF(B279=0,"",VLOOKUP(B279,$B$15:$J$264,6,FALSE())),"") | H279: =IFERROR(IF(B279=0,"",VLOOKUP(B279,$B$15:$J$264,7,FALSE())),"") | I279: =IF(B279=0,"",VLOOKUP(B279,$B$15:$J$264,8,FALSE())) | K279: =IF(B279=0,"",H279*I279) | L279: =O279 | M279: =IF(B279=0,"",B279) | N279: =IF(B279=0,"",M279+N278) | O279: =IF(B279=0,"",(IF(N279<80%,"Si","No"))) | P279: =IF(B279=0,"",(IF(M279=$M$521,"Si",(IF(M279>$M$521,"Si","No")))))
A280: =P280 | B280: =LARGE($B$15:$B$264,10) -> 0 | C280: =IFERROR(IF(B280=0,"",VLOOKUP(B280,$B$15:$J$264,2,FALSE())),"") | D280: =IFERROR(IF(B280=0,"",VLOOKUP(B280,$B$15:$J$264,3,FALSE())),"") | G280: =IFERROR(IF(B280=0,"",VLOOKUP(B280,$B$15:$J$264,6,FALSE())),"") | H280: =IFERROR(IF(B280=0,"",VLOOKUP(B280,$B$15:$J$264,7,FALSE())),"") | I280: =IF(B280=0,"",VLOOKUP(B280,$B$15:$J$264,8,FALSE())) | K280: =IF(B280=0,"",H280*I280) | L280: =O280 | M280: =IF(B280=0,"",B280) | N280: =IF(B280=0,"",M280+N279) | O280: =IF(B280=0,"",(IF(N280<80%,"Si","No"))) | P280: =IF(B280=0,"",(IF(M280=$M$521,"Si",(IF(M280>$M$521,"Si","No")))))
A281: =P281 | B281: =LARGE($B$15:$B$264,11) -> 0 | C281: =IFERROR(IF(B281=0,"",VLOOKUP(B281,$B$15:$J$264,2,FALSE())),"") | D281: =IFERROR(IF(B281=0,"",VLOOKUP(B281,$B$15:$J$264,3,FALSE())),"") | G281: =IFERROR(IF(B281=0,"",VLOOKUP(B281,$B$15:$J$264,6,FALSE())),"") | H281: =IFERROR(IF(B281=0,"",VLOOKUP(B281,$B$15:$J$264,7,FALSE())),"") | I281: =IF(B281=0,"",VLOOKUP(B281,$B$15:$J$264,8,FALSE())) | K281: =IF(B281=0,"",H281*I281) | L281: =O281 | M281: =IF(B281=0,"",B281) | N281: =IF(B281=0,"",M281+N280) | O281: =IF(B281=0,"",(IF(N281<80%,"Si","No"))) | P281: =IF(B281=0,"",(IF(M281=$M$521,"Si",(IF(M281>$M$521,"Si","No")))))
A282: =P282 | B282: =LARGE($B$15:$B$264,12) -> 0 | C282: =IFERROR(IF(B282=0,"",VLOOKUP(B282,$B$15:$J$264,2,FALSE())),"") | D282: =IFERROR(IF(B282=0,"",VLOOKUP(B282,$B$15:$J$264,3,FALSE())),"") | G282: =IFERROR(IF(B282=0,"",VLOOKUP(B282,$B$15:$J$264,6,FALSE())),"") | H282: =IFERROR(IF(B282=0,"",VLOOKUP(B282,$B$15:$J$264,7,FALSE())),"") | I282: =IF(B282=0,"",VLOOKUP(B282,$B$15:$J$264,8,FALSE())) | K282: =IF(B282=0,"",H282*I282) | L282: =O282 | M282: =IF(B282=0,"",B282) | N282: =IF(B282=0,"",M282+N281) | O282: =IF(B282=0,"",(IF(N282<80%,"Si","No"))) | P282: =IF(B282=0,"",(IF(M282=$M$521,"Si",(IF(M282>$M$521,"Si","No")))))
A283: =P283 | B283: =LARGE($B$15:$B$264,13) -> 0 | C283: =IFERROR(IF(B283=0,"",VLOOKUP(B283,$B$15:$J$264,2,FALSE())),"") | D283: =IFERROR(IF(B283=0,"",VLOOKUP(B283,$B$15:$J$264,3,FALSE())),"") | G283: =IFERROR(IF(B283=0,"",VLOOKUP(B283,$B$15:$J$264,6,FALSE())),"") | H283: =IFERROR(IF(B283=0,"",VLOOKUP(B283,$B$15:$J$264,7,FALSE())),"") | I283: =IF(B283=0,"",VLOOKUP(B283,$B$15:$J$264,8,FALSE())) | K283: =IF(B283=0,"",H283*I283) | L283: =O283 | M283: =IF(B283=0,"",B283) | N283: =IF(B283=0,"",M283+N282) | O283: =IF(B283=0,"",(IF(N283<80%,"Si","No"))) | P283: =IF(B283=0,"",(IF(M283=$M$521,"Si",(IF(M283>$M$521,"Si","No")))))
A284: =P284 | B284: =LARGE($B$15:$B$264,14) -> 0 | C284: =IFERROR(IF(B284=0,"",VLOOKUP(B284,$B$15:$J$264,2,FALSE())),"") | D284: =IFERROR(IF(B284=0,"",VLOOKUP(B284,$B$15:$J$264,3,FALSE())),"") | G284: =IFERROR(IF(B284=0,"",VLOOKUP(B284,$B$15:$J$264,6,FALSE())),"") | H284: =IFERROR(IF(B284=0,"",VLOOKUP(B284,$B$15:$J$264,7,FALSE())),"") | I284: =IF(B284=0,"",VLOOKUP(B284,$B$15:$J$264,8,FALSE())) | K284: =IF(B284=0,"",H284*I284) | L284: =O284 | M284: =IF(B284=0,"",B284) | N284: =IF(B284=0,"",M284+N283) | O284: =IF(B284=0,"",(IF(N284<80%,"Si","No"))) | P284: =IF(B284=0,"",(IF(M284=$M$521,"Si",(IF(M284>$M$521,"Si","No")))))
A285: =P285 | B285: =LARGE($B$15:$B$264,15) -> 0 | C285: =IFERROR(IF(B285=0,"",VLOOKUP(B285,$B$15:$J$264,2,FALSE())),"") | D285: =IFERROR(IF(B285=0,"",VLOOKUP(B285,$B$15:$J$264,3,FALSE())),"") | G285: =IFERROR(IF(B285=0,"",VLOOKUP(B285,$B$15:$J$264,6,FALSE())),"") | H285: =IFERROR(IF(B285=0,"",VLOOKUP(B285,$B$15:$J$264,7,FALSE())),"") | I285: =IF(B285=0,"",VLOOKUP(B285,$B$15:$J$264,8,FALSE())) | K285: =IF(B285=0,"",H285*I285) | L285: =O285 | M285: =IF(B285=0,"",B285) | N285: =IF(B285=0,"",M285+N284) | O285: =IF(B285=0,"",(IF(N285<80%,"Si","No"))) | P285: =IF(B285=0,"",(IF(M285=$M$521,"Si",(IF(M285>$M$521,"Si","No")))))
A286: =P286 | B286: =LARGE($B$15:$B$264,16) -> 0 | C286: =IFERROR(IF(B286=0,"",VLOOKUP(B286,$B$15:$J$264,2,FALSE())),"") | D286: =IFERROR(IF(B286=0,"",VLOOKUP(B286,$B$15:$J$264,3,FALSE())),"") | G286: =IFERROR(IF(B286=0,"",VLOOKUP(B286,$B$15:$J$264,6,FALSE())),"") | H286: =IFERROR(IF(B286=0,"",VLOOKUP(B286,$B$15:$J$264,7,FALSE())),"") | I286: =IF(B286=0,"",VLOOKUP(B286,$B$15:$J$264,8,FALSE())) | K286: =IF(B286=0,"",H286*I286) | L286: =O286 | M286: =IF(B286=0,"",B286) | N286: =IF(B286=0,"",M286+N285) | O286: =IF(B286=0,"",(IF(N286<80%,"Si","No"))) | P286: =IF(B286=0,"",(IF(M286=$M$521,"Si",(IF(M286>$M$521,"Si","No")))))
A287: =P287 | B287: =LARGE($B$15:$B$264,17) -> 0 | C287: =IFERROR(IF(B287=0,"",VLOOKUP(B287,$B$15:$J$264,2,FALSE())),"") | D287: =IFERROR(IF(B287=0,"",VLOOKUP(B287,$B$15:$J$264,3,FALSE())),"") | G287: =IFERROR(IF(B287=0,"",VLOOKUP(B287,$B$15:$J$264,6,FALSE())),"") | H287: =IFERROR(IF(B287=0,"",VLOOKUP(B287,$B$15:$J$264,7,FALSE())),"") | I287: =IF(B287=0,"",VLOOKUP(B287,$B$15:$J$264,8,FALSE())) | K287: =IF(B287=0,"",H287*I287) | L287: =O287 | M287: =IF(B287=0,"",B287) | N287: =IF(B287=0,"",M287+N286) | O287: =IF(B287=0,"",(IF(N287<80%,"Si","No"))) | P287: =IF(B287=0,"",(IF(M287=$M$521,"Si",(IF(M287>$M$521,"Si","No")))))
A288: =P288 | B288: =LARGE($B$15:$B$264,18) -> 0 | C288: =IFERROR(IF(B288=0,"",VLOOKUP(B288,$B$15:$J$264,2,FALSE())),"") | D288: =IFERROR(IF(B288=0,"",VLOOKUP(B288,$B$15:$J$264,3,FALSE())),"") | G288: =IFERROR(IF(B288=0,"",VLOOKUP(B288,$B$15:$J$264,6,FALSE())),"") | H288: =IFERROR(IF(B288=0,"",VLOOKUP(B288,$B$15:$J$264,7,FALSE())),"") | I288: =IF(B288=0,"",VLOOKUP(B288,$B$15:$J$264,8,FALSE())) | K288: =IF(B288=0,"",H288*I288) | L288: =O288 | M288: =IF(B288=0,"",B288) | N288: =IF(B288=0,"",M288+N287) | O288: =IF(B288=0,"",(IF(N288<80%,"Si","No"))) | P288: =IF(B288=0,"",(IF(M288=$M$521,"Si",(IF(M288>$M$521,"Si","No")))))
A289: =P289 | B289: =LARGE($B$15:$B$264,19) -> 0 | C289: =IFERROR(IF(B289=0,"",VLOOKUP(B289,$B$15:$J$264,2,FALSE())),"") | D289: =IFERROR(IF(B289=0,"",VLOOKUP(B289,$B$15:$J$264,3,FALSE())),"") | G289: =IFERROR(IF(B289=0,"",VLOOKUP(B289,$B$15:$J$264,6,FALSE())),"") | H289: =IFERROR(IF(B289=0,"",VLOOKUP(B289,$B$15:$J$264,7,FALSE())),"") | I289: =IF(B289=0,"",VLOOKUP(B289,$B$15:$J$264,8,FALSE())) | K289: =IF(B289=0,"",H289*I289) | L289: =O289 | M289: =IF(B289=0,"",B289) | N289: =IF(B289=0,"",M289+N288) | O289: =IF(B289=0,"",(IF(N289<80%,"Si","No"))) | P289: =IF(B289=0,"",(IF(M289=$M$521,"Si",(IF(M289>$M$521,"Si","No")))))
A290: =P290 | B290: =LARGE($B$15:$B$264,20) -> 0 | C290: =IFERROR(IF(B290=0,"",VLOOKUP(B290,$B$15:$J$264,2,FALSE())),"") | D290: =IFERROR(IF(B290=0,"",VLOOKUP(B290,$B$15:$J$264,3,FALSE())),"") | G290: =IFERROR(IF(B290=0,"",VLOOKUP(B290,$B$15:$J$264,6,FALSE())),"") | H290: =IFERROR(IF(B290=0,"",VLOOKUP(B290,$B$15:$J$264,7,FALSE())),"") | I290: =IF(B290=0,"",VLOOKUP(B290,$B$15:$J$264,8,FALSE())) | K290: =IF(B290=0,"",H290*I290) | L290: =O290 | M290: =IF(B290=0,"",B290) | N290: =IF(B290=0,"",M290+N289) | O290: =IF(B290=0,"",(IF(N290<80%,"Si","No"))) | P290: =IF(B290=0,"",(IF(M290=$M$521,"Si",(IF(M290>$M$521,"Si","No")))))
A291: =P291 | B291: =LARGE($B$15:$B$264,21) -> 0 | C291: =IFERROR(IF(B291=0,"",VLOOKUP(B291,$B$15:$J$264,2,FALSE())),"") | D291: =IFERROR(IF(B291=0,"",VLOOKUP(B291,$B$15:$J$264,3,FALSE())),"") | G291: =IFERROR(IF(B291=0,"",VLOOKUP(B291,$B$15:$J$264,6,FALSE())),"") | H291: =IFERROR(IF(B291=0,"",VLOOKUP(B291,$B$15:$J$264,7,FALSE())),"") | I291: =IF(B291=0,"",VLOOKUP(B291,$B$15:$J$264,8,FALSE())) | K291: =IF(B291=0,"",H291*I291) | L291: =O291 | M291: =IF(B291=0,"",B291) | N291: =IF(B291=0,"",M291+N290) | O291: =IF(B291=0,"",(IF(N291<80%,"Si","No"))) | P291: =IF(B291=0,"",(IF(M291=$M$521,"Si",(IF(M291>$M$521,"Si","No")))))
A292: =P292 | B292: =LARGE($B$15:$B$264,22) -> 0 | C292: =IFERROR(IF(B292=0,"",VLOOKUP(B292,$B$15:$J$264,2,FALSE())),"") | D292: =IFERROR(IF(B292=0,"",VLOOKUP(B292,$B$15:$J$264,3,FALSE())),"") | G292: =IFERROR(IF(B292=0,"",VLOOKUP(B292,$B$15:$J$264,6,FALSE())),"") | H292: =IFERROR(IF(B292=0,"",VLOOKUP(B292,$B$15:$J$264,7,FALSE())),"") | I292: =IF(B292=0,"",VLOOKUP(B292,$B$15:$J$264,8,FALSE())) | K292: =IF(B292=0,"",H292*I292) | L292: =O292 | M292: =IF(B292=0,"",B292) | N292: =IF(B292=0,"",M292+N291) | O292: =IF(B292=0,"",(IF(N292<80%,"Si","No"))) | P292: =IF(B292=0,"",(IF(M292=$M$521,"Si",(IF(M292>$M$521,"Si","No")))))
A293: =P293 | B293: =LARGE($B$15:$B$264,23) -> 0 | C293: =IFERROR(IF(B293=0,"",VLOOKUP(B293,$B$15:$J$264,2,FALSE())),"") | D293: =IFERROR(IF(B293=0,"",VLOOKUP(B293,$B$15:$J$264,3,FALSE())),"") | G293: =IFERROR(IF(B293=0,"",VLOOKUP(B293,$B$15:$J$264,6,FALSE())),"") | H293: =IFERROR(IF(B293=0,"",VLOOKUP(B293,$B$15:$J$264,7,FALSE())),"") | I293: =IF(B293=0,"",VLOOKUP(B293,$B$15:$J$264,8,FALSE())) | K293: =IF(B293=0,"",H293*I293) | L293: =O293 | M293: =IF(B293=0,"",B293) | N293: =IF(B293=0,"",M293+N292) | O293: =IF(B293=0,"",(IF(N293<80%,"Si","No"))) | P293: =IF(B293=0,"",(IF(M293=$M$521,"Si",(IF(M293>$M$521,"Si","No")))))
A294: =P294 | B294: =LARGE($B$15:$B$264,24) -> 0 | C294: =IFERROR(IF(B294=0,"",VLOOKUP(B294,$B$15:$J$264,2,FALSE())),"") | D294: =IFERROR(IF(B294=0,"",VLOOKUP(B294,$B$15:$J$264,3,FALSE())),"") | G294: =IFERROR(IF(B294=0,"",VLOOKUP(B294,$B$15:$J$264,6,FALSE())),"") | H294: =IFERROR(IF(B294=0,"",VLOOKUP(B294,$B$15:$J$264,7,FALSE())),"") | I294: =IF(B294=0,"",VLOOKUP(B294,$B$15:$J$264,8,FALSE())) | K294: =IF(B294=0,"",H294*I294) | L294: =O294 | M294: =IF(B294=0,"",B294) | N294: =IF(B294=0,"",M294+N293) | O294: =IF(B294=0,"",(IF(N294<80%,"Si","No"))) | P294: =IF(B294=0,"",(IF(M294=$M$521,"Si",(IF(M294>$M$521,"Si","No")))))
A295: =P295 | B295: =LARGE($B$15:$B$264,25) -> 0 | C295: =IFERROR(IF(B295=0,"",VLOOKUP(B295,$B$15:$J$264,2,FALSE())),"") | D295: =IFERROR(IF(B295=0,"",VLOOKUP(B295,$B$15:$J$264,3,FALSE())),"") | G295: =IFERROR(IF(B295=0,"",VLOOKUP(B295,$B$15:$J$264,6,FALSE())),"") | H295: =IFERROR(IF(B295=0,"",VLOOKUP(B295,$B$15:$J$264,7,FALSE())),"") | I295: =IF(B295=0,"",VLOOKUP(B295,$B$15:$J$264,8,FALSE())) | K295: =IF(B295=0,"",H295*I295) | L295: =O295 | M295: =IF(B295=0,"",B295) | N295: =IF(B295=0,"",M295+N294) | O295: =IF(B295=0,"",(IF(N295<80%,"Si","No"))) | P295: =IF(B295=0,"",(IF(M295=$M$521,"Si",(IF(M295>$M$521,"Si","No")))))
A296: =P296 | B296: =LARGE($B$15:$B$264,26) -> 0 | C296: =IFERROR(IF(B296=0,"",VLOOKUP(B296,$B$15:$J$264,2,FALSE())),"") | D296: =IFERROR(IF(B296=0,"",VLOOKUP(B296,$B$15:$J$264,3,FALSE())),"") | G296: =IFERROR(IF(B296=0,"",VLOOKUP(B296,$B$15:$J$264,6,FALSE())),"") | H296: =IFERROR(IF(B296=0,"",VLOOKUP(B296,$B$15:$J$264,7,FALSE())),"") | I296: =IF(B296=0,"",VLOOKUP(B296,$B$15:$J$264,8,FALSE())) | K296: =IF(B296=0,"",H296*I296) | L296: =O296 | M296: =IF(B296=0,"",B296) | N296: =IF(B296=0,"",M296+N295) | O296: =IF(B296=0,"",(IF(N296<80%,"Si","No"))) | P296: =IF(B296=0,"",(IF(M296=$M$521,"Si",(IF(M296>$M$521,"Si","No")))))
A297: =P297 | B297: =LARGE($B$15:$B$264,27) -> 0 | C297: =IFERROR(IF(B297=0,"",VLOOKUP(B297,$B$15:$J$264,2,FALSE())),"") | D297: =IFERROR(IF(B297=0,"",VLOOKUP(B297,$B$15:$J$264,3,FALSE())),"") | G297: =IFERROR(IF(B297=0,"",VLOOKUP(B297,$B$15:$J$264,6,FALSE())),"") | H297: =IFERROR(IF(B297=0,"",VLOOKUP(B297,$B$15:$J$264,7,FALSE())),"") | I297: =IF(B297=0,"",VLOOKUP(B297,$B$15:$J$264,8,FALSE())) | K297: =IF(B297=0,"",H297*I297) | L297: =O297 | M297: =IF(B297=0,"",B297) | N297: =IF(B297=0,"",M297+N296) | O297: =IF(B297=0,"",(IF(N297<80%,"Si","No"))) | P297: =IF(B297=0,"",(IF(M297=$M$521,"Si",(IF(M297>$M$521,"Si","No")))))
A298: =P298 | B298: =LARGE($B$15:$B$264,28) -> 0 | C298: =IFERROR(IF(B298=0,"",VLOOKUP(B298,$B$15:$J$264,2,FALSE())),"") | D298: =IFERROR(IF(B298=0,"",VLOOKUP(B298,$B$15:$J$264,3,FALSE())),"") | G298: =IFERROR(IF(B298=0,"",VLOOKUP(B298,$B$15:$J$264,6,FALSE())),"") | H298: =IFERROR(IF(B298=0,"",VLOOKUP(B298,$B$15:$J$264,7,FALSE())),"") | I298: =IF(B298=0,"",VLOOKUP(B298,$B$15:$J$264,8,FALSE())) | K298: =IF(B298=0,"",H298*I298) | L298: =O298 | M298: =IF(B298=0,"",B298) | N298: =IF(B298=0,"",M298+N297) | O298: =IF(B298=0,"",(IF(N298<80%,"Si","No"))) | P298: =IF(B298=0,"",(IF(M298=$M$521,"Si",(IF(M298>$M$521,"Si","No")))))
A299: =P299 | B299: =LARGE($B$15:$B$264,29) -> 0 | C299: =IFERROR(IF(B299=0,"",VLOOKUP(B299,$B$15:$J$264,2,FALSE())),"") | D299: =IFERROR(IF(B299=0,"",VLOOKUP(B299,$B$15:$J$264,3,FALSE())),"") | G299: =IFERROR(IF(B299=0,"",VLOOKUP(B299,$B$15:$J$264,6,FALSE())),"") | H299: =IFERROR(IF(B299=0,"",VLOOKUP(B299,$B$15:$J$264,7,FALSE())),"") | I299: =IF(B299=0,"",VLOOKUP(B299,$B$15:$J$264,8,FALSE())) | K299: =IF(B299=0,"",H299*I299) | L299: =O299 | M299: =IF(B299=0,"",B299) | N299: =IF(B299=0,"",M299+N298) | O299: =IF(B299=0,"",(IF(N299<80%,"Si","No"))) | P299: =IF(B299=0,"",(IF(M299=$M$521,"Si",(IF(M299>$M$521,"Si","No")))))
A300: =P300 | B300: =LARGE($B$15:$B$264,30) -> 0 | C300: =IFERROR(IF(B300=0,"",VLOOKUP(B300,$B$15:$J$264,2,FALSE())),"") | D300: =IFERROR(IF(B300=0,"",VLOOKUP(B300,$B$15:$J$264,3,FALSE())),"") | G300: =IFERROR(IF(B300=0,"",VLOOKUP(B300,$B$15:$J$264,6,FALSE())),"") | H300: =IFERROR(IF(B300=0,"",VLOOKUP(B300,$B$15:$J$264,7,FALSE())),"") | I300: =IF(B300=0,"",VLOOKUP(B300,$B$15:$J$264,8,FALSE())) | K300: =IF(B300=0,"",H300*I300) | L300: =O300 | M300: =IF(B300=0,"",B300) | N300: =IF(B300=0,"",M300+N299) | O300: =IF(B300=0,"",(IF(N300<80%,"Si","No"))) | P300: =IF(B300=0,"",(IF(M300=$M$521,"Si",(IF(M300>$M$521,"Si","No")))))
A301: =P301 | B301: =LARGE($B$15:$B$264,31) -> 0 | C301: =IFERROR(IF(B301=0,"",VLOOKUP(B301,$B$15:$J$264,2,FALSE())),"") | D301: =IFERROR(IF(B301=0,"",VLOOKUP(B301,$B$15:$J$264,3,FALSE())),"") | G301: =IFERROR(IF(B301=0,"",VLOOKUP(B301,$B$15:$J$264,6,FALSE())),"") | H301: =IFERROR(IF(B301=0,"",VLOOKUP(B301,$B$15:$J$264,7,FALSE())),"") | I301: =IF(B301=0,"",VLOOKUP(B301,$B$15:$J$264,8,FALSE())) | K301: =IF(B301=0,"",H301*I301) | L301: =O301 | M301: =IF(B301=0,"",B301) | N301: =IF(B301=0,"",M301+N300) | O301: =IF(B301=0,"",(IF(N301<80%,"Si","No"))) | P301: =IF(B301=0,"",(IF(M301=$M$521,"Si",(IF(M301>$M$521,"Si","No")))))
A302: =P302 | B302: =LARGE($B$15:$B$264,32) -> 0 | C302: =IFERROR(IF(B302=0,"",VLOOKUP(B302,$B$15:$J$264,2,FALSE())),"") | D302: =IFERROR(IF(B302=0,"",VLOOKUP(B302,$B$15:$J$264,3,FALSE())),"") | G302: =IFERROR(IF(B302=0,"",VLOOKUP(B302,$B$15:$J$264,6,FALSE())),"") | H302: =IFERROR(IF(B302=0,"",VLOOKUP(B302,$B$15:$J$264,7,FALSE())),"") | I302: =IF(B302=0,"",VLOOKUP(B302,$B$15:$J$264,8,FALSE())) | K302: =IF(B302=0,"",H302*I302) | L302: =O302 | M302: =IF(B302=0,"",B302) | N302: =IF(B302=0,"",M302+N301) | O302: =IF(B302=0,"",(IF(N302<80%,"Si","No"))) | P302: =IF(B302=0,"",(IF(M302=$M$521,"Si",(IF(M302>$M$521,"Si","No")))))
A303: =P303 | B303: =LARGE($B$15:$B$264,33) -> 0 | C303: =IFERROR(IF(B303=0,"",VLOOKUP(B303,$B$15:$J$264,2,FALSE())),"") | D303: =IFERROR(IF(B303=0,"",VLOOKUP(B303,$B$15:$J$264,3,FALSE())),"") | G303: =IFERROR(IF(B303=0,"",VLOOKUP(B303,$B$15:$J$264,6,FALSE())),"") | H303: =IFERROR(IF(B303=0,"",VLOOKUP(B303,$B$15:$J$264,7,FALSE())),"") | I303: =IF(B303=0,"",VLOOKUP(B303,$B$15:$J$264,8,FALSE())) | K303: =IF(B303=0,"",H303*I303) | L303: =O303 | M303: =IF(B303=0,"",B303) | N303: =IF(B303=0,"",M303+N302) | O303: =IF(B303=0,"",(IF(N303<80%,"Si","No"))) | P303: =IF(B303=0,"",(IF(M303=$M$521,"Si",(IF(M303>$M$521,"Si","No")))))
A304: =P304 | B304: =LARGE($B$15:$B$264,34) -> 0 | C304: =IFERROR(IF(B304=0,"",VLOOKUP(B304,$B$15:$J$264,2,FALSE())),"") | D304: =IFERROR(IF(B304=0,"",VLOOKUP(B304,$B$15:$J$264,3,FALSE())),"") | G304: =IFERROR(IF(B304=0,"",VLOOKUP(B304,$B$15:$J$264,6,FALSE())),"") | H304: =IFERROR(IF(B304=0,"",VLOOKUP(B304,$B$15:$J$264,7,FALSE())),"") | I304: =IF(B304=0,"",VLOOKUP(B304,$B$15:$J$264,8,FALSE())) | K304: =IF(B304=0,"",H304*I304) | L304: =O304 | M304: =IF(B304=0,"",B304) | N304: =IF(B304=0,"",M304+N303) | O304: =IF(B304=0,"",(IF(N304<80%,"Si","No"))) | P304: =IF(B304=0,"",(IF(M304=$M$521,"Si",(IF(M304>$M$521,"Si","No")))))
A305: =P305 | B305: =LARGE($B$15:$B$264,35) -> 0 | C305: =IFERROR(IF(B305=0,"",VLOOKUP(B305,$B$15:$J$264,2,FALSE())),"") | D305: =IFERROR(IF(B305=0,"",VLOOKUP(B305,$B$15:$J$264,3,FALSE())),"") | G305: =IFERROR(IF(B305=0,"",VLOOKUP(B305,$B$15:$J$264,6,FALSE())),"") | H305: =IFERROR(IF(B305=0,"",VLOOKUP(B305,$B$15:$J$264,7,FALSE())),"") | I305: =IF(B305=0,"",VLOOKUP(B305,$B$15:$J$264,8,FALSE())) | K305: =IF(B305=0,"",H305*I305) | L305: =O305 | M305: =IF(B305=0,"",B305) | N305: =IF(B305=0,"",M305+N304) | O305: =IF(B305=0,"",(IF(N305<80%,"Si","No"))) | P305: =IF(B305=0,"",(IF(M305=$M$521,"Si",(IF(M305>$M$521,"Si","No")))))
A306: =P306 | B306: =LARGE($B$15:$B$264,36) -> 0 | C306: =IFERROR(IF(B306=0,"",VLOOKUP(B306,$B$15:$J$264,2,FALSE())),"") | D306: =IFERROR(IF(B306=0,"",VLOOKUP(B306,$B$15:$J$264,3,FALSE())),"") | G306: =IFERROR(IF(B306=0,"",VLOOKUP(B306,$B$15:$J$264,6,FALSE())),"") | H306: =IFERROR(IF(B306=0,"",VLOOKUP(B306,$B$15:$J$264,7,FALSE())),"") | I306: =IF(B306=0,"",VLOOKUP(B306,$B$15:$J$264,8,FALSE())) | K306: =IF(B306=0,"",H306*I306) | L306: =O306 | M306: =IF(B306=0,"",B306) | N306: =IF(B306=0,"",M306+N305) | O306: =IF(B306=0,"",(IF(N306<80%,"Si","No"))) | P306: =IF(B306=0,"",(IF(M306=$M$521,"Si",(IF(M306>$M$521,"Si","No")))))
A307: =P307 | B307: =LARGE($B$15:$B$264,37) -> 0 | C307: =IFERROR(IF(B307=0,"",VLOOKUP(B307,$B$15:$J$264,2,FALSE())),"") | D307: =IFERROR(IF(B307=0,"",VLOOKUP(B307,$B$15:$J$264,3,FALSE())),"") | G307: =IFERROR(IF(B307=0,"",VLOOKUP(B307,$B$15:$J$264,6,FALSE())),"") | H307: =IFERROR(IF(B307=0,"",VLOOKUP(B307,$B$15:$J$264,7,FALSE())),"") | I307: =IF(B307=0,"",VLOOKUP(B307,$B$15:$J$264,8,FALSE())) | K307: =IF(B307=0,"",H307*I307) | L307: =O307 | M307: =IF(B307=0,"",B307) | N307: =IF(B307=0,"",M307+N306) | O307: =IF(B307=0,"",(IF(N307<80%,"Si","No"))) | P307: =IF(B307=0,"",(IF(M307=$M$521,"Si",(IF(M307>$M$521,"Si","No")))))
A308: =P308 | B308: =LARGE($B$15:$B$264,38) -> 0 | C308: =IFERROR(IF(B308=0,"",VLOOKUP(B308,$B$15:$J$264,2,FALSE())),"") | D308: =IFERROR(IF(B308=0,"",VLOOKUP(B308,$B$15:$J$264,3,FALSE())),"") | G308: =IFERROR(IF(B308=0,"",VLOOKUP(B308,$B$15:$J$264,6,FALSE())),"") | H308: =IFERROR(IF(B308=0,"",VLOOKUP(B308,$B$15:$J$264,7,FALSE())),"") | I308: =IF(B308=0,"",VLOOKUP(B308,$B$15:$J$264,8,FALSE())) | K308: =IF(B308=0,"",H308*I308) | L308: =O308 | M308: =IF(B308=0,"",B308) | N308: =IF(B308=0,"",M308+N307) | O308: =IF(B308=0,"",(IF(N308<80%,"Si","No"))) | P308: =IF(B308=0,"",(IF(M308=$M$521,"Si",(IF(M308>$M$521,"Si","No")))))
A309: =P309 | B309: =LARGE($B$15:$B$264,39) -> 0 | C309: =IFERROR(IF(B309=0,"",VLOOKUP(B309,$B$15:$J$264,2,FALSE())),"") | D309: =IFERROR(IF(B309=0,"",VLOOKUP(B309,$B$15:$J$264,3,FALSE())),"") | G309: =IFERROR(IF(B309=0,"",VLOOKUP(B309,$B$15:$J$264,6,FALSE())),"") | H309: =IFERROR(IF(B309=0,"",VLOOKUP(B309,$B$15:$J$264,7,FALSE())),"") | I309: =IF(B309=0,"",VLOOKUP(B309,$B$15:$J$264,8,FALSE())) | K309: =IF(B309=0,"",H309*I309) | L309: =O309 | M309: =IF(B309=0,"",B309) | N309: =IF(B309=0,"",M309+N308) | O309: =IF(B309=0,"",(IF(N309<80%,"Si","No"))) | P309: =IF(B309=0,"",(IF(M309=$M$521,"Si",(IF(M309>$M$521,"Si","No")))))
A310: =P310 | B310: =LARGE($B$15:$B$264,40) -> 0 | C310: =IFERROR(IF(B310=0,"",VLOOKUP(B310,$B$15:$J$264,2,FALSE())),"") | D310: =IFERROR(IF(B310=0,"",VLOOKUP(B310,$B$15:$J$264,3,FALSE())),"") | G310: =IFERROR(IF(B310=0,"",VLOOKUP(B310,$B$15:$J$264,6,FALSE())),"") | H310: =IFERROR(IF(B310=0,"",VLOOKUP(B310,$B$15:$J$264,7,FALSE())),"") | I310: =IF(B310=0,"",VLOOKUP(B310,$B$15:$J$264,8,FALSE())) | K310: =IF(B310=0,"",H310*I310) | L310: =O310 | M310: =IF(B310=0,"",B310) | N310: =IF(B310=0,"",M310+N309) | O310: =IF(B310=0,"",(IF(N310<80%,"Si","No"))) | P310: =IF(B310=0,"",(IF(M310=$M$521,"Si",(IF(M310>$M$521,"Si","No")))))
A311: =P311 | B311: =LARGE($B$15:$B$264,41) -> 0 | C311: =IFERROR(IF(B311=0,"",VLOOKUP(B311,$B$15:$J$264,2,FALSE())),"") | D311: =IFERROR(IF(B311=0,"",VLOOKUP(B311,$B$15:$J$264,3,FALSE())),"") | G311: =IFERROR(IF(B311=0,"",VLOOKUP(B311,$B$15:$J$264,6,FALSE())),"") | H311: =IFERROR(IF(B311=0,"",VLOOKUP(B311,$B$15:$J$264,7,FALSE())),"") | I311: =IF(B311=0,"",VLOOKUP(B311,$B$15:$J$264,8,FALSE())) | K311: =IF(B311=0,"",H311*I311) | L311: =O311 | M311: =IF(B311=0,"",B311) | N311: =IF(B311=0,"",M311+N310) | O311: =IF(B311=0,"",(IF(N311<80%,"Si","No"))) | P311: =IF(B311=0,"",(IF(M311=$M$521,"Si",(IF(M311>$M$521,"Si","No")))))
A312: =P312 | B312: =LARGE($B$15:$B$264,42) -> 0 | C312: =IFERROR(IF(B312=0,"",VLOOKUP(B312,$B$15:$J$264,2,FALSE())),"") | D312: =IFERROR(IF(B312=0,"",VLOOKUP(B312,$B$15:$J$264,3,FALSE())),"") | G312: =IFERROR(IF(B312=0,"",VLOOKUP(B312,$B$15:$J$264,6,FALSE())),"") | H312: =IFERROR(IF(B312=0,"",VLOOKUP(B312,$B$15:$J$264,7,FALSE())),"") | I312: =IF(B312=0,"",VLOOKUP(B312,$B$15:$J$264,8,FALSE())) | K312: =IF(B312=0,"",H312*I312) | L312: =O312 | M312: =IF(B312=0,"",B312) | N312: =IF(B312=0,"",M312+N311) | O312: =IF(B312=0,"",(IF(N312<80%,"Si","No"))) | P312: =IF(B312=0,"",(IF(M312=$M$521,"Si",(IF(M312>$M$521,"Si","No")))))
A313: =P313 | B313: =LARGE($B$15:$B$264,43) -> 0 | C313: =IFERROR(IF(B313=0,"",VLOOKUP(B313,$B$15:$J$264,2,FALSE())),"") | D313: =IFERROR(IF(B313=0,"",VLOOKUP(B313,$B$15:$J$264,3,FALSE())),"") | G313: =IFERROR(IF(B313=0,"",VLOOKUP(B313,$B$15:$J$264,6,FALSE())),"") | H313: =IFERROR(IF(B313=0,"",VLOOKUP(B313,$B$15:$J$264,7,FALSE())),"") | I313: =IF(B313=0,"",VLOOKUP(B313,$B$15:$J$264,8,FALSE())) | K313: =IF(B313=0,"",H313*I313) | L313: =O313 | M313: =IF(B313=0,"",B313) | N313: =IF(B313=0,"",M313+N312) | O313: =IF(B313=0,"",(IF(N313<80%,"Si","No"))) | P313: =IF(B313=0,"",(IF(M313=$M$521,"Si",(IF(M313>$M$521,"Si","No")))))
A314: =P314 | B314: =LARGE($B$15:$B$264,44) -> 0 | C314: =IFERROR(IF(B314=0,"",VLOOKUP(B314,$B$15:$J$264,2,FALSE())),"") | D314: =IFERROR(IF(B314=0,"",VLOOKUP(B314,$B$15:$J$264,3,FALSE())),"") | G314: =IFERROR(IF(B314=0,"",VLOOKUP(B314,$B$15:$J$264,6,FALSE())),"") | H314: =IFERROR(IF(B314=0,"",VLOOKUP(B314,$B$15:$J$264,7,FALSE())),"") | I314: =IF(B314=0,"",VLOOKUP(B314,$B$15:$J$264,8,FALSE())) | K314: =IF(B314=0,"",H314*I314) | L314: =O314 | M314: =IF(B314=0,"",B314) | N314: =IF(B314=0,"",M314+N313) | O314: =IF(B314=0,"",(IF(N314<80%,"Si","No"))) | P314: =IF(B314=0,"",(IF(M314=$M$521,"Si",(IF(M314>$M$521,"Si","No")))))
A315: =P315 | B315: =LARGE($B$15:$B$264,45) -> 0 | C315: =IFERROR(IF(B315=0,"",VLOOKUP(B315,$B$15:$J$264,2,FALSE())),"") | D315: =IFERROR(IF(B315=0,"",VLOOKUP(B315,$B$15:$J$264,3,FALSE())),"") | G315: =IFERROR(IF(B315=0,"",VLOOKUP(B315,$B$15:$J$264,6,FALSE())),"") | H315: =IFERROR(IF(B315=0,"",VLOOKUP(B315,$B$15:$J$264,7,FALSE())),"") | I315: =IF(B315=0,"",VLOOKUP(B315,$B$15:$J$264,8,FALSE())) | K315: =IF(B315=0,"",H315*I315) | L315: =O315 | M315: =IF(B315=0,"",B315) | N315: =IF(B315=0,"",M315+N314) | O315: =IF(B315=0,"",(IF(N315<80%,"Si","No"))) | P315: =IF(B315=0,"",(IF(M315=$M$521,"Si",(IF(M315>$M$521,"Si","No")))))
A316: =P316 | B316: =LARGE($B$15:$B$264,46) -> 0 | C316: =IFERROR(IF(B316=0,"",VLOOKUP(B316,$B$15:$J$264,2,FALSE())),"") | D316: =IFERROR(IF(B316=0,"",VLOOKUP(B316,$B$15:$J$264,3,FALSE())),"") | G316: =IFERROR(IF(B316=0,"",VLOOKUP(B316,$B$15:$J$264,6,FALSE())),"") | H316: =IFERROR(IF(B316=0,"",VLOOKUP(B316,$B$15:$J$264,7,FALSE())),"") | I316: =IF(B316=0,"",VLOOKUP(B316,$B$15:$J$264,8,FALSE())) | K316: =IF(B316=0,"",H316*I316) | L316: =O316 | M316: =IF(B316=0,"",B316) | N316: =IF(B316=0,"",M316+N315) | O316: =IF(B316=0,"",(IF(N316<80%,"Si","No"))) | P316: =IF(B316=0,"",(IF(M316=$M$521,"Si",(IF(M316>$M$521,"Si","No")))))
A317: =P317 | B317: =LARGE($B$15:$B$264,47) -> 0 | C317: =IFERROR(IF(B317=0,"",VLOOKUP(B317,$B$15:$J$264,2,FALSE())),"") | D317: =IFERROR(IF(B317=0,"",VLOOKUP(B317,$B$15:$J$264,3,FALSE())),"") | G317: =IFERROR(IF(B317=0,"",VLOOKUP(B317,$B$15:$J$264,6,FALSE())),"") | H317: =IFERROR(IF(B317=0,"",VLOOKUP(B317,$B$15:$J$264,7,FALSE())),"") | I317: =IF(B317=0,"",VLOOKUP(B317,$B$15:$J$264,8,FALSE())) | K317: =IF(B317=0,"",H317*I317) | L317: =O317 | M317: =IF(B317=0,"",B317) | N317: =IF(B317=0,"",M317+N316) | O317: =IF(B317=0,"",(IF(N317<80%,"Si","No"))) | P317: =IF(B317=0,"",(IF(M317=$M$521,"Si",(IF(M317>$M$521,"Si","No")))))
A318: =P318 | B318: =LARGE($B$15:$B$264,48) -> 0 | C318: =IFERROR(IF(B318=0,"",VLOOKUP(B318,$B$15:$J$264,2,FALSE())),"") | D318: =IFERROR(IF(B318=0,"",VLOOKUP(B318,$B$15:$J$264,3,FALSE())),"") | G318: =IFERROR(IF(B318=0,"",VLOOKUP(B318,$B$15:$J$264,6,FALSE())),"") | H318: =IFERROR(IF(B318=0,"",VLOOKUP(B318,$B$15:$J$264,7,FALSE())),"") | I318: =IF(B318=0,"",VLOOKUP(B318,$B$15:$J$264,8,FALSE())) | K318: =IF(B318=0,"",H318*I318) | L318: =O318 | M318: =IF(B318=0,"",B318) | N318: =IF(B318=0,"",M318+N317) | O318: =IF(B318=0,"",(IF(N318<80%,"Si","No"))) | P318: =IF(B318=0,"",(IF(M318=$M$521,"Si",(IF(M318>$M$521,"Si","No")))))
A319: =P319 | B319: =LARGE($B$15:$B$264,49) -> 0 | C319: =IFERROR(IF(B319=0,"",VLOOKUP(B319,$B$15:$J$264,2,FALSE())),"") | D319: =IFERROR(IF(B319=0,"",VLOOKUP(B319,$B$15:$J$264,3,FALSE())),"") | G319: =IFERROR(IF(B319=0,"",VLOOKUP(B319,$B$15:$J$264,6,FALSE())),"") | H319: =IFERROR(IF(B319=0,"",VLOOKUP(B319,$B$15:$J$264,7,FALSE())),"") | I319: =IF(B319=0,"",VLOOKUP(B319,$B$15:$J$264,8,FALSE())) | K319: =IF(B319=0,"",H319*I319) | L319: =O319 | M319: =IF(B319=0,"",B319) | N319: =IF(B319=0,"",M319+N318) | O319: =IF(B319=0,"",(IF(N319<80%,"Si","No"))) | P319: =IF(B319=0,"",(IF(M319=$M$521,"Si",(IF(M319>$M$521,"Si","No")))))
A320: =P320 | B320: =LARGE($B$15:$B$264,50) -> 0 | C320: =IFERROR(IF(B320=0,"",VLOOKUP(B320,$B$15:$J$264,2,FALSE())),"") | D320: =IFERROR(IF(B320=0,"",VLOOKUP(B320,$B$15:$J$264,3,FALSE())),"") | G320: =IFERROR(IF(B320=0,"",VLOOKUP(B320,$B$15:$J$264,6,FALSE())),"") | H320: =IFERROR(IF(B320=0,"",VLOOKUP(B320,$B$15:$J$264,7,FALSE())),"") | I320: =IF(B320=0,"",VLOOKUP(B320,$B$15:$J$264,8,FALSE())) | K320: =IF(B320=0,"",H320*I320) | L320: =O320 | M320: =IF(B320=0,"",B320) | N320: =IF(B320=0,"",M320+N319) | O320: =IF(B320=0,"",(IF(N320<80%,"Si","No"))) | P320: =IF(B320=0,"",(IF(M320=$M$521,"Si",(IF(M320>$M$521,"Si","No")))))
A321: =P321 | B321: =LARGE($B$15:$B$264,51) -> 0 | C321: =IFERROR(IF(B321=0,"",VLOOKUP(B321,$B$15:$J$264,2,FALSE())),"") | D321: =IFERROR(IF(B321=0,"",VLOOKUP(B321,$B$15:$J$264,3,FALSE())),"") | G321: =IFERROR(IF(B321=0,"",VLOOKUP(B321,$B$15:$J$264,6,FALSE())),"") | H321: =IFERROR(IF(B321=0,"",VLOOKUP(B321,$B$15:$J$264,7,FALSE())),"") | I321: =IF(B321=0,"",VLOOKUP(B321,$B$15:$J$264,8,FALSE())) | K321: =IF(B321=0,"",H321*I321) | L321: =O321 | M321: =IF(B321=0,"",B321) | N321: =IF(B321=0,"",M321+N320) | O321: =IF(B321=0,"",(IF(N321<80%,"Si","No"))) | P321: =IF(B321=0,"",(IF(M321=$M$521,"Si",(IF(M321>$M$521,"Si","No")))))
A322: =P322 | B322: =LARGE($B$15:$B$264,52) -> 0 | C322: =IFERROR(IF(B322=0,"",VLOOKUP(B322,$B$15:$J$264,2,FALSE())),"") | D322: =IFERROR(IF(B322=0,"",VLOOKUP(B322,$B$15:$J$264,3,FALSE())),"") | G322: =IFERROR(IF(B322=0,"",VLOOKUP(B322,$B$15:$J$264,6,FALSE())),"") | H322: =IFERROR(IF(B322=0,"",VLOOKUP(B322,$B$15:$J$264,7,FALSE())),"") | I322: =IF(B322=0,"",VLOOKUP(B322,$B$15:$J$264,8,FALSE())) | K322: =IF(B322=0,"",H322*I322) | L322: =O322 | M322: =IF(B322=0,"",B322) | N322: =IF(B322=0,"",M322+N321) | O322: =IF(B322=0,"",(IF(N322<80%,"Si","No"))) | P322: =IF(B322=0,"",(IF(M322=$M$521,"Si",(IF(M322>$M$521,"Si","No")))))
A323: =P323 | B323: =LARGE($B$15:$B$264,53) -> 0 | C323: =IFERROR(IF(B323=0,"",VLOOKUP(B323,$B$15:$J$264,2,FALSE())),"") | D323: =IFERROR(IF(B323=0,"",VLOOKUP(B323,$B$15:$J$264,3,FALSE())),"") | G323: =IFERROR(IF(B323=0,"",VLOOKUP(B323,$B$15:$J$264,6,FALSE())),"") | H323: =IFERROR(IF(B323=0,"",VLOOKUP(B323,$B$15:$J$264,7,FALSE())),"") | I323: =IF(B323=0,"",VLOOKUP(B323,$B$15:$J$264,8,FALSE())) | K323: =IF(B323=0,"",H323*I323) | L323: =O323 | M323: =IF(B323=0,"",B323) | N323: =IF(B323=0,"",M323+N322) | O323: =IF(B323=0,"",(IF(N323<80%,"Si","No"))) | P323: =IF(B323=0,"",(IF(M323=$M$521,"Si",(IF(M323>$M$521,"Si","No")))))
A324: =P324 | B324: =LARGE($B$15:$B$264,54) -> 0 | C324: =IFERROR(IF(B324=0,"",VLOOKUP(B324,$B$15:$J$264,2,FALSE())),"") | D324: =IFERROR(IF(B324=0,"",VLOOKUP(B324,$B$15:$J$264,3,FALSE())),"") | G324: =IFERROR(IF(B324=0,"",VLOOKUP(B324,$B$15:$J$264,6,FALSE())),"") | H324: =IFERROR(IF(B324=0,"",VLOOKUP(B324,$B$15:$J$264,7,FALSE())),"") | I324: =IF(B324=0,"",VLOOKUP(B324,$B$15:$J$264,8,FALSE())) | K324: =IF(B324=0,"",H324*I324) | L324: =O324 | M324: =IF(B324=0,"",B324) | N324: =IF(B324=0,"",M324+N323) | O324: =IF(B324=0,"",(IF(N324<80%,"Si","No"))) | P324: =IF(B324=0,"",(IF(M324=$M$521,"Si",(IF(M324>$M$521,"Si","No")))))
A325: =P325 | B325: =LARGE($B$15:$B$264,55) -> 0 | C325: =IFERROR(IF(B325=0,"",VLOOKUP(B325,$B$15:$J$264,2,FALSE())),"") | D325: =IFERROR(IF(B325=0,"",VLOOKUP(B325,$B$15:$J$264,3,FALSE())),"") | G325: =IFERROR(IF(B325=0,"",VLOOKUP(B325,$B$15:$J$264,6,FALSE())),"") | H325: =IFERROR(IF(B325=0,"",VLOOKUP(B325,$B$15:$J$264,7,FALSE())),"") | I325: =IF(B325=0,"",VLOOKUP(B325,$B$15:$J$264,8,FALSE())) | K325: =IF(B325=0,"",H325*I325) | L325: =O325 | M325: =IF(B325=0,"",B325) | N325: =IF(B325=0,"",M325+N324) | O325: =IF(B325=0,"",(IF(N325<80%,"Si","No"))) | P325: =IF(B325=0,"",(IF(M325=$M$521,"Si",(IF(M325>$M$521,"Si","No")))))
A326: =P326 | B326: =LARGE($B$15:$B$264,56) -> 0 | C326: =IFERROR(IF(B326=0,"",VLOOKUP(B326,$B$15:$J$264,2,FALSE())),"") | D326: =IFERROR(IF(B326=0,"",VLOOKUP(B326,$B$15:$J$264,3,FALSE())),"") | G326: =IFERROR(IF(B326=0,"",VLOOKUP(B326,$B$15:$J$264,6,FALSE())),"") | H326: =IFERROR(IF(B326=0,"",VLOOKUP(B326,$B$15:$J$264,7,FALSE())),"") | I326: =IF(B326=0,"",VLOOKUP(B326,$B$15:$J$264,8,FALSE())) | K326: =IF(B326=0,"",H326*I326) | L326: =O326 | M326: =IF(B326=0,"",B326) | N326: =IF(B326=0,"",M326+N325) | O326: =IF(B326=0,"",(IF(N326<80%,"Si","No"))) | P326: =IF(B326=0,"",(IF(M326=$M$521,"Si",(IF(M326>$M$521,"Si","No")))))
A327: =P327 | B327: =LARGE($B$15:$B$264,57) -> 0 | C327: =IFERROR(IF(B327=0,"",VLOOKUP(B327,$B$15:$J$264,2,FALSE())),"") | D327: =IFERROR(IF(B327=0,"",VLOOKUP(B327,$B$15:$J$264,3,FALSE())),"") | G327: =IFERROR(IF(B327=0,"",VLOOKUP(B327,$B$15:$J$264,6,FALSE())),"") | H327: =IFERROR(IF(B327=0,"",VLOOKUP(B327,$B$15:$J$264,7,FALSE())),"") | I327: =IF(B327=0,"",VLOOKUP(B327,$B$15:$J$264,8,FALSE())) | K327: =IF(B327=0,"",H327*I327) | L327: =O327 | M327: =IF(B327=0,"",B327) | N327: =IF(B327=0,"",M327+N326) | O327: =IF(B327=0,"",(IF(N327<80%,"Si","No"))) | P327: =IF(B327=0,"",(IF(M327=$M$521,"Si",(IF(M327>$M$521,"Si","No")))))
A328: =P328 | B328: =LARGE($B$15:$B$264,58) -> 0 | C328: =IFERROR(IF(B328=0,"",VLOOKUP(B328,$B$15:$J$264,2,FALSE())),"") | D328: =IFERROR(IF(B328=0,"",VLOOKUP(B328,$B$15:$J$264,3,FALSE())),"") | G328: =IFERROR(IF(B328=0,"",VLOOKUP(B328,$B$15:$J$264,6,FALSE())),"") | H328: =IFERROR(IF(B328=0,"",VLOOKUP(B328,$B$15:$J$264,7,FALSE())),"") | I328: =IF(B328=0,"",VLOOKUP(B328,$B$15:$J$264,8,FALSE())) | K328: =IF(B328=0,"",H328*I328) | L328: =O328 | M328: =IF(B328=0,"",B328) | N328: =IF(B328=0,"",M328+N327) | O328: =IF(B328=0,"",(IF(N328<80%,"Si","No"))) | P328: =IF(B328=0,"",(IF(M328=$M$521,"Si",(IF(M328>$M$521,"Si","No")))))
A329: =P329 | B329: =LARGE($B$15:$B$264,59) -> 0 | C329: =IFERROR(IF(B329=0,"",VLOOKUP(B329,$B$15:$J$264,2,FALSE())),"") | D329: =IFERROR(IF(B329=0,"",VLOOKUP(B329,$B$15:$J$264,3,FALSE())),"") | G329: =IFERROR(IF(B329=0,"",VLOOKUP(B329,$B$15:$J$264,6,FALSE())),"") | H329: =IFERROR(IF(B329=0,"",VLOOKUP(B329,$B$15:$J$264,7,FALSE())),"") | I329: =IF(B329=0,"",VLOOKUP(B329,$B$15:$J$264,8,FALSE())) | K329: =IF(B329=0,"",H329*I329) | L329: =O329 | M329: =IF(B329=0,"",B329) | N329: =IF(B329=0,"",M329+N328) | O329: =IF(B329=0,"",(IF(N329<80%,"Si","No"))) | P329: =IF(B329=0,"",(IF(M329=$M$521,"Si",(IF(M329>$M$521,"Si","No")))))
A330: =P330 | B330: =LARGE($B$15:$B$264,60) -> 0 | C330: =IFERROR(IF(B330=0,"",VLOOKUP(B330,$B$15:$J$264,2,FALSE())),"") | D330: =IFERROR(IF(B330=0,"",VLOOKUP(B330,$B$15:$J$264,3,FALSE())),"") | G330: =IFERROR(IF(B330=0,"",VLOOKUP(B330,$B$15:$J$264,6,FALSE())),"") | H330: =IFERROR(IF(B330=0,"",VLOOKUP(B330,$B$15:$J$264,7,FALSE())),"") | I330: =IF(B330=0,"",VLOOKUP(B330,$B$15:$J$264,8,FALSE())) | K330: =IF(B330=0,"",H330*I330) | L330: =O330 | M330: =IF(B330=0,"",B330) | N330: =IF(B330=0,"",M330+N329) | O330: =IF(B330=0,"",(IF(N330<80%,"Si","No"))) | P330: =IF(B330=0,"",(IF(M330=$M$521,"Si",(IF(M330>$M$521,"Si","No")))))
A331: =P331 | B331: =LARGE($B$15:$B$264,61) -> 0 | C331: =IFERROR(IF(B331=0,"",VLOOKUP(B331,$B$15:$J$264,2,FALSE())),"") | D331: =IFERROR(IF(B331=0,"",VLOOKUP(B331,$B$15:$J$264,3,FALSE())),"") | G331: =IFERROR(IF(B331=0,"",VLOOKUP(B331,$B$15:$J$264,6,FALSE())),"") | H331: =IFERROR(IF(B331=0,"",VLOOKUP(B331,$B$15:$J$264,7,FALSE())),"") | I331: =IF(B331=0,"",VLOOKUP(B331,$B$15:$J$264,8,FALSE())) | K331: =IF(B331=0,"",H331*I331) | L331: =O331 | M331: =IF(B331=0,"",B331) | N331: =IF(B331=0,"",M331+N330) | O331: =IF(B331=0,"",(IF(N331<80%,"Si","No"))) | P331: =IF(B331=0,"",(IF(M331=$M$521,"Si",(IF(M331>$M$521,"Si","No")))))
A332: =P332 | B332: =LARGE($B$15:$B$264,62) -> 0 | C332: =IFERROR(IF(B332=0,"",VLOOKUP(B332,$B$15:$J$264,2,FALSE())),"") | D332: =IFERROR(IF(B332=0,"",VLOOKUP(B332,$B$15:$J$264,3,FALSE())),"") | G332: =IFERROR(IF(B332=0,"",VLOOKUP(B332,$B$15:$J$264,6,FALSE())),"") | H332: =IFERROR(IF(B332=0,"",VLOOKUP(B332,$B$15:$J$264,7,FALSE())),"") | I332: =IF(B332=0,"",VLOOKUP(B332,$B$15:$J$264,8,FALSE())) | K332: =IF(B332=0,"",H332*I332) | L332: =O332 | M332: =IF(B332=0,"",B332) | N332: =IF(B332=0,"",M332+N331) | O332: =IF(B332=0,"",(IF(N332<80%,"Si","No"))) | P332: =IF(B332=0,"",(IF(M332=$M$521,"Si",(IF(M332>$M$521,"Si","No")))))
A333: =P333 | B333: =LARGE($B$15:$B$264,63) -> 0 | C333: =IFERROR(IF(B333=0,"",VLOOKUP(B333,$B$15:$J$264,2,FALSE())),"") | D333: =IFERROR(IF(B333=0,"",VLOOKUP(B333,$B$15:$J$264,3,FALSE())),"") | G333: =IFERROR(IF(B333=0,"",VLOOKUP(B333,$B$15:$J$264,6,FALSE())),"") | H333: =IFERROR(IF(B333=0,"",VLOOKUP(B333,$B$15:$J$264,7,FALSE())),"") | I333: =IF(B333=0,"",VLOOKUP(B333,$B$15:$J$264,8,FALSE())) | K333: =IF(B333=0,"",H333*I333) | L333: =O333 | M333: =IF(B333=0,"",B333) | N333: =IF(B333=0,"",M333+N332) | O333: =IF(B333=0,"",(IF(N333<80%,"Si","No"))) | P333: =IF(B333=0,"",(IF(M333=$M$521,"Si",(IF(M333>$M$521,"Si","No")))))
A334: =P334 | B334: =LARGE($B$15:$B$264,64) -> 0 | C334: =IFERROR(IF(B334=0,"",VLOOKUP(B334,$B$15:$J$264,2,FALSE())),"") | D334: =IFERROR(IF(B334=0,"",VLOOKUP(B334,$B$15:$J$264,3,FALSE())),"") | G334: =IFERROR(IF(B334=0,"",VLOOKUP(B334,$B$15:$J$264,6,FALSE())),"") | H334: =IFERROR(IF(B334=0,"",VLOOKUP(B334,$B$15:$J$264,7,FALSE())),"") | I334: =IF(B334=0,"",VLOOKUP(B334,$B$15:$J$264,8,FALSE())) | K334: =IF(B334=0,"",H334*I334) | L334: =O334 | M334: =IF(B334=0,"",B334) | N334: =IF(B334=0,"",M334+N333) | O334: =IF(B334=0,"",(IF(N334<80%,"Si","No"))) | P334: =IF(B334=0,"",(IF(M334=$M$521,"Si",(IF(M334>$M$521,"Si","No")))))
A335: =P335 | B335: =LARGE($B$15:$B$264,65) -> 0 | C335: =IFERROR(IF(B335=0,"",VLOOKUP(B335,$B$15:$J$264,2,FALSE())),"") | D335: =IFERROR(IF(B335=0,"",VLOOKUP(B335,$B$15:$J$264,3,FALSE())),"") | G335: =IFERROR(IF(B335=0,"",VLOOKUP(B335,$B$15:$J$264,6,FALSE())),"") | H335: =IFERROR(IF(B335=0,"",VLOOKUP(B335,$B$15:$J$264,7,FALSE())),"") | I335: =IF(B335=0,"",VLOOKUP(B335,$B$15:$J$264,8,FALSE())) | K335: =IF(B335=0,"",H335*I335) | L335: =O335 | M335: =IF(B335=0,"",B335) | N335: =IF(B335=0,"",M335+N334) | O335: =IF(B335=0,"",(IF(N335<80%,"Si","No"))) | P335: =IF(B335=0,"",(IF(M335=$M$521,"Si",(IF(M335>$M$521,"Si","No")))))
A336: =P336 | B336: =LARGE($B$15:$B$264,66) -> 0 | C336: =IFERROR(IF(B336=0,"",VLOOKUP(B336,$B$15:$J$264,2,FALSE())),"") | D336: =IFERROR(IF(B336=0,"",VLOOKUP(B336,$B$15:$J$264,3,FALSE())),"") | G336: =IFERROR(IF(B336=0,"",VLOOKUP(B336,$B$15:$J$264,6,FALSE())),"") | H336: =IFERROR(IF(B336=0,"",VLOOKUP(B336,$B$15:$J$264,7,FALSE())),"") | I336: =IF(B336=0,"",VLOOKUP(B336,$B$15:$J$264,8,FALSE())) | K336: =IF(B336=0,"",H336*I336) | L336: =O336 | M336: =IF(B336=0,"",B336) | N336: =IF(B336=0,"",M336+N335) | O336: =IF(B336=0,"",(IF(N336<80%,"Si","No"))) | P336: =IF(B336=0,"",(IF(M336=$M$521,"Si",(IF(M336>$M$521,"Si","No")))))
A337: =P337 | B337: =LARGE($B$15:$B$264,67) -> 0 | C337: =IFERROR(IF(B337=0,"",VLOOKUP(B337,$B$15:$J$264,2,FALSE())),"") | D337: =IFERROR(IF(B337=0,"",VLOOKUP(B337,$B$15:$J$264,3,FALSE())),"") | G337: =IFERROR(IF(B337=0,"",VLOOKUP(B337,$B$15:$J$264,6,FALSE())),"") | H337: =IFERROR(IF(B337=0,"",VLOOKUP(B337,$B$15:$J$264,7,FALSE())),"") | I337: =IF(B337=0,"",VLOOKUP(B337,$B$15:$J$264,8,FALSE())) | K337: =IF(B337=0,"",H337*I337) | L337: =O337 | M337: =IF(B337=0,"",B337) | N337: =IF(B337=0,"",M337+N336) | O337: =IF(B337=0,"",(IF(N337<80%,"Si","No"))) | P337: =IF(B337=0,"",(IF(M337=$M$521,"Si",(IF(M337>$M$521,"Si","No")))))
A338: =P338 | B338: =LARGE($B$15:$B$264,68) -> 0 | C338: =IFERROR(IF(B338=0,"",VLOOKUP(B338,$B$15:$J$264,2,FALSE())),"") | D338: =IFERROR(IF(B338=0,"",VLOOKUP(B338,$B$15:$J$264,3,FALSE())),"") | G338: =IFERROR(IF(B338=0,"",VLOOKUP(B338,$B$15:$J$264,6,FALSE())),"") | H338: =IFERROR(IF(B338=0,"",VLOOKUP(B338,$B$15:$J$264,7,FALSE())),"") | I338: =IF(B338=0,"",VLOOKUP(B338,$B$15:$J$264,8,FALSE())) | K338: =IF(B338=0,"",H338*I338) | L338: =O338 | M338: =IF(B338=0,"",B338) | N338: =IF(B338=0,"",M338+N337) | O338: =IF(B338=0,"",(IF(N338<80%,"Si","No"))) | P338: =IF(B338=0,"",(IF(M338=$M$521,"Si",(IF(M338>$M$521,"Si","No")))))
A339: =P339 | B339: =LARGE($B$15:$B$264,69) -> 0 | C339: =IFERROR(IF(B339=0,"",VLOOKUP(B339,$B$15:$J$264,2,FALSE())),"") | D339: =IFERROR(IF(B339=0,"",VLOOKUP(B339,$B$15:$J$264,3,FALSE())),"") | G339: =IFERROR(IF(B339=0,"",VLOOKUP(B339,$B$15:$J$264,6,FALSE())),"") | H339: =IFERROR(IF(B339=0,"",VLOOKUP(B339,$B$15:$J$264,7,FALSE())),"") | I339: =IF(B339=0,"",VLOOKUP(B339,$B$15:$J$264,8,FALSE())) | K339: =IF(B339=0,"",H339*I339) | L339: =O339 | M339: =IF(B339=0,"",B339) | N339: =IF(B339=0,"",M339+N338) | O339: =IF(B339=0,"",(IF(N339<80%,"Si","No"))) | P339: =IF(B339=0,"",(IF(M339=$M$521,"Si",(IF(M339>$M$521,"Si","No")))))
A340: =P340 | B340: =LARGE($B$15:$B$264,70) -> 0 | C340: =IFERROR(IF(B340=0,"",VLOOKUP(B340,$B$15:$J$264,2,FALSE())),"") | D340: =IFERROR(IF(B340=0,"",VLOOKUP(B340,$B$15:$J$264,3,FALSE())),"") | G340: =IFERROR(IF(B340=0,"",VLOOKUP(B340,$B$15:$J$264,6,FALSE())),"") | H340: =IFERROR(IF(B340=0,"",VLOOKUP(B340,$B$15:$J$264,7,FALSE())),"") | I340: =IF(B340=0,"",VLOOKUP(B340,$B$15:$J$264,8,FALSE())) | K340: =IF(B340=0,"",H340*I340) | L340: =O340 | M340: =IF(B340=0,"",B340) | N340: =IF(B340=0,"",M340+N339) | O340: =IF(B340=0,"",(IF(N340<80%,"Si","No"))) | P340: =IF(B340=0,"",(IF(M340=$M$521,"Si",(IF(M340>$M$521,"Si","No")))))
A341: =P341 | B341: =LARGE($B$15:$B$264,71) -> 0 | C341: =IFERROR(IF(B341=0,"",VLOOKUP(B341,$B$15:$J$264,2,FALSE())),"") | D341: =IFERROR(IF(B341=0,"",VLOOKUP(B341,$B$15:$J$264,3,FALSE())),"") | G341: =IFERROR(IF(B341=0,"",VLOOKUP(B341,$B$15:$J$264,6,FALSE())),"") | H341: =IFERROR(IF(B341=0,"",VLOOKUP(B341,$B$15:$J$264,7,FALSE())),"") | I341: =IF(B341=0,"",VLOOKUP(B341,$B$15:$J$264,8,FALSE())) | K341: =IF(B341=0,"",H341*I341) | L341: =O341 | M341: =IF(B341=0,"",B341) | N341: =IF(B341=0,"",M341+N340) | O341: =IF(B341=0,"",(IF(N341<80%,"Si","No"))) | P341: =IF(B341=0,"",(IF(M341=$M$521,"Si",(IF(M341>$M$521,"Si","No")))))
A342: =P342 | B342: =LARGE($B$15:$B$264,72) -> 0 | C342: =IFERROR(IF(B342=0,"",VLOOKUP(B342,$B$15:$J$264,2,FALSE())),"") | D342: =IFERROR(IF(B342=0,"",VLOOKUP(B342,$B$15:$J$264,3,FALSE())),"") | G342: =IFERROR(IF(B342=0,"",VLOOKUP(B342,$B$15:$J$264,6,FALSE())),"") | H342: =IFERROR(IF(B342=0,"",VLOOKUP(B342,$B$15:$J$264,7,FALSE())),"") | I342: =IF(B342=0,"",VLOOKUP(B342,$B$15:$J$264,8,FALSE())) | K342: =IF(B342=0,"",H342*I342) | L342: =O342 | M342: =IF(B342=0,"",B342) | N342: =IF(B342=0,"",M342+N341) | O342: =IF(B342=0,"",(IF(N342<80%,"Si","No"))) | P342: =IF(B342=0,"",(IF(M342=$M$521,"Si",(IF(M342>$M$521,"Si","No")))))
A343: =P343 | B343: =LARGE($B$15:$B$264,73) -> 0 | C343: =IFERROR(IF(B343=0,"",VLOOKUP(B343,$B$15:$J$264,2,FALSE())),"") | D343: =IFERROR(IF(B343=0,"",VLOOKUP(B343,$B$15:$J$264,3,FALSE())),"") | G343: =IFERROR(IF(B343=0,"",VLOOKUP(B343,$B$15:$J$264,6,FALSE())),"") | H343: =IFERROR(IF(B343=0,"",VLOOKUP(B343,$B$15:$J$264,7,FALSE())),"") | I343: =IF(B343=0,"",VLOOKUP(B343,$B$15:$J$264,8,FALSE())) | K343: =IF(B343=0,"",H343*I343) | L343: =O343 | M343: =IF(B343=0,"",B343) | N343: =IF(B343=0,"",M343+N342) | O343: =IF(B343=0,"",(IF(N343<80%,"Si","No"))) | P343: =IF(B343=0,"",(IF(M343=$M$521,"Si",(IF(M343>$M$521,"Si","No")))))
A344: =P344 | B344: =LARGE($B$15:$B$264,74) -> 0 | C344: =IFERROR(IF(B344=0,"",VLOOKUP(B344,$B$15:$J$264,2,FALSE())),"") | D344: =IFERROR(IF(B344=0,"",VLOOKUP(B344,$B$15:$J$264,3,FALSE())),"") | G344: =IFERROR(IF(B344=0,"",VLOOKUP(B344,$B$15:$J$264,6,FALSE())),"") | H344: =IFERROR(IF(B344=0,"",VLOOKUP(B344,$B$15:$J$264,7,FALSE())),"") | I344: =IF(B344=0,"",VLOOKUP(B344,$B$15:$J$264,8,FALSE())) | K344: =IF(B344=0,"",H344*I344) | L344: =O344 | M344: =IF(B344=0,"",B344) | N344: =IF(B344=0,"",M344+N343) | O344: =IF(B344=0,"",(IF(N344<80%,"Si","No"))) | P344: =IF(B344=0,"",(IF(M344=$M$521,"Si",(IF(M344>$M$521,"Si","No")))))
...

Sheet Propuesta económica O1
E1: =Instructivo!F1 -> Sistema de Gestión Integral (SGI) Instructivo - Componente Financiero EP Código: F-PGC-21. Versión: 05 | J1: Instructivo
E2: Hoja "Propuesta económica - Opción 1" | J2: Notas propuesta económica
A5: NÚMERO DE PROCESO:
A6: MODALIDAD DE CONTRATACIÓN: | B6: ='Plan Ejecución'!AE4 -> 0
A7: OBJETO A CONTRATAR: | B7: ='Plan Ejecución'!AE5 -> 0
A9: PROPUESTA ECONÓMICA
A10: Ítem | B10: Unidad de medida | C10: Cantidad | D10: Valor unitario referencia corporación antes de IVA | E10: Valor unitario oferente antes de IVA | F10: Valor total oferente
E11: 0 | F11: =C11*E11 -> 0
E12: 0 | F12: =C12*E12 -> 0
E13: 0 | F13: =C13*E13 -> 0
E14: 0 | F14: =C14*E14 -> 0
E15: 0 | F15: =C15*E15 -> 0
E16: 0 | F16: =C16*E16 -> 0
A17: VALOR TOTAL OFERENTE ANTES DE IVA | F17: =SUM(F11:F16) -> 0
A18: IVA (19%) | F18: =F17*19% -> 0
A19: VALOR TOTAL OFERENTE DESPUÉS DE IVA | F19: =F17+F18 -> 0
A22: _____________________________ Firma del oferente: Nombre del representante legal: Número de documento:
A24: NOTAS

Sheet Propuesta económica O2
E1: =Instructivo!F1 -> Sistema de Gestión Integral (SGI) Instructivo - Componente Financiero EP Código: F-PGC-21. Versión: 05 | J1: Instructivo
E2: Hoja "Propuesta económica - Opción 2" | J2: Notas propuesta económica
A5: NÚMERO DE PROCESO:
A6: MODALIDAD DE CONTRATACIÓN: | E6: ='Plan Ejecución'!AE4 -> 0
A7: OBJETO A CONTRATAR: | E7: ='Plan Ejecución'!AE5 -> 0
A9: PROPUESTA ECONÓMICA
A10: Ítem | B10: Cantidad personal | C10: (%) Dedicación | D10: Unidad de medida | E10: Cantidad | F10: Valor unitario referencia corporación antes de IVA | G10: Factor prestacional | H10: Valor unitario oferente antes de IVA | I10: Valor total oferente
A11: COSTOS DE PERSONAL
I12: =B12*C12*E12*G12*H12 -> 0
I13: =B13*C13*E13*G13*H13 -> 0
I14: =B14*C14*E14*G14*H14 -> 0
I15: =B15*C15*E15*G15*H15 -> 0
I16: =B16*C16*E16*G16*H16 -> 0
A17: SUBTOTAL COSTOS DE PERSONAL | I17: =SUM(I12:I16) -> 0
A18: Ítem | D18: Unidad de medida | E18: Cantidad | F18: Valor unitario referencia corporación antes de IVA | H18: Valor unitario oferente antes de IVA | I18: Valor total oferente
A19: COSTOS DE MATERIALES Y SUMINISTROS
I20: =E20*H20 -> 0
I21: =E21*H21 -> 0
I22: =E22*H22 -> 0
I23: =E23*H23 -> 0
I24: =E24*H24 -> 0
I25: =E25*H25 -> 0
I26: =E26*H26 -> 0
I27: =E27*H27 -> 0
A28: SUBTOTAL COSTOS DE MATERIALES Y SUMINISTROS | I28: =SUM(I20:I27) -> 0
A29: COSTOS DE MAQUINARIA Y EQUIPO
I30: =E30*H30 -> 0
I31: =E31*H31 -> 0
I32: =E32*H32 -> 0
I33: =E33*H33 -> 0
A34: SUBTOTAL COSTOS DE MAQUINARIA Y EQUIPO | I34: =SUM(I30:I33) -> 0
A35: OTROS COSTOS
I36: =E36*H36 -> 0
I37: =E37*H37 -> 0
I38: =E38*H38 -> 0
I39: =E39*H39 -> 0
A40: SUBTOTAL OTROS COSTOS | I40: =SUM(I36:I39) -> 0
A42: SUBTOTAL (antes de AU e IVA) | I42: =I17+I28+I34+I40 -> 0
A43: Administración | I43: =I42*H43 -> 0
A44: Utilidad | I44: =I42*H44 -> 0
A45: IVA | I45: =I44*H45 -> 0
A46: TOTAL (incluido AU e IVA) | I46: =SUM(I42:I45) -> 0
A48: _____________________________ Firma del oferente: Nombre del representante legal: Número de documento:
A50: NOTAS

Sheet Propuesta económica O3
E1: =Instructivo!F1 -> Sistema de Gestión Integral (SGI) Instructivo - Componente Financiero EP Código: F-PGC-21. Versión: 05 | J1: Instructivo
E2: Hoja "Propuesta económica - Opción 3" | J2: Notas propuesta económica
A4: NÚMERO DE PROCESO:
A5: MODALIDAD DE CONTRATACIÓN: | E5: ='Plan Ejecución'!AE4 -> 0
A6: OBJETO A CONTRATAR: | E6: ='Plan Ejecución'!AE5 -> 0
A8: PROPUESTA ECONÓMICA
A9: ACTIVIDAD 1
A10: Ítem | B10: Cantidad personal | C10: (%) Dedicación | D10: Unidad de medida | E10: Cantidad | F10: Valor unitario referencia corporación antes de IVA | G10: Factor prestacional | H10: Valor unitario oferente antes de IVA | I10: Valor total oferente
A11: COSTOS DE PERSONAL
I12: =B12*C12*E12*F12*G12*H12 -> 0
I13: =B13*C13*E13*F13*G13*H13 -> 0
I14: =B14*C14*E14*F14*G14*H14 -> 0
I15: =B15*C15*E15*F15*G15*H15 -> 0
I16: =B16*C16*E16*F16*G16*H16 -> 0
A17: SUBTOTAL COSTOS DE PERSONAL | I17: =SUM(I12:I16) -> 0
A18: Ítem | D18: Unidad de medida | E18: Cantidad | F18: Valor unitario referencia corporación antes de IVA | H18: Valor unitario oferente antes de IVA | I18: Valor total oferente
A19: OTROS COSTOS (Diferentes a los costos de personal)
I20: =E20*H20 -> 0
I21: =E21*H21 -> 0
I22: =E22*H22 -> 0
I23: =E23*H23 -> 0
I24: =E24*H24 -> 0
I25: =E25*H25 -> 0
A26: SUBTOTAL OTROS COSTOS | I26: =SUM(I20:I25) -> 0
A27: SUBTOTAL ACTIVIDAD 1 | I27: =I17+I26 -> 0
A29: ACTIVIDAD 2
A30: Ítem | B30: Cantidad personal | C30: (%) Dedicación | D30: Unidad de medida | E30: Cantidad | F30: Valor unitario referencia corporación antes de IVA | G30: Factor prestacional | H30: Valor unitario oferente antes de IVA | I30: Valor total oferente
A31: COSTOS DE PERSONAL
I32: =B32*C32*E32*G32*H32 -> 0
I33: =B33*C33*E33*G33*H33 -> 0
I34: =B34*C34*E34*G34*H34 -> 0
I35: =B35*C35*E35*G35*H35 -> 0
I36: =B36*C36*E36*G36*H36 -> 0
A37: SUBTOTAL COSTOS DE PERSONAL | I37: =SUM(I32:I36) -> 0
A38: Ítem | D38: Unidad de medida | E38: Cantidad | F38: Valor unitario referencia corporación antes de IVA | H38: Valor unitario oferente antes de IVA | I38: Valor total oferente
A39: OTROS COSTOS (Diferentes a los costos de personal)
I40: =E40*H40 -> 0
I41: =E41*H41 -> 0
I42: =E42*H42 -> 0
I43: =E43*H43 -> 0
I44: =E44*H44 -> 0
I45: =E45*H45 -> 0
A46: SUBTOTAL OTROS COSTOS | I46: =SUM(I40:I45) -> 0
A47: SUBTOTAL ACTIVIDAD 2 | I47: =I37+I46 -> 0
A49: ACTIVIDAD 3
A50: Ítem | B50: Cantidad personal | C50: (%) Dedicación | D50: Unidad de medida | E50: Cantidad | F50: Valor unitario referencia corporación antes de IVA | G50: Factor prestacional | H50: Valor unitario oferente antes de IVA | I50: Valor total oferente
A51: COSTOS DE PERSONAL
I52: =B52*C52*E52*G52*H52 -> 0
I53: =B53*C53*E53*G53*H53 -> 0
I54: =B54*C54*E54*G54*H54 -> 0
I55: =B55*C55*E55*G55*H55 -> 0
I56: =B56*C56*E56*G56*H56 -> 0
A57: SUBTOTAL COSTOS DE PERSONAL | I57: =SUM(I52:I56) -> 0
A58: Ítem | D58: Unidad de medida | E58: Cantidad | F58: Valor unitario referencia corporación antes de IVA | H58: Valor unitario oferente antes de IVA | I58: Valor total oferente
A59: OTROS COSTOS (Diferentes a los costos de personal)
I60: =E60*H60 -> 0
I61: =E61*H61 -> 0
I62: =E62*H62 -> 0
I63: =E63*H63 -> 0
I64: =E64*H64 -> 0
I65: =E65*H65 -> 0
A66: SUBTOTAL OTROS COSTOS | I66: =SUM(I60:I65) -> 0
A67: SUBTOTAL ACTIVIDAD 3 | I67: =I57+I66 -> 0
A69: SUBTOTAL (antes de AU e IVA) | I69: =I27+I47+I67 -> 0
A70: Administración | I70: 0
A71: Utilidad | I71: 0
A72: IVA | I72: 0
A73: TOTAL (incluido AU e IVA) | I73: =SUM(I69:I72) -> 0
A75: _____________________________ Firma del oferente: Nombre del representante legal: Número de documento:
A77: NOTAS

Sheet PAB CA
E1: =Instructivo!F1 -> Sistema de Gestión Integral (SGI) Instructivo - Componente Financiero EP Código: F-PGC-21. Versión: 05 | J1: ='Habilitados - SI'!$J$1 -> Instructivo
E2: Hoja "Estimación PAB Comparación Absoluta"
A4: En la comparación absoluta la Entidad Estatal contrasta el valor de cada oferta con el costo estimado de la provisión del bien o servicio de acuerdo con en el Estudio del Sector elaborado por la Entidad Estatal. Cuando la Entidad Estatal recibe menos de 5 ofertas debe solicitar aclaración a los proponentes cuyas ofertas sean menores en un 20%, o un mayor porcentaje, al costo total estimado por la Entidad Estatal. (Guía Colombia Compra Eficiente Ofertas Artificialmente Bajas, pág.5). Como la Guía de Colombia Compra Eficiente tiene un vacío para el uso de metodologías en el caso de presentarse 5 ofertas, Corantioquia en dicho caso utilizará la comparación absoluta, y solo utilizará la comparación relativa si se presentan más de 5 ofertas.
A6: En los contratos por pluralidad de oferentes al momento de subir el presente libro a la plataforma secop, el asesor jurídico y el asesor técnico, deberán ocultar la presente hoja, solo colocando a disposición de los oferentes el acta de PAB debidamente radicada, en el momento adecuado para ello.
A8: NÚMERO DE PROCESO:
A9: MODALIDAD DE CONTRATACIÓN: | C9: ='Plan Ejecución'!AE4 -> 0
A10: OBJETO A CONTRATAR: | C10: ='Plan Ejecución'!AE5 -> 0
A12: ESTIMACIÓN PAB COMPARACIÓN ABSOLUTA POR EL PRESUPUESTO TOTAL
A13: Valor presupuesto total antes de IVA | B13: Porcentaje base | C13: Valor base para determinar PAB | D13: PAB Comparación absoluta
B14: 0.2 | C14: =A14*B14 -> 0 | D14: =A14-C14 -> 0
A16: ESTIMACIÓN PAB COMPARACIÓN ABSOLUTA POR LOTE
A17: Lote | B17: Valor total lote antes de IVA | C17: Porcentaje base | D17: Valor total lote base para determinar PAB | E17: PAB unitario Comparación absoluta
C18: 0.2 | D18: =B18*C18 -> 0 | E18: =B18-D18 -> 0
C19: 0.2 | D19: =B19*C19 -> 0 | E19: =B19-D19 -> 0
C20: 0.2 | D20: =B20*C20 -> 0 | E20: =B20-D20 -> 0
D21: =B21*C21 -> 0 | E21: =B21-D21 -> 0
D22: =B22*C22 -> 0 | E22: =B22-D22 -> 0
A24: ESTIMACIÓN PAB COMPARACIÓN ABSOLUTA POR UNIDAD
A25: Ítem | B25: Valor unitario presupuesto antes de IVA | C25: Porcentaje base | D25: Valor unitario base para determinar PAB | E25: PAB unitario Comparación absoluta
C26: 0.2 | D26: =B26*C26 -> 0 | E26: =B26-D26 -> 0
C27: 0.2 | D27: =B27*C27 -> 0 | E27: =B27-D27 -> 0
C28: 0.2 | D28: =B28*C28 -> 0 | E28: =B28-D28 -> 0
D29: =B29*C29 -> 0 | E29: =B29-D29 -> 0
D30: =B30*C30 -> 0 | E30: =B30-D30 -> 0
D31: =B31*C31 -> 0 | E31: =B31-D31 -> 0
D32: =B32*C32 -> 0 | E32: =B32-D32 -> 0
D33: =B33*C33 -> 0 | E33: =B33-D33 -> 0
D34: =B34*C34 -> 0 | E34: =B34-D34 -> 0
D35: =B35*C35 -> 0 | E35: =B35-D35 -> 0
D36: =B36*C36 -> 0 | E36: =B36-D36 -> 0
D37: =B37*C37 -> 0 | E37: =B37-D37 -> 0
A39: ESTIMACIÓN PAB COMPARACIÓN ABSOLUTA POR LOTE - UNIDAD
A40: Lote 1: | B40: Adquisición de equipos informáticos
A41: Ítem | B41: Valor unitario presupuesto antes de IVA | C41: Porcentaje base | D41: Valor unitario base para determinar PAB | E41: PAB unitario Comparación absoluta
C42: 0.2 | D42: =B42*C42 -> 0 | E42: =B42-D42 -> 0
C43: 0.2 | D43: =B43*C43 -> 0 | E43: =B43-D43 -> 0
D44: =B44*C44 -> 0 | E44: =B44-D44 -> 0
D45: =B45*C45 -> 0 | E45: =B45-D45 -> 0
D46: =B46*C46 -> 0 | E46: =B46-D46 -> 0
D47: =B47*C47 -> 0 | E47: =B47-D47 -> 0
D48: =B48*C48 -> 0 | E48: =B48-D48 -> 0
D49: =B49*C49 -> 0 | E49: =B49-D49 -> 0
D50: =B50*C50 -> 0 | E50: =B50-D50 -> 0
D51: =B51*C51 -> 0 | E51: =B51-D51 -> 0
A53: Lote 2 : | B53: Adquisición de insumos informáticos
A54: Ítem | B54: Valor unitario presupuesto antes de IVA | C54: Porcentaje base | D54: Valor unitario base para determinar PAB | E54: PAB unitario Comparación absoluta
C55: 0.2 | D55: =B55*C55 -> 0 | E55: =B55-D55 -> 0
D56: =B56*C56 -> 0 | E56: =B56-D56 -> 0
D57: =B57*C57 -> 0 | E57: =B57-D57 -> 0
D58: =B58*C58 -> 0 | E58: =B58-D58 -> 0
D59: =B59*C59 -> 0 | E59: =B59-D59 -> 0
D60: =B60*C60 -> 0 | E60: =B60-D60 -> 0
D61: =B61*C61 -> 0 | E61: =B61-D61 -> 0
D62: =B62*C62 -> 0 | E62: =B62-D62 -> 0
D63: =B63*C63 -> 0 | E63: =B63-D63 -> 0
D64: =B64*C64 -> 0 | E64: =B64-D64 -> 0

Sheet PAB CR
E1: =Instructivo!F1 -> Sistema de Gestión Integral (SGI) Instructivo - Componente Financiero EP Código: F-PGC-21. Versión: 05 | J1: Instructivo
E2: Hoja "Estimación PAB Comparación Relativa"
A5: Colombia Compra Eficiente presenta la siguiente metodología (comparación relativa) como sugerencia para que las Entidades Estatales identifiquen la posibilidad de precios artificialmente bajos cuando hay más de 5 ofertas en un Proceso de Contratación (Guía Colombia Compra Eficiente Ofertas Artificialmente Bajas, pág.5).
A7: NÚMERO DE PROCESO:
A8: MODALIDAD DE CONTRATACIÓN: | D8: ='Plan Ejecución'!AE4 -> 0
A9: OBJETO A CONTRATAR: | D9: ='Plan Ejecución'!AE5 -> 0
A11: ESTIMACIÓN PAB COMPARACIÓN RELATIVA POR EL PRESUPUESTO TOTAL
A12: Oferente | B12: NIT | C12: Valor total antes de IVA
A22: MEDIANA | C22: =IFERROR(MEDIAN(C13:C21),"")
A23: DESVIACIÓN ESTÁNDAR | C23: =IFERROR(_xlfn.STDEV.P(C13:C21),"")
A24: VALOR MÍNIMO ACEPTABLE | C24: =IFERROR(C22-C23,"")
A26: ESTIMACIÓN PAB COMPARACIÓN RELATIVA POR LOTE
A27: LOTE 1. XXXXXX | D27: LOTE 2. XXXXXX
A28: Oferente | B28: NIT | C28: Valor total antes de IVA lote | D28: Oferente | E28: NIT | F28: Valor total antes de IVA lote
A38: MEDIANA | C38: =IFERROR(MEDIAN(C29:C37),"") | D38: MEDIANA | F38: =IFERROR(MEDIAN(F29:F37),"")
A39: DESVIACIÓN ESTÁNDAR | C39: =IFERROR(_xlfn.STDEV.P(C29:C37),"") | D39: DESVIACIÓN ESTÁNDAR | F39: =IFERROR(_xlfn.STDEV.P(F29:F37),"")
A40: VALOR MÍNIMO ACEPTABLE | C40: =IFERROR(C38-C39,"") | D40: VALOR MÍNIMO ACEPTABLE | F40: =IFERROR(F38-F39,"")
A42: ESTIMACIÓN PAB COMPARACIÓN RELATIVA POR UNIDAD
A43: ÍTEM / Oferente (Valor unitario antes de IVA) | L43: MEDIANA | M43: DESVIACIÓN ESTÁNDAR | N43: VALOR MÍNIMO ACEPTABLE
L44: =IFERROR(MEDIAN(B44:K44),"") | M44: =IFERROR(_xlfn.STDEV.P(B44:K44),"") | N44: =IFERROR(L44-M44,"")
L45: =IFERROR(MEDIAN(B45:K45),"") | M45: =IFERROR(_xlfn.STDEV.P(B45:K45),"") | N45: =IFERROR(L45-M45,"")
L46: =IFERROR(MEDIAN(B46:K46),"") | M46: =IFERROR(_xlfn.STDEV.P(B46:K46),"") | N46: =IFERROR(L46-M46,"")
L47: =IFERROR(MEDIAN(B47:K47),"") | M47: =IFERROR(_xlfn.STDEV.P(B47:K47),"") | N47: =IFERROR(L47-M47,"")
L48: =IFERROR(MEDIAN(B48:K48),"") | M48: =IFERROR(_xlfn.STDEV.P(B48:K48),"") | N48: =IFERROR(L48-M48,"")
L49: =IFERROR(MEDIAN(B49:K49),"") | M49: =IFERROR(_xlfn.STDEV.P(B49:K49),"") | N49: =IFERROR(L49-M49,"")
L50: =IFERROR(MEDIAN(B50:K50),"") | M50: =IFERROR(_xlfn.STDEV.P(B50:K50),"") | N50: =IFERROR(L50-M50,"")
L51: =IFERROR(MEDIAN(B51:K51),"") | M51: =IFERROR(_xlfn.STDEV.P(B51:K51),"") | N51: =IFERROR(L51-M51,"")
L52: =IFERROR(MEDIAN(B52:K52),"") | M52: =IFERROR(_xlfn.STDEV.P(B52:K52),"") | N52: =IFERROR(L52-M52,"")
L53: =IFERROR(MEDIAN(B53:K53),"") | M53: =IFERROR(_xlfn.STDEV.P(B53:K53),"") | N53: =IFERROR(L53-M53,"")
A55: ESTIMACIÓN PAB COMPARACIÓN RELATIVA POR LOTE - UNIDAD
A56: Lote 1:
A57: ÍTEM / Oferente (Valor unitario antes de IVA) | L57: MEDIANA | M57: DESVIACIÓN ESTÁNDAR | N57: VALOR MÍNIMO ACEPTABLE
L58: =IFERROR(MEDIAN(B58:K58),"") | M58: =IFERROR(_xlfn.STDEV.P(B58:K58),"") | N58: =IFERROR(L58-M58,"")
L59: =IFERROR(MEDIAN(B59:K59),"") | M59: =IFERROR(_xlfn.STDEV.P(B59:K59),"") | N59: =IFERROR(L59-M59,"")
L60: =IFERROR(MEDIAN(B60:K60),"") | M60: =IFERROR(_xlfn.STDEV.P(B60:K60),"") | N60: =IFERROR(L60-M60,"")
L61: =IFERROR(MEDIAN(B61:K61),"") | M61: =IFERROR(_xlfn.STDEV.P(B61:K61),"") | N61: =IFERROR(L61-M61,"")
L62: =IFERROR(MEDIAN(B62:K62),"") | M62: =IFERROR(_xlfn.STDEV.P(B62:K62),"") | N62: =IFERROR(L62-M62,"")
L63: =IFERROR(MEDIAN(B63:K63),"") | M63: =IFERROR(_xlfn.STDEV.P(B63:K63),"") | N63: =IFERROR(L63-M63,"")
L64: =IFERROR(MEDIAN(B64:K64),"") | M64: =IFERROR(_xlfn.STDEV.P(B64:K64),"") | N64: =IFERROR(L64-M64,"")
L65: =IFERROR(MEDIAN(B65:K65),"") | M65: =IFERROR(_xlfn.STDEV.P(B65:K65),"") | N65: =IFERROR(L65-M65,"")
L66: =IFERROR(MEDIAN(B66:K66),"") | M66: =IFERROR(_xlfn.STDEV.P(B66:K66),"") | N66: =IFERROR(L66-M66,"")
L67: =IFERROR(MEDIAN(B67:K67),"") | M67: =IFERROR(_xlfn.STDEV.P(B67:K67),"") | N67: =IFERROR(L67-M67,"")
A69: Lote 2:
A70: ÍTEM / Oferente (Valor unitario antes de IVA) | L70: MEDIANA | M70: DESVIACIÓN ESTÁNDAR | N70: VALOR MÍNIMO ACEPTABLE
L71: =IFERROR(MEDIAN(B71:K71),"") | M71: =IFERROR(_xlfn.STDEV.P(B71:K71),"") | N71: =IFERROR(L71-M71,"")
L72: =IFERROR(MEDIAN(B72:K72),"") | M72: =IFERROR(_xlfn.STDEV.P(B72:K72),"") | N72: =IFERROR(L72-M72,"")
L73: =IFERROR(MEDIAN(B73:K73),"") | M73: =IFERROR(_xlfn.STDEV.P(B73:K73),"") | N73: =IFERROR(L73-M73,"")
L74: =IFERROR(MEDIAN(B74:K74),"") | M74: =IFERROR(_xlfn.STDEV.P(B74:K74),"") | N74: =IFERROR(L74-M74,"")
L75: =IFERROR(MEDIAN(B75:K75),"") | M75: =IFERROR(_xlfn.STDEV.P(B75:K75),"") | N75: =IFERROR(L75-M75,"")
L76: =IFERROR(MEDIAN(B76:K76),"") | M76: =IFERROR(_xlfn.STDEV.P(B76:K76),"") | N76: =IFERROR(L76-M76,"")
L77: =IFERROR(MEDIAN(B77:K77),"") | M77: =IFERROR(_xlfn.STDEV.P(B77:K77),"") | N77: =IFERROR(L77-M77,"")
L78: =IFERROR(MEDIAN(B78:K78),"") | M78: =IFERROR(_xlfn.STDEV.P(B78:K78),"") | N78: =IFERROR(L78-M78,"")
L79: =IFERROR(MEDIAN(B79:K79),"") | M79: =IFERROR(_xlfn.STDEV.P(B79:K79),"") | N79: =IFERROR(L79-M79,"")
L80: =IFERROR(MEDIAN(B80:K80),"") | M80: =IFERROR(_xlfn.STDEV.P(B80:K80),"") | N80: =IFERROR(L80-M80,"")

Sheet Evaluación financiera
E1: =Instructivo!F1 -> Sistema de Gestión Integral (SGI) Instructivo - Componente Financiero EP Código: F-PGC-21. Versión: 05 | J1: Instructivo
E2: Hoja "Verificación de requisitos habilitantes de los proponentes sobre capacidad financiera y organizacional" | J2: Requisitos habilitantes capacidad financiera y organizacional
A4: NÚMERO DE PROCESO:
A5: MODALIDAD DE CONTRATACIÓN: | C5: ='Plan Ejecución'!AE4 -> 0
A6: OBJETO A CONTRATAR: | C6: ='Plan Ejecución'!AE5 -> 0
A8: VERIFICACIÓN DE REQUISITOS HABILITANTES DE LOS PROPONENTES SOBRE CAPACIDAD FINANCIERA Y ORGANIZACIONAL - GENERALES- | I8: CALIFICACIÓN
A9: INDICADOR FINANCIERO | B9: REGISTRO ÚNICO DE PROPONENTES | C9: FECHA DE CORTE DE LA INFORMACIÓN FINANCIERA | D9: LIQUIDEZ | E9: NIVEL DE ENDEUDAMIENTO | F9: RAZÓN DE COBERTURA DE INTERESES | G9: RENTABILIDAD DEL PATRIMONIO | H9: RENTABILIDAD DEL ACTIVO | I9: CUMPLE | J9: NO CUMPLE
A10: CRITERIOS PROPONENTES | B10: RUP EN FIRME | D10: MAYOR A UNO (1) | E10: MENOR O IGUAL AL SETENTA POR CIENTO (70%). | F10: POSITIVA MAYOR O IGUAL A DOS (2) / Indeterminada | G10: MAYOR AL UNO POR CIENTO (1%). | H10: MAYOR AL UNO POR CIENTO (1%).
A16: VERIFICACIÓN DE REQUISITOS HABILITANTES DE LOS PROPONENTES SOBRE CAPACIDAD FINANCIERA Y ORGANIZACIONAL - DIFERENCIALES- | I16: CALIFICACIÓN
A17: INDICADOR FINANCIERO | B17: REGISTRO ÚNICO DE PROPONENTES | C17: FECHA DE CORTE DE LA INFORMACIÓN FINANCIERA | D17: LIQUIDEZ | E17: NIVEL DE ENDEUDAMIENTO | F17: RAZÓN DE COBERTURA DE INTERESES | G17: RENTABILIDAD DEL PATRIMONIO | H17: RENTABILIDAD DEL ACTIVO | I17: CUMPLE | J17: NO CUMPLE
A18: CRITERIOS PROPONENTES | B18: RUP EN FIRME | D18: MAYOR A UNO (1) | E18: MENOR O IGUAL AL OCHENTA POR CIENTO (80%). | F18: POSITIVA MAYOR O IGUAL A UNO PUNTO CINCO (1,5) / Indeterminada | G18: MAYOR O IGUAL AL CERO PUNTO CINCO POR CIENTO (0,5%). | H18: MAYOR O IGUAL AL CERO PUNTO CINCO POR CIENTO (0,5%).
A24: CALIFICACIÓN DE INDICADORES:
A25: CUMPLE: Si la totalidad de los indicadores presentados por el proponente en el RUP guardan correspondencia con los mínimos exigidos por la CORPORACION.
A26: NO CUMPLE: Cuando al menos uno de los indicadores presentados por el proponente en el RUP no guarda correspondencia con los mínimos exigidos por la CORPORACION .
A27: _____________________________________________________
A28: Asesor(a) Financier(a) - Comité Asesor y Evaluador
A29: Subdirección Administrativa y Financiera

Sheet Habilitados - SI
E1: =Instructivo!F1 -> Sistema de Gestión Integral (SGI) Instructivo - Componente Financiero EP Código: F-PGC-21. Versión: 05 | J1: Instructivo
E2: Hoja "Subasta inversa - Análisis de habilitados"
A4: NÚMERO DE PROCESO:
A5: MODALIDAD DE CONTRATACIÓN:
A6: OBJETO A CONTRATAR:
A8: Subrayar:
A9: Amarillo: Están pendientes de Póliza la cual será validada en la subasta.
A10: Rojo: No cumplen.
A12: LOTE 1
A13: OFERENTE | B13: ORDEN TÉCNICO | D13: ORDEN JURÍDICO | F13: ORDEN FINANCIERO
B14: HABILITADO/ NO HABILITADO | C14: CUMPLE / NO CUMPLE | D14: HABILITADO/ NO HABILITADO | E14: CUMPLE / NO CUMPLE | F14: HABILITADO/ NO HABILITADO | G14: CUMPLE / NO CUMPLE
C15: =IF(B15="Habilitado","Cumple",(IF(B15="No habilitado","No cumple",(IF(B15="Pendiente","La habilitación queda supeditada a la verificación de la entrega de la póliza dentro del sobre económico",""))))) | E15: =IF(D15="Habilitado","Cumple",(IF(D15="No habilitado","No cumple",(IF(D15="Pendiente","La habilitación queda supeditada a la verificación de la entrega de la póliza dentro del sobre económico",""))))) | G15: =IF(F15="Habilitado","Cumple",(IF(F15="No habilitado","No cumple",(IF(F15="Pendiente","La habilitación queda supeditada a la verificación de la entrega de la póliza dentro del sobre económico","")))))
C16: =IF(B16="Habilitado","Cumple",(IF(B16="No habilitado","No cumple",(IF(B16="Pendiente","La habilitación queda supeditada a la verificación de la entrega de la póliza dentro del sobre económico",""))))) | E16: =IF(D16="Habilitado","Cumple",(IF(D16="No habilitado","No cumple",(IF(D16="Pendiente","La habilitación queda supeditada a la verificación de la entrega de la póliza dentro del sobre económico",""))))) | G16: =IF(F16="Habilitado","Cumple",(IF(F16="No habilitado","No cumple",(IF(F16="Pendiente","La habilitación queda supeditada a la verificación de la entrega de la póliza dentro del sobre económico","")))))
C17: =IF(B17="Habilitado","Cumple",(IF(B17="No habilitado","No cumple",(IF(B17="Pendiente","La habilitación queda supeditada a la verificación de la entrega de la póliza dentro del sobre económico",""))))) | E17: =IF(D17="Habilitado","Cumple",(IF(D17="No habilitado","No cumple",(IF(D17="Pendiente","La habilitación queda supeditada a la verificación de la entrega de la póliza dentro del sobre económico",""))))) | G17: =IF(F17="Habilitado","Cumple",(IF(F17="No habilitado","No cumple",(IF(F17="Pendiente","La habilitación queda supeditada a la verificación de la entrega de la póliza dentro del sobre económico","")))))
C18: =IF(B18="Habilitado","Cumple",(IF(B18="No habilitado","No cumple",(IF(B18="Pendiente","La habilitación queda supeditada a la verificación de la entrega de la póliza dentro del sobre económico",""))))) | E18: =IF(D18="Habilitado","Cumple",(IF(D18="No habilitado","No cumple",(IF(D18="Pendiente","La habilitación queda supeditada a la verificación de la entrega de la póliza dentro del sobre económico",""))))) | G18: =IF(F18="Habilitado","Cumple",(IF(F18="No habilitado","No cumple",(IF(F18="Pendiente","La habilitación queda supeditada a la verificación de la entrega de la póliza dentro del sobre económico","")))))
C19: =IF(B19="Habilitado","Cumple",(IF(B19="No habilitado","No cumple",(IF(B19="Pendiente","La habilitación queda supeditada a la verificación de la entrega de la póliza dentro del sobre económico",""))))) | E19: =IF(D19="Habilitado","Cumple",(IF(D19="No habilitado","No cumple",(IF(D19="Pendiente","La habilitación queda supeditada a la verificación de la entrega de la póliza dentro del sobre económico",""))))) | G19: =IF(F19="Habilitado","Cumple",(IF(F19="No habilitado","No cumple",(IF(F19="Pendiente","La habilitación queda supeditada a la verificación de la entrega de la póliza dentro del sobre económico","")))))
C20: =IF(B20="Habilitado","Cumple",(IF(B20="No habilitado","No cumple",(IF(B20="Pendiente","La habilitación queda supeditada a la verificación de la entrega de la póliza dentro del sobre económico",""))))) | E20: =IF(D20="Habilitado","Cumple",(IF(D20="No habilitado","No cumple",(IF(D20="Pendiente","La habilitación queda supeditada a la verificación de la entrega de la póliza dentro del sobre económico",""))))) | G20: =IF(F20="Habilitado","Cumple",(IF(F20="No habilitado","No cumple",(IF(F20="Pendiente","La habilitación queda supeditada a la verificación de la entrega de la póliza dentro del sobre económico","")))))
C21: =IF(B21="Habilitado","Cumple",(IF(B21="No habilitado","No cumple",(IF(B21="Pendiente","La habilitación queda supeditada a la verificación de la entrega de la póliza dentro del sobre económico",""))))) | E21: =IF(D21="Habilitado","Cumple",(IF(D21="No habilitado","No cumple",(IF(D21="Pendiente","La habilitación queda supeditada a la verificación de la entrega de la póliza dentro del sobre económico",""))))) | G21: =IF(F21="Habilitado","Cumple",(IF(F21="No habilitado","No cumple",(IF(F21="Pendiente","La habilitación queda supeditada a la verificación de la entrega de la póliza dentro del sobre económico","")))))
A23: LOTE 2
A24: OFERENTE | B24: ORDEN TÉCNICO | D24: ORDEN JURÍDICO | F24: ORDEN FINANCIERO
B25: HABILITADO/ NO HABILITADO | C25: CUMPLE / NO CUMPLE | D25: HABILITADO/ NO HABILITADO | E25: CUMPLE / NO CUMPLE | F25: HABILITADO/ NO HABILITADO | G25: CUMPLE / NO CUMPLE
C26: =IF(B26="Habilitado","Cumple",(IF(B26="No habilitado","No cumple",(IF(B26="Pendiente","La habilitación queda supeditada a la verificación de la entrega de la póliza dentro del sobre económico",""))))) | E26: =IF(D26="Habilitado","Cumple",(IF(D26="No habilitado","No cumple",(IF(D26="Pendiente","La habilitación queda supeditada a la verificación de la entrega de la póliza dentro del sobre económico",""))))) | G26: =IF(F26="Habilitado","Cumple",(IF(F26="No habilitado","No cumple",(IF(F26="Pendiente","La habilitación queda supeditada a la verificación de la entrega de la póliza dentro del sobre económico","")))))
C27: =IF(B27="Habilitado","Cumple",(IF(B27="No habilitado","No cumple",(IF(B27="Pendiente","La habilitación queda supeditada a la verificación de la entrega de la póliza dentro del sobre económico",""))))) | E27: =IF(D27="Habilitado","Cumple",(IF(D27="No habilitado","No cumple",(IF(D27="Pendiente","La habilitación queda supeditada a la verificación de la entrega de la póliza dentro del sobre económico",""))))) | G27: =IF(F27="Habilitado","Cumple",(IF(F27="No habilitado","No cumple",(IF(F27="Pendiente","La habilitación queda supeditada a la verificación de la entrega de la póliza dentro del sobre económico","")))))
C28: =IF(B28="Habilitado","Cumple",(IF(B28="No habilitado","No cumple",(IF(B28="Pendiente","La habilitación queda supeditada a la verificación de la entrega de la póliza dentro del sobre económico",""))))) | E28: =IF(D28="Habilitado","Cumple",(IF(D28="No habilitado","No cumple",(IF(D28="Pendiente","La habilitación queda supeditada a la verificación de la entrega de la póliza dentro del sobre económico",""))))) | G28: =IF(F28="Habilitado","Cumple",(IF(F28="No habilitado","No cumple",(IF(F28="Pendiente","La habilitación queda supeditada a la verificación de la entrega de la póliza dentro del sobre económico","")))))
C29: =IF(B29="Habilitado","Cumple",(IF(B29="No habilitado","No cumple",(IF(B29="Pendiente","La habilitación queda supeditada a la verificación de la entrega de la póliza dentro del sobre económico",""))))) | E29: =IF(D29="Habilitado","Cumple",(IF(D29="No habilitado","No cumple",(IF(D29="Pendiente","La habilitación queda supeditada a la verificación de la entrega de la póliza dentro del sobre económico",""))))) | G29: =IF(F29="Habilitado","Cumple",(IF(F29="No habilitado","No cumple",(IF(F29="Pendiente","La habilitación queda supeditada a la verificación de la entrega de la póliza dentro del sobre económico","")))))
C30: =IF(B30="Habilitado","Cumple",(IF(B30="No habilitado","No cumple",(IF(B30="Pendiente","La habilitación queda supeditada a la verificación de la entrega de la póliza dentro del sobre económico",""))))) | E30: =IF(D30="Habilitado","Cumple",(IF(D30="No habilitado","No cumple",(IF(D30="Pendiente","La habilitación queda supeditada a la verificación de la entrega de la póliza dentro del sobre económico",""))))) | G30: =IF(F30="Habilitado","Cumple",(IF(F30="No habilitado","No cumple",(IF(F30="Pendiente","La habilitación queda supeditada a la verificación de la entrega de la póliza dentro del sobre económico","")))))
C31: =IF(B31="Habilitado","Cumple",(IF(B31="No habilitado","No cumple",(IF(B31="Pendiente","La habilitación queda supeditada a la verificación de la entrega de la póliza dentro del sobre económico",""))))) | E31: =IF(D31="Habilitado","Cumple",(IF(D31="No habilitado","No cumple",(IF(D31="Pendiente","La habilitación queda supeditada a la verificación de la entrega de la póliza dentro del sobre económico",""))))) | G31: =IF(F31="Habilitado","Cumple",(IF(F31="No habilitado","No cumple",(IF(F31="Pendiente","La habilitación queda supeditada a la verificación de la entrega de la póliza dentro del sobre económico","")))))
C32: =IF(B32="Habilitado","Cumple",(IF(B32="No habilitado","No cumple",(IF(B32="Pendiente","La habilitación queda supeditada a la verificación de la entrega de la póliza dentro del sobre económico",""))))) | E32: =IF(D32="Habilitado","Cumple",(IF(D32="No habilitado","No cumple",(IF(D32="Pendiente","La habilitación queda supeditada a la verificación de la entrega de la póliza dentro del sobre económico",""))))) | G32: =IF(F32="Habilitado","Cumple",(IF(F32="No habilitado","No cumple",(IF(F32="Pendiente","La habilitación queda supeditada a la verificación de la entrega de la póliza dentro del sobre económico","")))))
A34: LOTE 3
A35: OFERENTE | B35: ORDEN TÉCNICO | D35: ORDEN JURÍDICO | F35: ORDEN FINANCIERO
B36: HABILITADO/ NO HABILITADO | C36: CUMPLE / NO CUMPLE | D36: HABILITADO/ NO HABILITADO | E36: CUMPLE / NO CUMPLE | F36: HABILITADO/ NO HABILITADO | G36: CUMPLE / NO CUMPLE
C37: =IF(B37="Habilitado","Cumple",(IF(B37="No habilitado","No cumple",(IF(B37="Pendiente","La habilitación queda supeditada a la verificación de la entrega de la póliza dentro del sobre económico",""))))) | E37: =IF(D37="Habilitado","Cumple",(IF(D37="No habilitado","No cumple",(IF(D37="Pendiente","La habilitación queda supeditada a la verificación de la entrega de la póliza dentro del sobre económico",""))))) | G37: =IF(F37="Habilitado","Cumple",(IF(F37="No habilitado","No cumple",(IF(F37="Pendiente","La habilitación queda supeditada a la verificación de la entrega de la póliza dentro del sobre económico","")))))
C38: =IF(B38="Habilitado","Cumple",(IF(B38="No habilitado","No cumple",(IF(B38="Pendiente","La habilitación queda supeditada a la verificación de la entrega de la póliza dentro del sobre económico",""))))) | E38: =IF(D38="Habilitado","Cumple",(IF(D38="No habilitado","No cumple",(IF(D38="Pendiente","La habilitación queda supeditada a la verificación de la entrega de la póliza dentro del sobre económico",""))))) | G38: =IF(F38="Habilitado","Cumple",(IF(F38="No habilitado","No cumple",(IF(F38="Pendiente","La habilitación queda supeditada a la verificación de la entrega de la póliza dentro del sobre económico","")))))
C39: =IF(B39="Habilitado","Cumple",(IF(B39="No habilitado","No cumple",(IF(B39="Pendiente","La habilitación queda supeditada a la verificación de la entrega de la póliza dentro del sobre económico",""))))) | E39: =IF(D39="Habilitado","Cumple",(IF(D39="No habilitado","No cumple",(IF(D39="Pendiente","La habilitación queda supeditada a la verificación de la entrega de la póliza dentro del sobre económico",""))))) | G39: =IF(F39="Habilitado","Cumple",(IF(F39="No habilitado","No cumple",(IF(F39="Pendiente","La habilitación queda supeditada a la verificación de la entrega de la póliza dentro del sobre económico","")))))
C40: =IF(B40="Habilitado","Cumple",(IF(B40="No habilitado","No cumple",(IF(B40="Pendiente","La habilitación queda supeditada a la verificación de la entrega de la póliza dentro del sobre económico",""))))) | E40: =IF(D40="Habilitado","Cumple",(IF(D40="No habilitado","No cumple",(IF(D40="Pendiente","La habilitación queda supeditada a la verificación de la entrega de la póliza dentro del sobre económico",""))))) | G40: =IF(F40="Habilitado","Cumple",(IF(F40="No habilitado","No cumple",(IF(F40="Pendiente","La habilitación queda supeditada a la verificación de la entrega de la póliza dentro del sobre económico","")))))
C41: =IF(B41="Habilitado","Cumple",(IF(B41="No habilitado","No cumple",(IF(B41="Pendiente","La habilitación queda supeditada a la verificación de la entrega de la póliza dentro del sobre económico",""))))) | E41: =IF(D41="Habilitado","Cumple",(IF(D41="No habilitado","No cumple",(IF(D41="Pendiente","La habilitación queda supeditada a la verificación de la entrega de la póliza dentro del sobre económico",""))))) | G41: =IF(F41="Habilitado","Cumple",(IF(F41="No habilitado","No cumple",(IF(F41="Pendiente","La habilitación queda supeditada a la verificación de la entrega de la póliza dentro del sobre económico","")))))
C42: =IF(B42="Habilitado","Cumple",(IF(B42="No habilitado","No cumple",(IF(B42="Pendiente","La habilitación queda supeditada a la verificación de la entrega de la póliza dentro del sobre económico",""))))) | E42: =IF(D42="Habilitado","Cumple",(IF(D42="No habilitado","No cumple",(IF(D42="Pendiente","La habilitación queda supeditada a la verificación de la entrega de la póliza dentro del sobre económico",""))))) | G42: =IF(F42="Habilitado","Cumple",(IF(F42="No habilitado","No cumple",(IF(F42="Pendiente","La habilitación queda supeditada a la verificación de la entrega de la póliza dentro del sobre económico","")))))
C43: =IF(B43="Habilitado","Cumple",(IF(B43="No habilitado","No cumple",(IF(B43="Pendiente","La habilitación queda supeditada a la verificación de la entrega de la póliza dentro del sobre económico",""))))) | E43: =IF(D43="Habilitado","Cumple",(IF(D43="No habilitado","No cumple",(IF(D43="Pendiente","La habilitación queda supeditada a la verificación de la entrega de la póliza dentro del sobre económico",""))))) | G43: =IF(F43="Habilitado","Cumple",(IF(F43="No habilitado","No cumple",(IF(F43="Pendiente","La habilitación queda supeditada a la verificación de la entrega de la póliza dentro del sobre económico","")))))

Sheet A. Lances - SIP
B1: =Instructivo!F1 -> Sistema de Gestión Integral (SGI) Instructivo - Componente Financiero EP Código: F-PGC-21. Versión: 05
B2: Hoja "Subasta inversa presencial - Análisis de lances"
A4: SUBASTA INVERSA PRESENCIAL: | B4: Número: Año: | E4: Instructivo
A5: NÚMERO DE PROCESO:
A6: MODALIDAD DE CONTRATACIÓN:
A7: OBJETO A CONTRATAR:
A8: NÚMERO DE LOTE:
A9: MARGEN MÍNIMO DE MEJORA DE OFERTA: | B9: 0.02 | C9: Numeral P.C.
A11: EL VALOR DEL LANCE DEBERA CORRESPONDER AL VALOR ANTES DE IVA
A12: PRECIO DE ARRANQUE | D12: 0
A13: MARGEN MÍNIMO DE MEJORA DE OFERTA | D13: =D12*$B$9 -> 0
A14: PRECIO MÁXIMO PARA EL LANCE No. 1 | D14: =D12-D13 -> 0
A16: PRECIO OFERTADO EN EL LANCE No.1 | D16: 0
A17: MARGEN MÍNIMO DE MEJORA DE OFERTA | D17: =D16*$B$9 -> 0
A18: PRECIO MÁXIMO PARA EL LANCE No. 2 | D18: =+D16-D17 -> 0
A20: PRECIO OFERTADO EN EL LANCE No.2 | D20: 0
A21: MARGEN MÍNIMO DE MEJORA DE OFERTA | D21: =D20*$B$9 -> 0
A22: PRECIO MÁXIMO PARA EL LANCE No. 3 | D22: =+D20-D21 -> 0
A24: PRECIO OFERTADO EN EL LANCE No.3 | D24: 0
A25: MARGEN MÍNIMO DE MEJORA DE OFERTA | D25: =D24*$B$9 -> 0
A26: PRECIO MÁXIMO PARA EL LANCE No. 4 | D26: =+D24-D25 -> 0
A28: PRECIO OFERTADO EN EL LANCE No.4 | D28: 0
A29: MARGEN MÍNIMO DE MEJORA DE OFERTA | D29: =D28*$B$9 -> 0
A30: PRECIO MÁXIMO PARA EL LANCE No. 5 | D30: =+D28-D29 -> 0
A32: PRECIO OFERTADO EN EL LANCE No.5 | D32: 0
A33: MARGEN MÍNIMO DE MEJORA DE OFERTA | D33: =D32*$B$9 -> 0
A34: PRECIO MÁXIMO PARA EL LANCE No. 6 | D34: =+D32-D33 -> 0
A36: PRECIO OFERTADO EN EL LANCE No.6 | D36: 0
A37: MARGEN MÍNIMO DE MEJORA DE OFERTA | D37: =D36*$B$9 -> 0
A38: PRECIO MÁXIMO PARA EL LANCE No. 7 | D38: =+D36-D37 -> 0
A40: PRECIO OFERTADO EN EL LANCE No.7 | D40: 0
A41: MARGEN MÍNIMO DE MEJORA DE OFERTA | D41: =D40*$B$9 -> 0
A42: PRECIO MÁXIMO PARA EL LANCE No. 8 | D42: =+D40-D41 -> 0
A44: PRECIO OFERTADO EN EL LANCE No.8 | D44: 0
A45: MARGEN MÍNIMO DE MEJORA DE OFERTA | D45: =D44*$B$9 -> 0
A46: PRECIO MÁXIMO PARA EL LANCE No. 9 | D46: =+D44-D45 -> 0
A48: PRECIO OFERTADO EN EL LANCE No.9 | D48: 0
A49: MARGEN MÍNIMO DE MEJORA DE OFERTA | D49: =D48*$B$9 -> 0
A50: PRECIO MÁXIMO PARA EL LANCE No. 10 | D50: =+D48-D49 -> 0
A52: PRECIO OFERTADO EN EL LANCE No.10 | D52: 0
A53: MARGEN MÍNIMO DE MEJORA DE OFERTA | D53: =D52*$B$9 -> 0
A54: PRECIO MÁXIMO PARA EL LANCE No. 11 | D54: =+D52-D53 -> 0
A56: PRECIO OFERTADO EN EL LANCE No.11 | D56: 0
A57: MARGEN MÍNIMO DE MEJORA DE OFERTA | D57: =D56*$B$9 -> 0
A58: PRECIO MÁXIMO PARA EL LANCE No. 12 | D58: =+D56-D57 -> 0
A60: PRECIO OFERTADO EN EL LANCE No.12 | D60: 0
A61: MARGEN MÍNIMO DE MEJORA DE OFERTA | D61: =D60*$B$9 -> 0
A62: PRECIO MÁXIMO PARA EL LANCE No. 13 | D62: =+D60-D61 -> 0
A64: PRECIO OFERTADO EN EL LANCE No.13 | D64: 0
A65: MARGEN MÍNIMO DE MEJORA DE OFERTA | D65: =D64*$B$9 -> 0
A66: PRECIO MÁXIMO PARA EL LANCE No. 14 | D66: =+D64-D65 -> 0
A68: PRECIO OFERTADO EN EL LANCE No.14 | D68: 0
A69: MARGEN MÍNIMO DE MEJORA DE OFERTA | D69: =D68*$B$9 -> 0
A70: PRECIO MÁXIMO PARA EL LANCE No. 15 | D70: =+D68-D69 -> 0
A72: PRECIO OFERTADO EN EL LANCE No.15 | D72: 0
A73: MARGEN MÍNIMO DE MEJORA DE OFERTA | D73: =D72*$B$9 -> 0
A74: PRECIO MÁXIMO PARA EL LANCE No. 16 | D74: =+D72-D73 -> 0
A76: PRECIO OFERTADO EN EL LANCE No.16 | D76: 0
A77: MARGEN MÍNIMO DE MEJORA DE OFERTA | D77: =D76*$B$9 -> 0
A78: PRECIO MÁXIMO PARA EL LANCE No. 17 | D78: =+D76-D77 -> 0
A80: PRECIO OFERTADO EN EL LANCE No.17 | D80: 0
A81: MARGEN MÍNIMO DE MEJORA DE OFERTA | D81: =D80*$B$9 -> 0
A82: PRECIO MÁXIMO PARA EL LANCE No. 18 | D82: =+D80-D81 -> 0
A84: PRECIO OFERTADO EN EL LANCE No.18 | D84: 0
A85: MARGEN MÍNIMO DE MEJORA DE OFERTA | D85: =D84*$B$9 -> 0
A86: PRECIO MÁXIMO PARA EL LANCE No. 19 | D86: =+D84-D85 -> 0
A88: PRECIO OFERTADO EN EL LANCE No.19 | D88: 0
A89: MARGEN MÍNIMO DE MEJORA DE OFERTA | D89: =D88*$B$9 -> 0
A90: PRECIO MÁXIMO PARA EL LANCE No. 20 | D90: =+D88-D89 -> 0
A92: PRECIO OFERTADO EN EL LANCE No. 20 | D92: 0
A93: MARGEN MÍNIMO DE MEJORA DE OFERTA | D93: =D92*$B$9 -> 0
A94: PRECIO MÁXIMO PARA EL LANCE No. 21 | D94: =+D92-D93 -> 0

Sheet D. Lances - SIP
E1: =Instructivo!F1 -> Sistema de Gestión Integral (SGI) Instructivo - Componente Financiero EP Código: F-PGC-21. Versión: 05 | J1: Instructivo
E2: Hoja "Subasta inversa presencial - Lances de precios"
B5: CORANTIOQUIA
B6: FORMULARIO NRO. 1 PARA LANCES DE PRECIOS
B8: PROCESO: | C8: Selección Abreviada Subasta Inversa N° ______ de _________
B9: NÚMERO DE PROCESO: | F9: LOTE:
B10: OBJETO:
B12: CLAVE DEL OFERENTE:
B14: NRO DE LANCE:
B16: VALOR DEL LANCE: | C16: $
B18: NOMBRE:
B20: FIRMA:
B28: CORANTIOQUIA
B29: FORMULARIO NRO. 1 PARA LANCES DE PRECIOS
B31: PROCESO: | C31: Selección Abreviada Subasta Inversa N° ______ de _________
B32: NÚMERO DE PROCESO: | F32: LOTE:
B33: OBJETO:
B35: CLAVE DEL OFERENTE:
B37: NRO DE LANCE:
B39: VALOR DEL LANCE: | C39: $
B41: NOMBRE:
B43: FIRMA:

Sheet DD. Lances - SIP
E1: =Instructivo!F1 -> Sistema de Gestión Integral (SGI) Instructivo - Componente Financiero EP Código: F-PGC-21. Versión: 05 | J1: Instructivo
E2: Hoja "Subasta inversa presencial - Declinación de lances"
B6: CORANTIOQUIA
B7: FORMULARIO NRO. 2 MANIFESTACIÓN EN FORMA CLARA Y EXPRESA DE QUE NO SE PRESENTARÁ NI EFECTUARÁ MÁS LANCES
B9: PROCESO: | C9: Selección Abreviada Subasta Inversa N° ______ de _________
B10: NÚMERO DE PROCESO: | F10: LOTE:
B11: OBJETO:
B13: CLAVE DEL OFERENTE:
B15: NRO DE LANCE:
B17: DESISTE DEL LANCE:
B19: NOMBRE:
B21: FIRMA:
B29: CORANTIOQUIA
B30: FORMULARIO NRO. 2 MANIFESTACIÓN EN FORMA CLARA Y EXPRESA DE QUE NO SE PRESENTARÁ NI EFECTUARÁ MÁS LANCES
B32: PROCESO: | C32: Selección Abreviada Subasta Inversa N° ______ de _________
B33: NÚMERO DE PROCESO: | F33: LOTE:
B34: OBJETO:
B36: CLAVE DEL OFERENTE:
B38: NRO DE LANCE:
B40: DESISTE DEL LANCE:
B42: NOMBRE:
B44: FIRMA:

Sheet Gtos DyM
B1: =Instructivo!F1 -> Sistema de Gestión Integral (SGI) Instructivo - Componente Financiero EP Código: F-PGC-21. Versión: 05
B2: Hoja "Valores de gastos de desplazamiento y manutención"
A5: AÑO VIGENTE: | B5: =Honorarios!B4 -> 2025
A6: MEMORANDO: | B6: 190-MEM2505-3559
A8: Cuatro N.1 Gastos de desplazamiento y manutención por municipio
A9: Municipio | B9: Valor total desplazamiento | C9: Valor total desplazamiento y manutención más de 4 horas sin pernocta | D9: Valor total desplazamiento y manutención con (1) una pernocta*
A10: Amaga | B10: 57000 | C10: 124000 | D10: 190000
A11: Amalfi | B11: 112000 | C11: 179000 | D11: 245000
A12: Andes | B12: 97000 | C12: 164000 | D12: 230000
A13: Angelópolis | B13: 57000 | C13: 124000 | D13: 190000
A14: Angostura | B14: 102000 | C14: 169000 | D14: 235000
A15: Anorí | B15: 137000 | C15: 204000 | D15: 270000
A16: Anzá | B16: 87000 | C16: 154000 | D16: 220000
A17: Armenia mantequilla | B17: 67000 | C17: 134000 | D17: 200000
A18: Barbosa | B18: 17000 | C18: 50000 | D18: N/A
A19: Bello | B19: 15000 | C19: 48000 | D19: N/A
A20: Belmira | B20: 67000 | C20: 134000 | D20: 200000
A21: Betania | B21: 107000 | C21: 174000 | D21: 240000
A22: Betulia | B22: 112000 | C22: 179000 | D22: 245000
A23: Briceño | B23: 112000 | C23: 179000 | D23: 245000
A24: Buriticá | B24: 92000 | C24: 159000 | D24: 225000
A25: Cáceres | B25: 233000 | C25: 300000 | D25: 366000
A26: Caicedo | B26: 112000 | C26: 179000 | D26: 245000
A27: Caldas | B27: 17000 | C27: 50000 | D27: 0
A28: Campamento | B28: 107000 | C28: 174000 | D28: 240000
A29: Caracolí | B29: 107000 | C29: 174000 | D29: 240000
A30: Caramanta | B30: 122000 | C30: 189000 | D30: 255000
A31: Carolina del Príncipe | B31: 92000 | C31: 159000 | D31: 225000
... A35: Concordia | B35: 92000 | C35: 159000 | D35: 225000
A36: Copacabana | B36: 17000 | C36: 50000 | D36: N/A
A37: Don Matías | B37: 52000 | C37: 119000 | D37: 185000
A38: Ebéjico | B38: 92000 | C38: 159000 | D38: 225000
A39: El Bagre | B39: 307000 | C39: 374000 | D39: 440000
A40: Entrerríos | B40: 72000 | C40: 139000 | D40: 205000
A41: Envigado | B41: 15000 | C41: 48000 | D41: 0
A42: Fredonia | B42: 72000 | C42: 139000 | D42: 205000
A43: Girardota | B43: 17000 | C43: 50000 | D43: N/A
A44: Gómez Plata | B44: 87000 | C44: 154000 | D44: 220000
A45: Guadalupe | B45: 97000 | C45: 164000 | D45: 230000
A46: Heliconia | B46: 87000 | C46: 154000 | D46: 220000
A47: Hispania | B47: 92000 | C47: 159000 | D47: 225000
A48: Itagüí | B48: 15000 | C48: 48000 | D48: 0
A49: Ituango | B49: 137000 | C49: 204000 | D49: 270000
A50: Jardín | B50: 122000 | C50: 189000 | D50: 255000
A51: Jericó | B51: 119000 | C51: 186000 | D51: 252000
A52: La Estrella | B52: 15000 | C52: 48000 | D52: 0
A53: La Pintada | B53: 82000 | C53: 149000 | D53: 215000
A54: Liborina | B54: 99000 | C54: 166000 | D54: 232000
A55: Maceo | B55: 102000 | C55: 169000 | D55: 235000
A56: Medellín | B56: 15000 | C56: 48000 | D56: N/A
A57: Montebello | B57: 67000 | C57: 134000 | D57: 200000
A58: Nechí | B58: 307000 | C58: 374000 | D58: 440000
A59: Olaya | B59: 87000 | C59: 154000 | D59: 220000
A60: Pueblo Rico | B60: 117000 | C60: 184000 | D60: 250000
A61: Puerto Berrío | B61: 112000 | C61: 179000 | D61: 245000
A62: Puerto Nare | B62: 127000 | C62: 194000 | D62: 260000
A63: Remedios | B63: 137000 | C63: 204000 | D63: 270000
A64: Sabanalarga | B64: 107000 | C64: 174000 | D64: 240000
A65: Sabaneta | B65: 15000 | C65: 48000 | D65: 0
A66: Salgar | B66: 92000 | C66: 159000 | D66: 225000
A67: San Andrés de Cuerquia | B67: 102000 | C67: 169000 | D67: 235000
A68: San Jerónimo | B68: 67000 | C68: 134000 | D68: 200000
... A89: Zaragoza | B89: 307000 | C89: 374000 | D89: 440000
A90: * Por cada día de pernocta adicional se reconocerán $133.000.
A91: ** El valor para reconocer por más de 4 horas sin pernocta corresponde a $67.000 y por cada pernocta $133.000. En los casos de los municipios del Área Metropolitana del Valle de Aburrá, se reconocerán $33.000 por manutención más los gastos de desplazamiento, de acuerdo con la tabla N°1; se aclara que en estos municipios está prohibido la pernocta.
A93: Tabla N.2 Gastos de desplazamiento y manutención por Territorial
A94: Territorial | B94: Promedio Valor total desplazamiento | C94: Valor total desplazamiento y manutención más de 4 horas sin pernocta | D94: Valor total desplazamiento y manutención con (1) pernocta*
A95: Aburrá Norte | B95: 16000 | C95: 49000 | D95: 0
A96: Aburrá Sur | B96: 42000 | C96: 92000 | D96: 109000
A97: Cartama | B97: 94000 | C97: 161000 | D97: 227000
A98: Citará | B98: 103000 | C98: 170000 | D98: 236000
A99: Hevéxicos | B99: 89000 | C99: 156000 | D99: 222000
A100: Panzenú | B100: 262000 | C100: 329000 | D100: 395000
A101: Tahamíes | B101: 95000 | C101: 162000 | D101: 228000
A102: Zenufaná | B102: 128000 | C102: 195000 | D102: 261000
A103: * Por cada día de pernocta adicional se reconocerán $133.000.
A104: ** El valor para reconocer por más de 4 horas sin pernocta corresponde a $67.000 y por cada pernocta $133.000. En los casos de los municipios del Área Metropolitana del Valle de Aburrá, se reconocerán $33.000 por manutención más los gastos de desplazamiento; se aclara que en estos municipios está prohibido la pernocta.
A105: *** Para la Oficina Territorial Aburra Sur, el valor promedio total desplazamiento y manutención con (1) pernocta, solo aplica para los municipios que siendo de esa jurisdicción no pertenecen al Área Metropolitana del Valle de Aburrá.
A106: *** En los municipios que se encuentren ubicados en el Área Metropolitana del Valle de Aburrá, no se autoriza a pernoctar.
A108: Cuatro N.3 Gastos de desplazamiento y manutención general
A109: Valor total desplazamiento | B109: Valor total desplazamiento y manutención más de 4 horas sin pernocta | C109: Valor total desplazamiento y manutención con (1) pernocta*
A110: 98000 | B110: 158000 | C110: 21800
A111: * Por cada día de pernocta adicional se reconocerán $120.000.
A112: ** En caso de reconocer solo gastos de manutención, se contemplará $60.000 por más de 4 horas sin pernocta y $120.000 por cada pernocta. En los casos de los municipios de Medellín, Bello, Itagüí, Sabaneta y Envigado, se reconocerá el 50% del valor de la manutención correspondiente a $30.000.
A113: *** En los municipios que se encuentren ubicados en el Área Metropolitana del Valle de Aburrá, no se autoriza a pernoctar.
A114: Se sugiere un valor de $30.000 para el trasporte entre municipios basado en el promedio valor de un solo tramo de Medellín al promedio de los municipios.

Sheet Honorarios
B1: =Instructivo!F1 -> Sistema de Gestión Integral (SGI) Instructivo - Componente Financiero EP Código: F-PGC-21. Versión: 05 | F1: Instructivo
B2: Hoja "Valores de honorarios (Prestadores de servicios)
A4: AÑO VIGENTE: | B4: 2025
A5: MEMORANDO: | B5: 190-MEM2512-8910
A7: Nivel Académico Requerido | B7: Valor mes Honorarios
A8: Asistencial | B8: 3000000
A9: Técnico | B9: 3752350
A10: Tecnólogo sin experiencia
A11: Tecnólogo | B11: 4824450
A12: Profesional | B12: 5463336
A13: Profesional especializado con experiencia | B13: 8034253
A14: Asesor o coordinador | B14: 9638479
A16: Nota
A17: El presente valor de los honorarios es el reconocido por la Corporación para la ejecución de sus contratos o convenios, cualquier cambio por parte del ejecutor en la modalidad de contratación de prestación de servicios a laboral será bajo cuenta y riesgo del este último y no podrá trasladar o solidarizar a la Corporación con la carga o gastos adicionales en los cuales incurra.

Sheet Jornal
E1: =Instructivo!F1 -> Sistema de Gestión Integral (SGI) Instructivo - Componente Financiero EP Código: F-PGC-21. Versión: 05 | J1: Instructivo
E2: Hoja "Valores de jornales"
A5: AÑO VIGENTE: | D5: 2025
A6: MEMORANDO: | D6: 190-MEM2503-2165
A7: SMMLVC: | D7: 1423500
A8: AUX TRANSPORTE MENSUAL: | D8: 200000
A10: DETERMINACIÓN DEL VALOR DEL JORNAL POR BASE
A11: Salario base en SMMLV | C11: 1 | D11: 1.25 | E11: 1.5 | F11: 1.75 | G11: 2 | H11: 3 | I11: 4 | J11: 5
A12: Salario base expresión monetaria | C12: =$D$7*C11 -> 1423500 | D12: =$D$7*D11 -> 1779375 | E12: =$D$7*E11 -> 2135250 | F12: =$D$7*F11 -> 2491125 | G12: =$D$7*G11 -> 2847000 | H12: =$D$7*H11 -> 4270500 | I12: =$D$7*I11 -> 5694000 | J12: =$D$7*J11 -> 7117500
A13: Total jornal diario a reconocer | C13: =C29/30 -> 82954.631 | D13: =D29/30 -> 101732.18 | E13: =E29/30 -> 120509.72 | F13: =F29/30 -> 139287.27 | G13: =G29/30 -> 158064.82 | H13: =H29/30 -> 225330.56 | I13: =I29/30 -> 300440.75 | J13: =J29/30 -> 375550.93
A14: Ítem | B14: Porcentaje | C14: Valor | D14: Valor | E14: Valor | F14: Valor | G14: Valor | H14: Valor | I14: Valor | J14: Valor
A15: Seguridad Social
A16: Salud (EPS) - Empleador | B16: 0.085 | C16: =$C$12*B16 -> 120997.5 | D16: =$D$12*B16 -> 151246.88 | E16: =$E$12*B16 -> 181496.25 | F16: =$F$12*B16 -> 211745.63 | G16: =$G$12*B16 -> 241995 | H16: =$H$12*B16 -> 362992.5 | I16: =$I$12*B16 -> 483990 | J16: =$J$12*B16 -> 604987.5
A17: Pensión - Empleador | B17: 0.12 | C17: =$C$12*B17 -> 170820 | D17: =$D$12*B17 -> 213525 | E17: =$E$12*B17 -> 256230 | F17: =$F$12*B17 -> 298935 | G17: =$G$12*B17 -> 341640 | H17: =$H$12*B17 -> 512460 | I17: =$I$12*B17 -> 683280 | J17: =$J$12*B17 -> 854100
A18: ARL - Riesgo V | B18: 0.0696 | C18: =$C$12*B18 -> 99075.6 | D18: =$D$12*B18 -> 123844.5 | E18: =$E$12*B18 -> 148613.4 | F18: =$F$12*B18 -> 173382.3 | G18: =$G$12*B18 -> 198151.2 | H18: =$H$12*B18 -> 297226.8 | I18: =$I$12*B18 -> 396302.4 | J18: =$J$12*B18 -> 495378
A19: Parafiscales
A20: Caja de compensación | B20: 0.04 | C20: =$C$12*B20 -> 56940 | D20: =$D$12*B20 -> 71175 | E20: =$E$12*B20 -> 85410 | F20: =$F$12*B20 -> 99645 | G20: =$G$12*B20 -> 113880 | H20: =$H$12*B20 -> 170820 | I20: =$I$12*B20 -> 227760 | J20: =$J$12*B20 -> 284700
A21: ICBF | B21: 0.03 | C21: =$C$12*B21 -> 42705 | D21: =$D$12*B21 -> 53381.25 | E21: =$E$12*B21 -> 64057.5 | F21: =$F$12*B21 -> 74733.75 | G21: =$G$12*B21 -> 85410 | H21: =$H$12*B21 -> 128115 | I21: =$I$12*B21 -> 170820 | J21: =$J$12*B21 -> 213525
A22: Sena | B22: 0.02 | C22: =$C$12*B22 -> 28470 | D22: =$D$12*B22 -> 35587.5 | E22: =$E$12*B22 -> 42705 | F22: =$F$12*B22 -> 49822.5 | G22: =$G$12*B22 -> 56940 | H22: =$H$12*B22 -> 85410 | I22: =$I$12*B22 -> 113880 | J22: =$J$12*B22 -> 142350
A23: Prestaciones sociales
A24: Cesantías | B24: 0.083333333 | C24: =($C$12+$D$8)*B24 -> 135291.67 | D24: =($D$12+$D$8)*B24 -> 164947.92 | E24: =(E12+$D$8)*$B$24 -> 194604.17 | F24: =(F12+$D$8)*$B$24 -> 224260.42 | G24: =(G12+$D$8)*$B$24 -> 253916.67 | H24: =H12*$B$24 -> 355875 | I24: =I12*$B$24 -> 474500 | J24: =J12*$B$24 -> 593125
A25: Intereses de cesantías | B25: 0.12 | C25: =C24*$B$25 -> 16235 | D25: =D24*$B$25 -> 19793.75 | E25: =E24*$B$25 -> 23352.5 | F25: =F24*$B$25 -> 26911.25 | G25: =G24*$B$25 -> 30470 | H25: =H24*$B$25 -> 42705 | I25: =I24*$B$25 -> 56940 | J25: =J24*$B$25 -> 71175
A26: Prima de servicios | B26: 0.083333333 | C26: =(C12+$D$8)*$B$26 -> 135291.67 | D26: =(D12+$D$8)*$B$26 -> 164947.92 | E26: =(E12+$D$8)*$B$26 -> 194604.17 | F26: =(F12+$D$8)*$B$26 -> 224260.42 | G26: =(G12+$D$8)*$B$26 -> 253916.67 | H26: =H12*$B$26 -> 355875 | I26: =I12*$B$26 -> 474500 | J26: =J12*$B$26 -> 593125
A27: Vacaciones | B27: =B24/2 -> 0.041666667 | C27: =C12*$B$27 -> 59312.5 | D27: =D12*$B$27 -> 74140.625 | E27: =E12*$B$27 -> 88968.75 | F27: =F12*$B$27 -> 103796.87 | G27: =G12*$B$27 -> 118625 | H27: =H12*$B$27 -> 177937.5 | I27: =I12*$B$27 -> 237250 | J27: =J12*$B$27 -> 296562.5
A28: Valor mensual prestaciones | C28: =SUM(C16:C27) -> 865138.93 | D28: =SUM(D16:D27) -> 1072590.3 | E28: =SUM(E16:E27) -> 1280041.7 | F28: =SUM(F16:F27) -> 1487493.1 | G28: =SUM(G16:G27) -> 1694944.5 | H28: =SUM(H16:H27) -> 2489416.8 | I28: =SUM(I16:I27) -> 3319222.4 | J28: =SUM(J16:J27) -> 4149028
A29: Total valor mensual | C29: =C12+$D$8+C28 -> 2488638.9 | D29: =D12+$D$8+D28 -> 3051965.3 | E29: =E12+$D$8+E28 -> 3615291.7 | F29: =F12+$D$8+F28 -> 4178618.1 | G29: =G12+$D$8+G28 -> 4741944.5 | H29: =H12+H28 -> 6759916.8 | I29: =I12+I28 -> 9013222.4 | J29: =J12+J28 -> 11266528
A31: CÁLCULO DEL FACTOR PRESTACIONAL (Para efectos de planeación)
A32: % factor prestacional | C32: =(C29-C12)/C12 -> 0.74825355 | D32: =(D29-D12)/D12 -> 0.71518951 | E32: =(E29-E12)/E12 -> 0.69314681 | F32: =(F29-F12)/F12 -> 0.67740203 | G32: =(G29-G12)/G12 -> 0.66559344 | H32: =(H29-H12)/H12 -> 0.58293333 | I32: =(I29-I12)/I12 -> 0.58293333 | J32: =(J29-J12)/J12 -> 0.58293333
A33: Jornal sin FP | C33: =C34/(1+C32) -> 47450 | D33: =D34/(1+D32) -> 59312.5 | E33: =E34/(1+E32) -> 71175 | F33: =F34/(1+F32) -> 83037.5 | G33: =G34/(1+G32) -> 94900 | H33: =H34/(1+H32) -> 142350 | I33: =I34/(1+I32) -> 189800 | J33: =J34/(1+J32) -> 237250
A34: Jornal con FP | C34: =C13 -> 82954.631 | D34: =D13 -> 101732.18 | E34: =E13 -> 120509.72 | F34: =F13 -> 139287.27 | G34: =G13 -> 158064.82 | H34: =H13 -> 225330.56 | I34: =I13 -> 300440.75 | J34: =J13 -> 375550.93
A36: Notas:
A37: Código Sustantivo del Trabajo Artículo 133. Jornal y sueldo: “Se denomina jornal el salario estipulado por días, y sueldo el estipulado por períodos mayores.”
A38: Independientemente la forma de pago pactada con el trabajador, en ningún caso el trabajador puede devengar un salario inferior al salario mínimo legal establecido, teniendo en cuenta también que los aportes a seguridad social y las acreencias laborales se siguen causando ya que las formas de pago no infieren en el desconocimiento de los derechos ciertos e indiscutibles de los trabajadores.
A40: Pago SS por cada jornal a cargo del trabajador
A41: Salud | B41: 0.125 | C41: =C33*$B$41 -> 5931.25 | D41: =D33*$B$41 -> 7414.0625 | E41: =E33*$B$41 -> 8896.875 | F41: =F33*$B$41 -> 10379.688 | G41: =G33*$B$41 -> 11862.5 | H41: =H33*$B$41 -> 17793.75 | I41: =I33*$B$41 -> 23725 | J41: =J33*$B$41 -> 29656.25
A42: Pensión | B42: 0.16 | C42: =C33*$B$42 -> 7592 | D42: =D33*$B$42 -> 9490 | E42: =E33*$B$42 -> 11388 | F42: =F33*$B$42 -> 13286 | G42: =G33*$B$42 -> 15184 | H42: =H33*$B$42 -> 22776 | I42: =I33*$B$42 -> 30368 | J42: =J33*$B$42 -> 37960
A43: ARL | B43: =B18 -> 0.0696 | C43: =C33*$B$43 -> 3302.52 | D43: =D33*$B$43 -> 4128.15 | E43: =E33*$B$43 -> 4953.78 | F43: =F33*$B$43 -> 5779.41 | G43: =G33*$B$43 -> 6605.04 | H43: =H33*$B$43 -> 9907.56 | I43: =I33*$B$43 -> 13210.08 | J43: =J33*$B$43 -> 16512.6
A44: Pago a entidades SS | C44: =SUM(C41:C43) -> 16825.77 | D44: =SUM(D41:D43) -> 21032.212 | E44: =SUM(E41:E43) -> 25238.655 | F44: =SUM(F41:F43) -> 29445.097 | G44: =SUM(G41:G43) -> 33651.54 | H44: =SUM(H41:H43) -> 50477.31 | I44: =SUM(I41:I43) -> 67303.08 | J44: =SUM(J41:J43) -> 84128.85

Sheet Salarios
B1: =Instructivo!F1 -> Sistema de Gestión Integral (SGI) Instructivo - Componente Financiero EP Código: F-PGC-21. Versión: 05 | F1: Instructivo
B2: Hoja "Valores de salarios"
A5: AÑO VIGENTE: | B5: 2025
A6: DECRETO NACIONAL: | B6: 611 de 2025-06-03
A8: Salarios percibidos por el personal con vinculación laboral en la corporación, estos valores se utilizan únicamente para cuantificar el aporte en especie corporativo de su personal, en los casos que aplique.
A10: Salarios personal vinculado laboralmente a la corporación
A11: Cargo | B11: Salario mensual 2025 | C11: Proyección Salario mensual 2026 | D11: Salario mensual con factor prestacional | E11: Salario diario con factor prestacional | F11: Salario por hora con factor prestacional
A12: Asistencial 5 | B12: 0 | C12: =B12*1.1088 -> 0 | D12: =C12*1.67 -> 0 | E12: =D12/21 -> 0 | F12: =E12/8.8 -> 0
A13: Asistencial 6 | B13: 1423500 | C13: =B13*1.1088 -> 1578376.8 | D13: =C13*1.67 -> 2635889.3 | E13: =D13/21 -> 125518.54 | F13: =E13/8.8 -> 14263.47
A14: Asistencial 7 | B14: 1527564 | C14: =B14*1.1088 -> 1693763 | D14: =C14*1.67 -> 2828584.1 | E14: =D14/21 -> 134694.48 | F14: =E14/8.8 -> 15306.191
A15: Asistencial 8 | B15: 1618569 | C15: =B15*1.1088 -> 1794669.3 | D15: =C15*1.67 -> 2997097.7 | E15: =D15/21 -> 142718.94 | F15: =E15/8.8 -> 16218.061
A16: Asistencial 9 | B16: 1721822 | C16: =B16*1.1088 -> 1909156.2 | D16: =C16*1.67 -> 3188290.9 | E16: =D16/21 -> 151823.38 | F16: =E16/8.8 -> 17252.656
A17: Asistencial 10 | B17: 1892480 | C17: =B17*1.1088 -> 2098381.8 | D17: =C17*1.67 -> 3504297.6 | E17: =D17/21 -> 166871.32 | F17: =E17/8.8 -> 18962.65
A18: Asistencial 11 | B18: 2042712 | C18: =B18*1.1088 -> 2264959.1 | D18: =C18*1.67 -> 3782481.6 | E18: =D18/21 -> 180118.17 | F18: =E18/8.8 -> 20467.974
A19: Asistencial 12 | B19: 2193336 | C19: =B19*1.1088 -> 2431971 | D19: =C19*1.67 -> 4061391.5 | E19: =D19/21 -> 193399.6 | F19: =E19/8.8 -> 21977.227
A20: Asistencial 13 | B20: 2264237 | C20: =B20*1.1088 -> 2510586 | D20: =C20*1.67 -> 4192678.6 | E20: =D20/21 -> 199651.36 | F20: =E20/8.8 -> 22687.655
A21: Asistencial 14 | B21: 2313840 | C21: =B21*1.1088 -> 2565585.8 | D21: =C21*1.67 -> 4284528.3 | E21: =D21/21 -> 204025.16 | F21: =E21/8.8 -> 23184.677
A22: Asistencial 15 | B22: 2385758 | C22: =B22*1.1088 -> 2645328.5 | D22: =C22*1.67 -> 4417698.5 | E22: =D22/21 -> 210366.6 | F22: =E22/8.8 -> 23905.295
A23: Asistencial 16 | B23: 2491836 | C23: =B23*1.1088 -> 2762947.8 | D23: =C23*1.67 -> 4614122.8 | E23: =D23/21 -> 219720.13 | F23: =E23/8.8 -> 24968.197
... A120: Directivo 28 | B120: 21623851 | C120: =B120*1.1088 -> 23976526 | D120: =C120*1.67 -> 40040798 | E120: =D120/21 -> 1906704.7 | F120: =E120/8.8 -> 216670.99

Sheet Alimentación
B1: =Instructivo!F1 -> Sistema de Gestión Integral (SGI) Instructivo - Componente Financiero EP Código: F-PGC-21. Versión: 05 | F1: Instructivo
B2: Hoja "Valores de alimentación"
A10: Año vigente: | B10: 2025
A11: Memorando: | B11: 190-MEM2510-7726
A13: Relación de costos a considerar en actividades comunitarias de convenios, contratos o actividades propias, de acuerdo con el Lineamientos Suministro Alimentacion Logistica Eventos (G-PGC-01)
A15: Según el memorando 040OC-MEM2510-7598, el presupuesto oficial se calcula con base en los gastos históricos para este tipo de adquisiciones. En aras de preservar los principios de transparencia, eficiencia y responsabilidad en el gasto público, el contratista o conveniante, previo al inicio de su proceso interno de contratación con los proveedores, debe presentar un estudio de mercado que contemple como mínimo tres cotizaciones y con un análisis de precios unitarios de cada bien o servicio a ejecutar. Dicho estudio es objeto de revisión y aprobación por parte de la supervisión del contrato o convenio, quien verifica la razonabilidad de los valores propuestos, asegurando que la selección del proveedor responda a criterios de precio, calidad y experiencia.
A17: De conformidad con el memorando 190-MEM2510-7726 y la Guia de Elaboración de Estudios de Sector los estudios de mercado o del sector se pueden realizar tres (3) metodologías: I) Sondeos de mercado II) Revisión de bases de datos especializadas III) Revisión de precios históricos.

Sheet Distintivos
B1: =Instructivo!F1 -> Sistema de Gestión Integral (SGI) Instructivo - Componente Financiero EP Código: F-PGC-21. Versión: 05 | E1: Instructivo
B2: Hoja "Valores de distintivos corporativos"
A5: Año vigente: | B5: 2025
A6: Memorando: | B6: 040OC-MEM2510-7598 190-MEM2510-7726
A8: Según el memorando 040OC-MEM2510-7598, el presupuesto oficial se calcula con base en los gastos históricos para este tipo de adquisiciones. En aras de preservar los principios de transparencia, eficiencia y responsabilidad en el gasto público, el contratista o conveniante, previo al inicio de su proceso interno de contratación con los proveedores, debe presentar un estudio de mercado que contemple como mínimo tres cotizaciones y con un análisis de precios unitarios de cada bien o servicio a ejecutar. Dicho estudio es objeto de revisión y aprobación por parte de la supervisión del contrato o convenio, quien verifica la razonabilidad de los valores propuestos, asegurando que la selección del proveedor responda a criterios de precio, calidad y experiencia. Con lo anterior, se busca garantizar que los procesos contractuales asociados a los distintivos corporativos se desarrollen conforme a las condiciones reales del mercado y bajo los principios de economía y transparencia que orientan la gestión pública.
A10: De conformidad con el memorando 190-MEM2510-7726 y la Guia de Elaboración de Estudios de Sector los estudios de mercado o del sector se pueden realizar tres (3) metodologías: I) Sondeos de mercado II) Revisión de bases de datos especializadas III) Revisión de precios históricos.

Sheet Cuantías
B1: =Instructivo!F1 -> Sistema de Gestión Integral (SGI) Instructivo - Componente Financiero EP Código: F-PGC-21. Versión: 05 | F1: Instructivo
B2: Hoja "Cuantías para contratar"
A5: AÑO VIGENTE: | B5: =Honorarios!B4 -> 2025
A6: CIRCULAR: | B6: 190-ACT2312-7519
A8: SMMLVC | B8: =Jornal!D7 -> 1423500
A9: Presupuesto corporativo | B9: 164498279934
A11: De conformidad con el literal b, artículo 2 de la Ley 1150 de 2007 adicionado por el artículo 274 de la Ley 1450 de 2011, en consonancia con lo dispuesto en el artículo 2.2.1.2.1.5.2 del Decreto 1082 de 2015; las cuantías para los diferentes procesos de selección que debe adelantar la Corporación quedarán de la siguiente manera:
A13: CUANTÍAS PARA CONTRATAR
A14: Modalidad | B14: Límite inferior | C14: Límite inferior
A15: Mínima cuantía | B15: 1 | C15: 58500000
A16: Menor cuantía | B16: 58500001 | C16: 585000000
A17: Licitación pública | B17: 585000001 | C17: En adelante

Sheet Apoyo
B1: =Instructivo!F1 -> Sistema de Gestión Integral (SGI) Instructivo - Componente Financiero EP Código: F-PGC-21. Versión: 05 | D1: Instructivo
B2: Hoja "Documentos de apoyo"
A5: NORMATIVIDAD
A6: Norma | B6: Fecha | C6: Título
A7: Ley 80 de 1993 | B7: 34270 | C7: Por la cual se expide el Estatuto General de Contratación de la Administración Pública
A8: Ley 816 de 2003 | B8: 37809 | C8: Por medio de la cual se apoya a la industria nacional a través de la contratación pública
A9: Ley 905 de 2004 | B9: 38201 | C9: Por medio de la cual se modifica la Ley 590 de 2000 sobre promoción del desarrollo de la micro, pequeña y mediana empresa colombiana y se dictan otras disposiciones
A10: Ley 1106 de 2006 | B10: 39053 | C10: Por medio de la cual se prorroga la vigencia de la Ley 418 de 1997 prorrogada y modificada por las Leyes 548 de 1999 y 782 de 2002 y se modifican algunas de sus disposiciones.
A11: Ley 1150 de 2007 | B11: 39279 | C11: Por medio de la cual se introducen medidas para la eficiencia y la transparencia en la Ley 80 de 1993 y se dictan otras disposiciones generales sobre la contratación con Recursos Públicos
A12: Ley 1697 de 2013 | B12: 41628 | C12: Por la cual se crea la estampilla Pro Universidad Nacional de Colombia y demás universidades estatales de Colombia.
A13: Ley 2022 de 2020 | B13: 44034 | C13: Por la cual modifica el artículo 4 de la ley 1882 de 2018 y se dictan otras disposiciones
A14: Decreto 4170 de 2011 | B14: 40850 | C14: Por el cual se crea la Agencia Nacional de Contratación Pública –Colombia Compra Eficiente–, se determinan sus objetivos y estructura.
A15: Decreto 1510 de 2013 | B15: 41472 | C15: Por el cual se reglamenta el sistema de compras y contratación pública.
A16: Decreto1082 de 2015 | B16: 42181 | C16: Por medio del cual se expide el decreto único reglamentario del sector administrativo de planeación nacional
A17: Decreto 310 de 2021 | B17: 44280 | C17: Por el cual se reglamenta el artículo 41 de la Ley 1955 de 2019, sobre las condiciones para implementar la obligatoriedad y aplicación de los Acuerdos Marco de Precios y se modifican los artículos 2.2.1.2.1.2.7. Y 2.2.1.2.1.2.12. del Decreto 1082 de 2015, Único Reglamentario del Sector Administrativo de Planeación Nacional
A18: Decreto 399 de 2021 | B18: 44299 | C18: Por el cual se modifican los artículos 2.2.1.1.2.1.1., 2.2.1.2.1.3.2. Y 2.2.1.2.3.1.14., Y se adicionan unos parágrafos transitorios a los artículos 2.2.1.1.1.5.2., 2.2.1.1.1.5.6. Y 2.2.1.1.1.6.2. del Decreto 1082 de 2015, Único Reglamentario del Sector Administrativo de Planeación Nacional
... A23: Decreto 442 de 2022 | B23: 44648 | C23: Por el cual se modifica el Decreto 1082 de 2015, Único Reglamentario del Sector Administrativo de Planeación Nacional, con el fin de reglamentar el artículo 36 de la Ley 2069 de 2020 en lo relativo a la promoción de las compras públicas de tecnología e innovación
A25: GUÍAS Y MANUALES (Colombia Compra Eficiente)
A26: Título | C26: Ruta
A27: Guía para Determinar y Verificar la Capacidad Residual del Proponente en los Procesos de Contratación de Obra Pública | C27: https://colombiacompra.gov.co/manuales-guias-y-pliegos-tipo/manuales-y-guias/guia-para-determinar-y-verificar-la-capacidad
A28: Guía para el manejo de ofertas artificialmente bajas en Procesos de Contratación | C28: https://colombiacompra.gov.co/manuales-guias-y-pliegos-tipo/manuales-y-guias/guia-para-el-manejo-de-ofertas-artificialmente-bajas
A29: Guía para la contratación con entidades privadas sin ánimo de lucro y de reconocida idoneidad | C29: https://colombiacompra.gov.co/sites/cce_public/files/cce_documents/cce_guia_esal.pdf
A30: Guía para la Elaboración de Estudios de Sector | C30: https://www.colombiacompra.gov.co/manuales-guias-y-pliegos-tipo/manuales-y-guias/guia-para-la-elaboracion-de-estudios-de-sector
A31: Manual para determinar y verificar los requisitos habilitantes en los Procesos de Contratación | C31: https://colombiacompra.gov.co/manuales-guias-y-pliegos-tipo/manuales-y-guias/manual-para-determinar-y-verificar-los-requisitos
A32: Para acceder a todos los manuales, guías y documentos tipo de Colombia Compra Eficiente, acceder a la ruta: https://colombiacompra.gov.co/manuales-guias-y-pliegos-tipo/manuales-y-guias
A34: CONCEPTOS
A35: Entidad | B35: Fecha | C35: Tema
A36: Colombia Compra Eficiente | B36: 43935 | C36: Trabajos materiales sobre bienes inmuebles (inmuebles por adhesión) como obra pública
A37: Consejo de Estado | B37: 43348 | C37: Los contratos de prestación de servicios de mantenimiento por arreglos locativos sobre bienes inmuebles son contratos de obra
A38: Contraloría general de Medellín | B38: 43634 | C38: Posición respecto el reconocimiento y pago de los recursos establecidos como imprevistos (I) y Administración (A)
A39: DIAN | B39: 44237 | C39: Obligación de expedir factura de venta en convenios
A41: DIRECTRICES INTERNAS
A42: Radicado | B42: Fecha | C42: Tema
A43: Resolución 1202 - 16601 | B43: 40940 | C43: Procedimiento interno para la conformación de los comités asesores y evaluadores
A44: MN-FAF-01 | B44: V 17 - 09/2018 | C44: Manual de contratación
A45: 180-MEM1902-1392 | B45: 43514 | C45: Lineamientos en materia de supervisión e interventoría de contratos tipo bolsa
A46: 180-MEM1905-4400 | B46: 43613 | C46: Obligaciones a tener en cuenta en los convenios suscritos por la corporación (apertura de cuenta de ahorros y reintegro de rendimientos financieros)
A47: 180-MEM2102-888 | B47: 44237 | C47: Conocimiento y aplicación de normas que modifican actuaciones en materia de contratación estatal
A48: 180-MEM2104-2897 | B48: 44312 | C48: Socialización concepto C-150 de 2021 - Contratación directa
A49: 180-MEM2110-7038 | B49: 44483 | C49: Reconocimiento de viáticos en los contratos de prestación de servicios con personas naturales

Sheet Obra&K
B1: =Instructivo!F1 -> Sistema de Gestión Integral (SGI) Instructivo - Componente Financiero EP Código: F-PGC-21. Versión: 05 | D1: Instructivo
B2: Hoja "Información procesos de obra pública y capacidad residual (K)
A5: ¿Qué son los contratos de obra?
A6: El artículo 32 de la Ley 80 de 1993, establece, "Son contratos estatales todos los actos jurídicos generadores de obligaciones que celebren las entidades a que se refiere el presente estatuto, previstos en el derecho privado o en disposiciones especiales, o derivados del ejercicio de la autonomía de la voluntad, así como los que, a título enunciativo, se definen a continuación: 1°. Contrato de Obra. Son contratos de obra los que celebren las entidades estatales para la construcción, mantenimiento, instalación y, en general, para la realización de cualquier otro trabajo material sobre bienes inmuebles, cualquiera que sea la modalidad de ejecución y apoyo. En los contratos de obra que hayan sido celebrados como resultado de un proceso de licitación o públicos, la interventoría deberá ser contratada con una persona independiente de la entidad contratante y del contratista, quien responderá por los hechos y omisiones que le fueren imputables en los términos previstos en el artículo 53 del presente estatuto".
A7: Fuente: Ley 80 de 1993
A9: ¿Sobre qué tipos de bienes inmuebles aplican los contratos de obra pública?
A10: Los contratos de obra pública aplican sobre los siguientes tipos de bienes inmuebles,
A11: Inmuebles por naturaleza. Inmuebles o fincas o bienes raíces son las cosas que no pueden transportarse de un lugar a otro; como las tierras y minas, y las que adhieren permanentemente a ellas, como los edificios, los árboles, las casas y veredas se llaman predios o fundos.(Art. 656 Código civil)
A12: Inmuebles por adhesión. Las plantas son inmuebles, mientras adhieren al suelo por sus raíces, a menos que estén en macetas o cajones que puedan transportarse de un lugar a otro. (Art. 657 Código civil)
